Workbook

Sheet Sheet1
A1: Construction Delays and Cost Overruns in Public Construction in Jordan
A6: Extremely Significant (5) Continual
A7: Very Significant (4) Frequent
A8: Moderately Significant (3) Occasional
A9: Slightly Significant (2) Rare
A10: Not Significant (1) Never
B12: Q1 | E12: Q2 | H12: Q3 | K12: Q4 | N12: Q5 | Q12: Q6 | T12: Q7 | W12: Q8 | Z12: Q9 | AC12: Q10 | AF12: Q11 | AI12: Q12 | AL12: Q13 | AO12: Q14 | AR12: Q15 | AU12: Q16 | AX12: Q17 | BA12: Q18 | BD12: Q19 | BG12: Q20 | BJ12: Q21 | BM12: Q22 | BP12: Q23 | BS12: Q24 | BV12: Q25 | BY12: Q26 | CB12: Q27 | CE12: Q28 | CH12: Q29 | CK12: Q30
A13: Date Information Collected | B13: 40789 | E13: 40789 | H13: 40789 | K13: 40789 | N13: 3/9/2011 | Q13: 3/9/2011 | T13: 40789 | W13: 40789 | Z13: 40789 | AC13: 40789 | AF13: 40789 | AI13: 40789 | AL13: 40789 | AO13: 40789 | AR13: 40789 | AU13: 40789 | AX13: 40789 | BA13: 40789 | BD13: 14/3/2011 | BG13: 14/3/2011 | BJ13: 14/3/2011 | BM13: 14/3/2011 | BP13: 14/3/2011 | BS13: 14/3/2011 | BV13: 14/3/2011 | BY13: 14/3/2011 | CB13: 14/3/2011 | CE13: 14/3/2011 | CH13: 14/3/2011 | CK13: 14/3/2011
A14: Name of organization | B14: Ministry of Public Works and Housing | E14: Ministry of Public Works and Housing | H14: Ministry of Public Works and Housing | K14: Ministry of Public Works and Housing | N14: Ministry of Public Works and Housing | Q14: Ministry of Public Works and Housing | T14: Ministry of Public Works and Housing | W14: Ministry of Public Works and Housing | Z14: Ministry of Public Works and Housing | AC14: Ministry of Public Works and Housing | AF14: Ministry of Public Works and Housing | AI14: Ministry of Public Works and Housing | AL14: Ministry of Public Works and Housing | AO14: Ministry of Public Works and Housing | AR14: Ministry of Public Works and Housing | AU14: Ministry of Public Works and Housing | AX14: Ministry of Public Works and Housing | BA14: Ministry of Public Works and Housing | BD14: Ministry of building works and housing | BG14: Ministry of building works and housing | BJ14: Ministry of building works and housing | BM14: Ministry of building works and housing | BP14: Ministry of building works and housing | BS14: Ministry of building works and housing | BV14: Ministry of building works and housing | BY14: Ministry of building works and housing | CB14: Ministry of building works and housing | CE14: Ministry of building works and housing | CH14: Ministry of building works and housing | CK14: Ministry of building works and housing
A15: Major type of work involved | B15: Buliding | E15: Buliding | H15: Buliding | K15: Buliding | N15: Buliding | Q15: Buliding | T15: Buliding | W15: Buliding | Z15: Buliding | AC15: Buliding | AF15: Buliding | AI15: Buliding | AL15: Buliding | AO15: Buliding | AR15: Buliding | AU15: Buliding | AX15: Buliding | BA15: Buliding | BD15: Roads | BG15: Roads | BJ15: Roads | BM15: Roads | BP15: Quantity Devission | BS15: Roads | BV15: Studies | BY15: Roads | CB15: Buildings | CE15: Buildings | CH15: Roads | CK15: Buildings
A16: Contact Person | B16: NA | E16: NA | H16: NA | K16: NA | N16: NA | Q16: NA | T16: NA | W16: NA | Z16: NA | AC16: NA | AF16: NA | AI16: NA | AL16: NA | AO16: NA | AR16: NA | AU16: NA | AX16: NA | BA16: NA | BD16: NA | BG16: NA | BJ16: NA | BM16: Eng.Zaid Khanjar | BP16: Eng.Abeer Nusirat | BS16: NA | BV16: NA | BY16: NA | CB16: NA | CE16: NA | CH16: NA | CK16: NA
A17: Relevant working experience (years) | B17: 3 | E17: 1 | H17: 1 | K17: NA | N17: 9 | Q17: 12 | T17: NA | W17: NA | Z17: 6 | AC17: 2 | AF17: 20 | AI17: 6 | AL17: 4 | AO17: NA | AR17: 2 | AU17: 8 | AX17: 20 | BA17: NA | BD17: 11 | BG17: 1 | BJ17: 15 | BM17: 4 | BP17: 10 | BS17: 7 | BV17: NA | BY17: 10 | CB17: 20 | CE17: 5 | CH17: 9 | CK17: 10
A18: Delay Variables | B18: Importance | C18: Frequency | E18: Importance | F18: Frequency | H18: Importance | I18: Frequency | K18: Importance | L18: Frequency | N18: Importance | O18: Frequency | Q18: Importance | R18: Frequency | T18: Importance | U18: Frequency | W18: Importance | X18: Frequency | Z18: Importance | AA18: Frequency | AC18: Importance | AD18: Frequency | AF18: Importance | AG18: Frequency | AI18: Importance | AJ18: Frequency | AL18: Importance | AM18: Frequency | AO18: Importance | AP18: Frequency | AR18: Importance | AS18: Frequency | AU18: Importance | AV18: Frequency | AX18: Importance | AY18: Frequency | BA18: Importance | BB18: Frequency | BD18: Importance | BE18: Frequency | BG18: Importance | BH18: Frequency | BJ18: Importance | BK18: Frequency | BM18: Importance | BN18: Frequency | BP18: Importance | BQ18: Frequency | BS18: Importance | BT18: Frequency | BV18: Importance | BW18: Frequency | BY18: Importance | BZ18: Frequency | CB18: Importance | CC18: Frequency | CE18: Importance | CF18: Frequency | CH18: Importance | CI18: Frequency | CK18: Importance | CL18: Frequency
A19: Labor ( L )
A20: Shortage of manpower | B20: 4 | C20: 4 | D20: 0.64 | E20: 5 | F20: 2 | G20: 0.4 | H20: 5 | I20: 2 | J20: 0.4 | K20: 3 | L20: 2 | M20: 0.24 | N20: 5 | O20: 2 | P20: 0.4 | Q20: 5 | R20: 4 | S20: 0.8 | T20: 5 | U20: 2 | V20: 0.4 | W20: 3 | X20: 3 | Y20: 0.36 | Z20: 5 | AA20: 5 | AB20: 1 | AC20: 3 | AD20: 3 | AE20: 0.36 | AF20: 4 | AG20: 3 | AH20: 0.48 | AI20: 1 | AJ20: 2 | AK20: 0.08 | AL20: 5 | AM20: 2 | AN20: 0.4 | AO20: 3 | AP20: 2 | AQ20: 0.24 | AR20: 1 | AS20: 2 | AT20: 0.08 | AU20: 1 | AV20: 2 | AW20: 0.08 | AX20: 1 | AY20: 2 | AZ20: 0.08 | BA20: 1 | BB20: 1 | BC20: 0.04 | BD20: 5 | BE20: 1 | BF20: 0.2 | BG20: 5 | BH20: 3 | BI20: 0.6 | BJ20: 5 | BK20: 3 | BL20: 0.6 | BM20: 4 | BN20: 4 | BO20: 0.64 | BP20: 3 | BQ20: 3 | BR20: 0.36 | BS20: 5 | BT20: 3 | BU20: 0.6 | BV20: 1 | BW20: 1 | BX20: 0.04 | BY20: 5 | BZ20: 3 | CA20: 0.6 | CB20: 4 | CC20: 3 | CD20: 0.48 | CE20: 4 | CF20: 3 | CG20: 0.48 | CH20: 5 | CI20: 4 | CJ20: 0.8 | CK20: 5 | CL20: 3 | CM20: 0.6 | CN20: 0.74 | CO20: 0.52666667 | CQ20: 0.38973333
A21: Presence of unskilled labors | B21: 3 | C21: 3 | D21: 0.36 | E21: 5 | F21: 3 | G21: 0.6 | H21: 5 | I21: 2 | J21: 0.4 | K21: 2 | L21: 2 | M21: 0.16 | N21: 5 | O21: 3 | P21: 0.6 | Q21: 5 | R21: 4 | S21: 0.8 | T21: 3 | U21: 3 | V21: 0.36 | W21: 5 | X21: 5 | Y21: 1 | Z21: 5 | AA21: 3 | AB21: 0.6 | AC21: 2 | AD21: 2 | AE21: 0.16 | AF21: 4 | AG21: 2 | AH21: 0.32 | AI21: 1 | AJ21: 2 | AK21: 0.08 | AL21: 5 | AM21: 3 | AN21: 0.6 | AO21: 2 | AP21: 2 | AQ21: 0.16 | AR21: 1 | AS21: 2 | AT21: 0.08 | AU21: 1 | AV21: 2 | AW21: 0.08 | AX21: 1 | AY21: 2 | AZ21: 0.08 | BA21: 4 | BB21: 2 | BC21: 0.32 | BD21: 5 | BE21: 3 | BF21: 0.6 | BG21: 5 | BH21: 4 | BI21: 0.8 | BJ21: 5 | BK21: 4 | BL21: 0.8 | BM21: 4 | BN21: 4 | BO21: 0.64 | BP21: 4 | BQ21: 5 | BR21: 0.8 | BS21: 4 | BT21: 4 | BU21: 0.64 | BV21: 2 | BW21: 2 | BX21: 0.16 | BY21: 5 | BZ21: 4 | CA21: 0.8 | CB21: 5 | CC21: 2 | CD21: 0.4 | CE21: 5 | CF21: 5 | CG21: 1 | CH21: 4 | CI21: 3 | CJ21: 0.48 | CK21: 5 | CL21: 5 | CM21: 1 | CN21: 0.74666667 | CO21: 0.61333333 | CQ21: 0.45795556
D22: 0 | G22: 0 | J22: 0 | M22: 0 | P22: 0 | S22: 0 | V22: 0 | Y22: 0 | AB22: 0 | AE22: 0 | AH22: 0 | AK22: 0 | AN22: 0 | AQ22: 0 | AT22: 0 | AW22: 0 | AZ22: 0 | BC22: 0 | BF22: 0 | BI22: 0 | BL22: 0 | BO22: 0 | BR22: 0 | BU22: 0 | BX22: 0 | CA22: 0 | CD22: 0 | CG22: 0 | CJ22: 0 | CM22: 0
A23: Materials ( M ) | D23: 0 | G23: 0 | J23: 0 | M23: 0 | P23: 0 | S23: 0 | V23: 0 | Y23: 0 | AB23: 0 | AE23: 0 | AH23: 0 | AK23: 0 | AN23: 0 | AQ23: 0 | AT23: 0 | AW23: 0 | AZ23: 0 | BC23: 0 | BF23: 0 | BI23: 0 | BL23: 0 | BO23: 0 | BR23: 0 | BU23: 0 | BX23: 0 | CA23: 0 | CD23: 0 | CG23: 0 | CJ23: 0 | CM23: 0
A24: Shortage of materials | B24: 2 | C24: 2 | D24: 0.16 | E24: 5 | F24: 1 | G24: 0.2 | H24: 5 | I24: 1 | J24: 0.2 | K24: 5 | L24: 5 | M24: 1 | N24: 4 | O24: 3 | P24: 0.48 | Q24: 5 | R24: 4 | S24: 0.8 | T24: 5 | U24: 2 | V24: 0.4 | W24: 1 | X24: 1 | Y24: 0.04 | Z24: 5 | AA24: 5 | AB24: 1 | AC24: 5 | AD24: 5 | AE24: 1 | AF24: 4 | AG24: 2 | AH24: 0.32 | AI24: 3 | AJ24: 1 | AK24: 0.12 | AL24: 4 | AM24: 2 | AN24: 0.32 | AO24: 5 | AP24: 4 | AQ24: 0.8 | AR24: 3 | AS24: 1 | AT24: 0.12 | AU24: 3 | AV24: 1 | AW24: 0.12 | AX24: 3 | AY24: 1 | AZ24: 0.12 | BA24: 1 | BB24: 1 | BC24: 0.04 | BD24: 4 | BE24: 1 | BF24: 0.16 | BG24: 5 | BH24: 1 | BI24: 0.2 | BJ24: 2 | BK24: 1 | BL24: 0.08 | BM24: 5 | BN24: 4 | BO24: 0.8 | BP24: 5 | BQ24: 3 | BR24: 0.6 | BS24: 2 | BT24: 1 | BU24: 0.08 | BV24: 1 | BW24: 1 | BX24: 0.04 | BY24: 5 | BZ24: 2 | CA24: 0.4 | CB24: 3 | CC24: 5 | CD24: 0.6 | CE24: 5 | CF24: 2 | CG24: 0.4 | CH24: 2 | CI24: 5 | CJ24: 0.4 | CK24: 5 | CL24: 2 | CM24: 0.4 | CN24: 0.74666667 | CO24: 0.46666667 | CQ24: 0.34844444
A25: Delay in materials delivery | B25: 1 | C25: 3 | D25: 0.12 | E25: 4 | F25: 3 | G25: 0.48 | H25: 3 | I25: 2 | J25: 0.24 | K25: 4 | L25: 3 | M25: 0.48 | N25: 4 | O25: 3 | P25: 0.48 | Q25: 5 | R25: 4 | S25: 0.8 | T25: 4 | U25: 3 | V25: 0.48 | W25: 1 | X25: 1 | Y25: 0.04 | Z25: 5 | AA25: 5 | AB25: 1 | AC25: 4 | AD25: 4 | AE25: 0.64 | AF25: 3 | AG25: 2 | AH25: 0.24 | AI25: 1 | AJ25: 3 | AK25: 0.12 | AL25: 4 | AM25: 2 | AN25: 0.32 | AO25: 4 | AP25: 3 | AQ25: 0.48 | AR25: 1 | AS25: 3 | AT25: 0.12 | AU25: 1 | AV25: 3 | AW25: 0.12 | AX25: 1 | AY25: 3 | AZ25: 0.12 | BA25: 1 | BB25: 1 | BC25: 0.04 | BD25: 4 | BE25: 3 | BF25: 0.48 | BG25: 5 | BH25: 1 | BI25: 0.2 | BJ25: 5 | BK25: 1 | BL25: 0.2 | BM25: 5 | BN25: 4 | BO25: 0.8 | BP25: 3 | BQ25: 5 | BR25: 0.6 | BS25: 5 | BT25: 2 | BU25: 0.4 | BV25: 2 | BW25: 4 | BX25: 0.32 | BY25: 5 | BZ25: 2 | CA25: 0.4 | CB25: 3 | CC25: 4 | CD25: 0.48 | CE25: 2 | CF25: 1 | CG25: 0.08 | CH25: 4 | CI25: 1 | CJ25: 0.16 | CK25: 5 | CL25: 1 | CM25: 0.2 | CN25: 0.66 | CO25: 0.53333333 | CQ25: 0.352
A26: Materials price regulations | B26: 3 | C26: 1 | D26: 0.12 | E26: 2 | F26: 2 | G26: 0.16 | H26: 4 | I26: 3 | J26: 0.48 | K26: 3 | L26: 2 | M26: 0.24 | N26: 3 | O26: 3 | P26: 0.36 | Q26: 5 | R26: 3 | S26: 0.6 | T26: 3 | U26: 3 | V26: 0.36 | W26: 3 | X26: 3 | Y26: 0.36 | Z26: 3 | AA26: 4 | AB26: 0.48 | AC26: 3 | AD26: 3 | AE26: 0.36 | AF26: 4 | AG26: 3 | AH26: 0.48 | AI26: 3 | AJ26: 1 | AK26: 0.12 | AL26: 1 | AM26: 1 | AN26: 0.04 | AO26: 4 | AP26: 2 | AQ26: 0.32 | AR26: 3 | AS26: 1 | AT26: 0.12 | AU26: 3 | AV26: 1 | AW26: 0.12 | AX26: 3 | AY26: 1 | AZ26: 0.12 | BA26: 1 | BB26: 1 | BC26: 0.04 | BD26: 5 | BE26: 4 | BF26: 0.8 | BG26: 4 | BH26: 3 | BI26: 0.48 | BJ26: 4 | BK26: 3 | BL26: 0.48 | BM26: 4 | BN26: 4 | BO26: 0.64 | BP26: 4 | BQ26: 3 | BR26: 0.48 | BS26: 4 | BT26: 3 | BU26: 0.48 | BV26: 1 | BW26: 1 | BX26: 0.04 | BY26: 4 | BZ26: 3 | CA26: 0.48 | CB26: 3 | CC26: 2 | CD26: 0.24 | CE26: 2 | CF26: 0 | CG26: 0 | CH26: 3 | CI26: 3 | CJ26: 0.36 | CK26: 4 | CL26: 3 | CM26: 0.48 | CN26: 0.64 | CO26: 0.46666667 | CQ26: 0.29866667
A27: Modification in material specifications | B27: 2 | C27: 2 | D27: 0.16 | E27: 2 | F27: 2 | G27: 0.16 | H27: 3 | I27: 3 | J27: 0.36 | K27: 5 | L27: 5 | M27: 1 | N27: 3 | O27: 3 | P27: 0.36 | Q27: 4 | R27: 4 | S27: 0.64 | T27: 3 | U27: 3 | V27: 0.36 | W27: 3 | X27: 3 | Y27: 0.36 | Z27: 3 | AA27: 2 | AB27: 0.24 | AC27: 3 | AD27: 3 | AE27: 0.36 | AF27: 5 | AG27: 4 | AH27: 0.8 | AI27: 4 | AJ27: 1 | AK27: 0.16 | AL27: 1 | AM27: 1 | AN27: 0.04 | AO27: 5 | AP27: 5 | AQ27: 1 | AR27: 4 | AS27: 1 | AT27: 0.16 | AU27: 4 | AV27: 1 | AW27: 0.16 | AX27: 4 | AY27: 1 | AZ27: 0.16 | BA27: 1 | BB27: 1 | BC27: 0.04 | BD27: 5 | BE27: 2 | BF27: 0.4 | BG27: 5 | BH27: 5 | BI27: 1 | BJ27: 5 | BK27: 5 | BL27: 1 | BM27: 4 | BN27: 4 | BO27: 0.64 | BP27: 2 | BQ27: 3 | BR27: 0.24 | BS27: 4 | BT27: 3 | BU27: 0.48 | BV27: 1 | BW27: 1 | BX27: 0.04 | BY27: 5 | BZ27: 5 | CA27: 1 | CB27: 3 | CC27: 1 | CD27: 0.12 | CE27: 0 | CF27: 0 | CG27: 0 | CH27: 5 | CI27: 4 | CJ27: 0.8 | CK27: 5 | CL27: 4 | CM27: 0.8 | CN27: 0.68666667 | CO27: 0.54666667 | CQ27: 0.37537778
D28: 0 | G28: 0 | J28: 0 | M28: 0 | P28: 0 | S28: 0 | V28: 0 | Y28: 0 | AB28: 0 | AE28: 0 | AH28: 0 | AK28: 0 | AN28: 0 | AQ28: 0 | AT28: 0 | AW28: 0 | AZ28: 0 | BC28: 0 | BF28: 0 | BI28: 0 | BL28: 0 | BO28: 0 | BR28: 0 | BU28: 0 | BX28: 0 | CA28: 0 | CD28: 0 | CG28: 0 | CJ28: 0 | CM28: 0
D29: 0 | G29: 0 | J29: 0 | M29: 0 | P29: 0 | S29: 0 | V29: 0 | Y29: 0 | AB29: 0 | AE29: 0 | AH29: 0 | AK29: 0 | AN29: 0 | AQ29: 0 | AT29: 0 | AW29: 0 | AZ29: 0 | BC29: 0 | BF29: 0 | BI29: 0 | BL29: 0 | BO29: 0 | BR29: 0 | BU29: 0 | BX29: 0 | CA29: 0 | CD29: 0 | CG29: 0 | CJ29: 0 | CM29: 0
A30: Shortage of equipment | B30: 4 | C30: 3 | D30: 0.48 | E30: 4 | F30: 3 | G30: 0.48 | H30: 5 | I30: 4 | J30: 0.8 | K30: 5 | L30: 4 | M30: 0.8 | N30: 4 | O30: 3 | P30: 0.48 | Q30: 4 | R30: 2 | S30: 0.32 | T30: 4 | U30: 2 | V30: 0.32 | W30: 1 | X30: 1 | Y30: 0.04 | Z30: 5 | AA30: 5 | AB30: 1 | AC30: 5 | AD30: 5 | AE30: 1 | AF30: 3 | AG30: 2 | AH30: 0.24 | AI30: 5 | AJ30: 1 | AK30: 0.2 | AL30: 1 | AM30: 1 | AN30: 0.04 | AO30: 5 | AP30: 5 | AQ30: 1 | AR30: 5 | AS30: 1 | AT30: 0.2 | AU30: 5 | AV30: 1 | AW30: 0.2 | AX30: 5 | AY30: 1 | AZ30: 0.2 | BA30: 1 | BB30: 1 | BC30: 0.04 | BD30: 5 | BE30: 3 | BF30: 0.6 | BG30: 5 | BH30: 1 | BI30: 0.2 | BJ30: 5 | BK30: 1 | BL30: 0.2 | BM30: 4 | BN30: 4 | BO30: 0.64 | BP30: 3 | BQ30: 3 | BR30: 0.36 | BS30: 5 | BT30: 1 | BU30: 0.2 | BV30: 1 | BW30: 2 | BX30: 0.08 | BY30: 5 | BZ30: 1 | CA30: 0.2 | CB30: 3 | CC30: 4 | CD30: 0.48 | CE30: 1 | CF30: 1 | CG30: 0.04 | CH30: 4 | CI30: 3 | CJ30: 0.48 | CK30: 5 | CL30: 1 | CM30: 0.2 | CN30: 0.78 | CO30: 0.46666667 | CQ30: 0.364
A31: Failure of equipment | B31: 2 | C31: 4 | D31: 0.32 | E31: 4 | F31: 3 | G31: 0.48 | H31: 5 | I31: 4 | J31: 0.8 | K31: 4 | L31: 4 | M31: 0.64 | N31: 4 | O31: 3 | P31: 0.48 | Q31: 4 | R31: 2 | S31: 0.32 | T31: 3 | U31: 3 | V31: 0.36 | W31: 1 | X31: 1 | Y31: 0.04 | Z31: 5 | AA31: 5 | AB31: 1 | AC31: 4 | AD31: 4 | AE31: 0.64 | AF31: 3 | AG31: 2 | AH31: 0.24 | AI31: 5 | AJ31: 1 | AK31: 0.2 | AL31: 1 | AM31: 1 | AN31: 0.04 | AO31: 4 | AP31: 2 | AQ31: 0.32 | AR31: 5 | AS31: 1 | AT31: 0.2 | AU31: 5 | AV31: 1 | AW31: 0.2 | AX31: 5 | AY31: 1 | AZ31: 0.2 | BA31: 1 | BB31: 1 | BC31: 0.04 | BD31: 5 | BE31: 3 | BF31: 0.6 | BG31: 5 | BH31: 1 | BI31: 0.2 | BJ31: 5 | BK31: 1 | BL31: 0.2 | BM31: 3 | BN31: 4 | BO31: 0.48 | BP31: 3 | BQ31: 3 | BR31: 0.36 | BS31: 1 | BT31: 1 | BU31: 0.04 | BV31: 1 | BW31: 1 | BX31: 0.04 | BY31: 5 | BZ31: 1 | CA31: 0.2 | CB31: 3 | CC31: 3 | CD31: 0.36 | CE31: 1 | CF31: 1 | CG31: 0.04 | CH31: 5 | CI31: 2 | CJ31: 0.4 | CK31: 5 | CL31: 1 | CM31: 0.2 | CN31: 0.71333333 | CO31: 0.43333333 | CQ31: 0.30911111
D32: 0 | G32: 0 | J32: 0 | M32: 0 | P32: 0 | S32: 0 | V32: 0 | Y32: 0 | AB32: 0 | AE32: 0 | AH32: 0 | AK32: 0 | AN32: 0 | AQ32: 0 | AT32: 0 | AW32: 0 | AZ32: 0 | BC32: 0 | BF32: 0 | BI32: 0 | BL32: 0 | BO32: 0 | BR32: 0 | BU32: 0 | BX32: 0 | CA32: 0 | CD32: 0 | CG32: 0 | CJ32: 0 | CM32: 0
A33: Internal Enviroment ( IE ) | D33: 0 | G33: 0 | J33: 0 | M33: 0 | P33: 0 | S33: 0 | V33: 0 | Y33: 0 | AB33: 0 | AE33: 0 | AH33: 0 | AK33: 0 | AN33: 0 | AQ33: 0 | AT33: 0 | AW33: 0 | AZ33: 0 | BC33: 0 | BF33: 0 | BI33: 0 | BL33: 0 | BO33: 0 | BR33: 0 | BU33: 0 | BX33: 0 | CA33: 0 | CD33: 0 | CG33: 0 | CJ33: 0 | CM33: 0
A34: Contractor | D34: 0 | G34: 0 | J34: 0 | M34: 0 | P34: 0 | S34: 0 | V34: 0 | Y34: 0 | AB34: 0 | AE34: 0 | AH34: 0 | AK34: 0 | AN34: 0 | AQ34: 0 | AT34: 0 | AW34: 0 | AZ34: 0 | BC34: 0 | BF34: 0 | BI34: 0 | BL34: 0 | BO34: 0 | BR34: 0 | BU34: 0 | BX34: 0 | CA34: 0 | CD34: 0 | CG34: 0 | CJ34: 0 | CM34: 0
A35: Shortage of technical professional in the contractors organization | B35: 2 | C35: 2 | D35: 0.16 | E35: 5 | F35: 2 | G35: 0.4 | H35: 4 | I35: 2 | J35: 0.32 | K35: 5 | L35: 3 | M35: 0.6 | N35: 4 | O35: 4 | P35: 0.64 | Q35: 4 | R35: 4 | S35: 0.64 | T35: 3 | U35: 2 | V35: 0.24 | W35: 2 | X35: 2 | Y35: 0.16 | Z35: 5 | AA35: 4 | AB35: 0.8 | AC35: 3 | AD35: 3 | AE35: 0.36 | AF35: 4 | AG35: 3 | AH35: 0.48 | AI35: 1 | AJ35: 5 | AK35: 0.2 | AL35: 5 | AM35: 2 | AN35: 0.4 | AO35: 5 | AP35: 3 | AQ35: 0.6 | AR35: 1 | AS35: 5 | AT35: 0.2 | AU35: 1 | AV35: 5 | AW35: 0.2 | AX35: 1 | AY35: 5 | AZ35: 0.2 | BA35: 1 | BB35: 1 | BC35: 0.04 | BD35: 5 | BE35: 3 | BF35: 0.6 | BG35: 5 | BH35: 3 | BI35: 0.6 | BJ35: 5 | BK35: 3 | BL35: 0.6 | BM35: 4 | BN35: 4 | BO35: 0.64 | BP35: 5 | BQ35: 3 | BR35: 0.6 | BS35: 5 | BT35: 2 | BU35: 0.4 | BV35: 5 | BW35: 3 | BX35: 0.6 | BY35: 5 | BZ35: 3 | CA35: 0.6 | CB35: 4 | CC35: 2 | CD35: 0.32 | CE35: 4 | CF35: 4 | CG35: 0.64 | CH35: 4 | CI35: 3 | CJ35: 0.48 | CK35: 5 | CL35: 2 | CM35: 0.4 | CN35: 0.74666667 | CO35: 0.61333333 | CQ35: 0.45795556
A36: Insufficient coordination among the parties by the contractor | B36: 3 | C36: 3 | D36: 0.36 | E36: 4 | F36: 2 | G36: 0.32 | H36: 4 | I36: 4 | J36: 0.64 | K36: 4 | L36: 2 | M36: 0.32 | N36: 4 | O36: 4 | P36: 0.64 | Q36: 4 | R36: 3 | S36: 0.48 | T36: 3 | U36: 2 | V36: 0.24 | W36: 2 | X36: 2 | Y36: 0.16 | Z36: 5 | AA36: 5 | AB36: 1 | AC36: 4 | AD36: 3 | AE36: 0.48 | AF36: 3 | AG36: 3 | AH36: 0.36 | AI36: 1 | AJ36: 5 | AK36: 0.2 | AL36: 3 | AM36: 2 | AN36: 0.24 | AO36: 4 | AP36: 3 | AQ36: 0.48 | AR36: 1 | AS36: 5 | AT36: 0.2 | AU36: 1 | AV36: 5 | AW36: 0.2 | AX36: 1 | AY36: 5 | AZ36: 0.2 | BA36: 1 | BB36: 1 | BC36: 0.04 | BD36: 4 | BE36: 3 | BF36: 0.48 | BG36: 5 | BH36: 3 | BI36: 0.6 | BJ36: 5 | BK36: 3 | BL36: 0.6 | BM36: 3 | BN36: 4 | BO36: 0.48 | BP36: 2 | BQ36: 3 | BR36: 0.24 | BS36: 4 | BT36: 3 | BU36: 0.48 | BV36: 3 | BW36: 2 | BX36: 0.24 | BY36: 5 | BZ36: 5 | CA36: 1 | CB36: 5 | CC36: 1 | CD36: 0.2 | CE36: 3 | CF36: 1 | CG36: 0.12 | CH36: 5 | CI36: 5 | CJ36: 1 | CK36: 5 | CL36: 1 | CM36: 0.2 | CN36: 0.67333333 | CO36: 0.62 | CQ36: 0.41746667
A37: Delay in mobilization | B37: 4 | C37: 2 | D37: 0.32 | E37: 4 | F37: 2 | G37: 0.32 | H37: 4 | I37: 2 | J37: 0.32 | K37: 5 | L37: 5 | M37: 1 | N37: 4 | O37: 2 | P37: 0.32 | Q37: 4 | R37: 2 | S37: 0.32 | T37: 3 | U37: 2 | V37: 0.24 | W37: 1 | X37: 1 | Y37: 0.04 | Z37: 5 | AA37: 4 | AB37: 0.8 | AC37: 4 | AD37: 3 | AE37: 0.48 | AF37: 3 | AG37: 5 | AH37: 0.6 | AI37: 1 | AJ37: 5 | AK37: 0.2 | AL37: 2 | AM37: 1 | AN37: 0.08 | AO37: 4 | AP37: 5 | AQ37: 0.8 | AR37: 1 | AS37: 5 | AT37: 0.2 | AU37: 1 | AV37: 5 | AW37: 0.2 | AX37: 1 | AY37: 5 | AZ37: 0.2 | BA37: 1 | BB37: 1 | BC37: 0.04 | BD37: 5 | BE37: 3 | BF37: 0.6 | BG37: 5 | BH37: 3 | BI37: 0.6 | BJ37: 5 | BK37: 3 | BL37: 0.6 | BM37: 4 | BN37: 4 | BO37: 0.64 | BP37: 4 | BQ37: 5 | BR37: 0.8 | BS37: 4 | BT37: 2 | BU37: 0.32 | BV37: 1 | BW37: 1 | BX37: 0.04 | BY37: 5 | BZ37: 3 | CA37: 0.6 | CB37: 5 | CC37: 4 | CD37: 0.8 | CE37: 3 | CF37: 1 | CG37: 0.12 | CH37: 4 | CI37: 3 | CJ37: 0.48 | CK37: 5 | CL37: 3 | CM37: 0.6 | CN37: 0.68 | CO37: 0.61333333 | CQ37: 0.41706667
A38: Safety rules and regulations are not followed within the contractors regulations | B38: 3 | C38: 2 | D38: 0.24 | E38: 3 | F38: 1 | G38: 0.12 | H38: 4 | I38: 2 | J38: 0.32 | K38: 4 | L38: 1 | M38: 0.16 | N38: 4 | O38: 3 | P38: 0.48 | Q38: 1 | R38: 1 | S38: 0.04 | T38: 3 | U38: 2 | V38: 0.24 | W38: 1 | X38: 1 | Y38: 0.04 | Z38: 4 | AA38: 4 | AB38: 0.64 | AC38: 4 | AD38: 3 | AE38: 0.48 | AF38: 3 | AG38: 1 | AH38: 0.12 | AI38: 1 | AJ38: 5 | AK38: 0.2 | AL38: 1 | AM38: 1 | AN38: 0.04 | AO38: 4 | AP38: 1 | AQ38: 0.16 | AR38: 1 | AS38: 5 | AT38: 0.2 | AU38: 1 | AV38: 5 | AW38: 0.2 | AX38: 1 | AY38: 5 | AZ38: 0.2 | BA38: 1 | BB38: 1 | BC38: 0.04 | BD38: 4 | BE38: 3 | BF38: 0.48 | BG38: 4 | BH38: 2 | BI38: 0.32 | BJ38: 4 | BK38: 2 | BL38: 0.32 | BM38: 4 | BN38: 4 | BO38: 0.64 | BP38: 3 | BQ38: 4 | BR38: 0.48 | BS38: 5 | BT38: 3 | BU38: 0.6 | BV38: 1 | BW38: 1 | BX38: 0.04 | BY38: 4 | BZ38: 2 | CA38: 0.32 | CB38: 4 | CC38: 2 | CD38: 0.32 | CE38: 2 | CF38: 2 | CG38: 0.16 | CH38: 5 | CI38: 2 | CJ38: 0.4 | CK38: 4 | CL38: 2 | CM38: 0.32 | CN38: 0.58666667 | CO38: 0.48666667 | CQ38: 0.28551111
A39: Incompetent technical staff assigned to the project | B39: 2 | C39: 2 | D39: 0.16 | E39: 4 | F39: 1 | G39: 0.16 | H39: 4 | I39: 2 | J39: 0.32 | K39: 3 | L39: 1 | M39: 0.12 | N39: 4 | O39: 3 | P39: 0.48 | Q39: 3 | R39: 3 | S39: 0.36 | T39: 2 | U39: 2 | V39: 0.16 | W39: 1 | X39: 1 | Y39: 0.04 | Z39: 5 | AA39: 5 | AB39: 1 | AC39: 2 | AD39: 1 | AE39: 0.08 | AF39: 4 | AG39: 2 | AH39: 0.32 | AI39: 4 | AJ39: 1 | AK39: 0.16 | AL39: 4 | AM39: 2 | AN39: 0.32 | AO39: 3 | AP39: 2 | AQ39: 0.24 | AR39: 4 | AS39: 1 | AT39: 0.16 | AU39: 4 | AV39: 1 | AW39: 0.16 | AX39: 4 | AY39: 1 | AZ39: 0.16 | BA39: 4 | BB39: 2 | BC39: 0.32 | BD39: 4 | BE39: 4 | BF39: 0.64 | BG39: 5 | BH39: 4 | BI39: 0.8 | BJ39: 5 | BK39: 4 | BL39: 0.8 | BM39: 4 | BN39: 4 | BO39: 0.64 | BP39: 4 | BQ39: 2 | BR39: 0.32 | BS39: 4 | BT39: 2 | BU39: 0.32 | BV39: 3 | BW39: 3 | BX39: 0.36 | BY39: 5 | BZ39: 4 | CA39: 0.8 | CB39: 3 | CC39: 3 | CD39: 0.36 | CE39: 3 | CF39: 1 | CG39: 0.12 | CH39: 5 | CI39: 4 | CJ39: 0.8 | CK39: 5 | CL39: 4 | CM39: 0.8 | CN39: 0.74 | CO39: 0.48 | CQ39: 0.3552
A40: Improper technical study by the contractor during the bedding stage | B40: 3 | C40: 2 | D40: 0.24 | E40: 5 | F40: 4 | G40: 0.8 | H40: 4 | I40: 3 | J40: 0.48 | K40: 4 | L40: 4 | M40: 0.64 | N40: 4 | O40: 2 | P40: 0.32 | Q40: 5 | R40: 1 | S40: 0.2 | T40: 2 | U40: 2 | V40: 0.16 | W40: 2 | X40: 2 | Y40: 0.16 | Z40: 5 | AA40: 4 | AB40: 0.8 | AC40: 3 | AD40: 3 | AE40: 0.36 | AF40: 3 | AG40: 5 | AH40: 0.6 | AI40: 5 | AJ40: 1 | AK40: 0.2 | AL40: 5 | AM40: 5 | AN40: 1 | AO40: 5 | AP40: 5 | AQ40: 1 | AR40: 5 | AS40: 1 | AT40: 0.2 | AU40: 5 | AV40: 1 | AW40: 0.2 | AX40: 5 | AY40: 1 | AZ40: 0.2 | BA40: 3 | BB40: 3 | BC40: 0.36 | BD40: 4 | BE40: 3 | BF40: 0.48 | BG40: 4 | BH40: 4 | BI40: 0.64 | BJ40: 4 | BK40: 4 | BL40: 0.64 | BM40: 4 | BN40: 3 | BO40: 0.48 | BP40: 4 | BQ40: 3 | BR40: 0.48 | BS40: 3 | BT40: 4 | BU40: 0.48 | BV40: 2 | BW40: 2 | BX40: 0.16 | BY40: 4 | BZ40: 4 | CA40: 0.64 | CB40: 3 | CC40: 5 | CD40: 0.6 | CE40: 2 | CF40: 2 | CG40: 0.16 | CH40: 3 | CI40: 5 | CJ40: 0.6 | CK40: 5 | CL40: 4 | CM40: 0.8 | CN40: 0.76666667 | CO40: 0.61333333 | CQ40: 0.47022222
A41: Poor planning on scheduling of the project by the contractor | B41: 4 | C41: 2 | D41: 0.32 | E41: 4 | F41: 3 | G41: 0.48 | H41: 5 | I41: 3 | J41: 0.6 | K41: 5 | L41: 5 | M41: 1 | N41: 4 | O41: 2 | P41: 0.32 | Q41: 4 | R41: 5 | S41: 0.8 | T41: 3 | U41: 3 | V41: 0.36 | W41: 5 | X41: 5 | Y41: 1 | Z41: 5 | AA41: 5 | AB41: 1 | AC41: 3 | AD41: 3 | AE41: 0.36 | AF41: 4 | AG41: 4 | AH41: 0.64 | AI41: 1 | AJ41: 5 | AK41: 0.2 | AL41: 5 | AM41: 5 | AN41: 1 | AO41: 3 | AP41: 4 | AQ41: 0.48 | AR41: 1 | AS41: 5 | AT41: 0.2 | AU41: 1 | AV41: 5 | AW41: 0.2 | AX41: 1 | AY41: 5 | AZ41: 0.2 | BA41: 2 | BB41: 2 | BC41: 0.16 | BD41: 5 | BE41: 5 | BF41: 1 | BG41: 5 | BH41: 3 | BI41: 0.6 | BJ41: 5 | BK41: 3 | BL41: 0.6 | BM41: 4 | BN41: 3 | BO41: 0.48 | BP41: 5 | BQ41: 5 | BR41: 1 | BS41: 2 | BT41: 3 | BU41: 0.24 | BV41: 2 | BW41: 2 | BX41: 0.16 | BY41: 5 | BZ41: 3 | CA41: 0.6 | CB41: 3 | CC41: 5 | CD41: 0.6 | CE41: 5 | CF41: 4 | CG41: 0.8 | CH41: 4 | CI41: 4 | CJ41: 0.64 | CK41: 5 | CL41: 3 | CM41: 0.6 | CN41: 0.73333333 | CO41: 0.76 | CQ41: 0.55733333
A42: Improper handling of the project progress by the contractor | B42: 2 | C42: 2 | D42: 0.16 | E42: 4 | F42: 2 | G42: 0.32 | H42: 4 | I42: 3 | J42: 0.48 | K42: 4 | L42: 3 | M42: 0.48 | N42: 4 | O42: 3 | P42: 0.48 | Q42: 4 | R42: 4 | S42: 0.64 | T42: 3 | U42: 3 | V42: 0.36 | W42: 3 | X42: 3 | Y42: 0.36 | Z42: 5 | AA42: 5 | AB42: 1 | AC42: 4 | AD42: 2 | AE42: 0.32 | AF42: 3 | AG42: 4 | AH42: 0.48 | AI42: 3 | AJ42: 1 | AK42: 0.12 | AL42: 4 | AM42: 3 | AN42: 0.48 | AO42: 4 | AP42: 4 | AQ42: 0.64 | AR42: 3 | AS42: 1 | AT42: 0.12 | AU42: 3 | AV42: 1 | AW42: 0.12 | AX42: 3 | AY42: 1 | AZ42: 0.12 | BA42: 1 | BB42: 1 | BC42: 0.04 | BD42: 4 | BE42: 3 | BF42: 0.48 | BG42: 5 | BH42: 3 | BI42: 0.6 | BJ42: 5 | BK42: 3 | BL42: 0.6 | BM42: 4 | BN42: 3 | BO42: 0.48 | BP42: 5 | BQ42: 5 | BR42: 1 | BS42: 3 | BT42: 2 | BU42: 0.24 | BV42: 2 | BW42: 2 | BX42: 0.16 | BY42: 5 | BZ42: 3 | CA42: 0.6 | CB42: 4 | CC42: 2 | CD42: 0.32 | CE42: 5 | CF42: 2 | CG42: 0.4 | CH42: 5 | CI42: 3 | CJ42: 0.6 | CK42: 5 | CL42: 3 | CM42: 0.6 | CN42: 0.75333333 | CO42: 0.53333333 | CQ42: 0.40177778
A43: Ineffective quality control by the contractor | B43: 2 | C43: 2 | D43: 0.16 | E43: 4 | F43: 3 | G43: 0.48 | H43: 4 | I43: 2 | J43: 0.32 | K43: 5 | L43: 4 | M43: 0.8 | N43: 4 | O43: 2 | P43: 0.32 | Q43: 4 | R43: 4 | S43: 0.64 | T43: 2 | U43: 2 | V43: 0.16 | W43: 1 | X43: 1 | Y43: 0.04 | Z43: 5 | AA43: 4 | AB43: 0.8 | AC43: 4 | AD43: 4 | AE43: 0.64 | AF43: 4 | AG43: 4 | AH43: 0.64 | AI43: 3 | AJ43: 1 | AK43: 0.12 | AL43: 3 | AM43: 2 | AN43: 0.24 | AO43: 3 | AP43: 4 | AQ43: 0.48 | AR43: 3 | AS43: 1 | AT43: 0.12 | AU43: 3 | AV43: 1 | AW43: 0.12 | AX43: 3 | AY43: 1 | AZ43: 0.12 | BA43: 3 | BB43: 2 | BC43: 0.24 | BD43: 5 | BE43: 4 | BF43: 0.8 | BG43: 5 | BH43: 2 | BI43: 0.4 | BJ43: 5 | BK43: 2 | BL43: 0.4 | BM43: 4 | BN43: 3 | BO43: 0.48 | BP43: 2 | BQ43: 1 | BR43: 0.08 | BS43: 3 | BT43: 1 | BU43: 0.12 | BV43: 3 | BW43: 3 | BX43: 0.36 | BY43: 5 | BZ43: 2 | CA43: 0.4 | CB43: 4 | CC43: 1 | CD43: 0.16 | CE43: 4 | CF43: 1 | CG43: 0.16 | CH43: 5 | CI43: 3 | CJ43: 0.6 | CK43: 5 | CL43: 2 | CM43: 0.4 | CN43: 0.73333333 | CO43: 0.46 | CQ43: 0.33733333
A44: Financial difficulties faced by the contractor | B44: 2 | C44: 2 | D44: 0.16 | E44: 4 | F44: 3 | G44: 0.48 | H44: 5 | I44: 5 | J44: 1 | K44: 3 | L44: 1 | M44: 0.12 | N44: 4 | O44: 4 | P44: 0.64 | Q44: 5 | R44: 3 | S44: 0.6 | T44: 5 | U44: 2 | V44: 0.4 | W44: 2 | X44: 2 | Y44: 0.16 | Z44: 5 | AA44: 4 | AB44: 0.8 | AC44: 4 | AD44: 4 | AE44: 0.64 | AF44: 5 | AG44: 5 | AH44: 1 | AI44: 3 | AJ44: 1 | AK44: 0.12 | AL44: 5 | AM44: 2 | AN44: 0.4 | AO44: 4 | AP44: 5 | AQ44: 0.8 | AR44: 1 | AS44: 3 | AT44: 0.12 | AU44: 1 | AV44: 3 | AW44: 0.12 | AX44: 1 | AY44: 3 | AZ44: 0.12 | BA44: 3 | BB44: 5 | BC44: 0.6 | BD44: 5 | BE44: 2 | BF44: 0.4 | BG44: 5 | BH44: 3 | BI44: 0.6 | BJ44: 5 | BK44: 3 | BL44: 0.6 | BM44: 4 | BN44: 3 | BO44: 0.48 | BP44: 3 | BQ44: 2 | BR44: 0.24 | BS44: 3 | BT44: 2 | BU44: 0.24 | BV44: 2 | BW44: 2 | BX44: 0.16 | BY44: 5 | BZ44: 3 | CA44: 0.6 | CB44: 0 | CC44: 0 | CD44: 0 | CE44: 4 | CF44: 3 | CG44: 0.48 | CH44: 4 | CI44: 3 | CJ44: 0.48 | CK44: 5 | CL44: 3 | CM44: 0.6 | CN44: 0.71333333 | CO44: 0.57333333 | CQ44: 0.40897778
A45: Delays by the contractor payments to subcontractors | B45: 3 | C45: 2 | D45: 0.24 | E45: 3 | F45: 3 | G45: 0.36 | H45: 5 | I45: 5 | J45: 1 | K45: 5 | L45: 3 | M45: 0.6 | N45: 4 | O45: 4 | P45: 0.64 | Q45: 3 | R45: 3 | S45: 0.36 | T45: 3 | U45: 3 | V45: 0.36 | W45: 2 | X45: 2 | Y45: 0.16 | Z45: 5 | AA45: 4 | AB45: 0.8 | AC45: 3 | AD45: 4 | AE45: 0.48 | AF45: 5 | AG45: 4 | AH45: 0.8 | AI45: 1 | AJ45: 3 | AK45: 0.12 | AL45: 1 | AM45: 1 | AN45: 0.04 | AO45: 4 | AP45: 4 | AQ45: 0.64 | AR45: 1 | AS45: 3 | AT45: 0.12 | AU45: 1 | AV45: 3 | AW45: 0.12 | AX45: 1 | AY45: 3 | AZ45: 0.12 | BA45: 1 | BB45: 1 | BC45: 0.04 | BD45: 5 | BE45: 1 | BF45: 0.2 | BG45: 3 | BH45: 3 | BI45: 0.36 | BJ45: 3 | BK45: 3 | BL45: 0.36 | BM45: 4 | BN45: 4 | BO45: 0.64 | BP45: 3 | BQ45: 1 | BR45: 0.12 | BS45: 2 | BT45: 3 | BU45: 0.24 | BV45: 3 | BW45: 3 | BX45: 0.36 | BY45: 3 | BZ45: 3 | CA45: 0.36 | CB45: 0 | CC45: 0 | CD45: 0 | CE45: 1 | CF45: 1 | CG45: 0.04 | CH45: 3 | CI45: 3 | CJ45: 0.36 | CK45: 3 | CL45: 3 | CM45: 0.36 | CN45: 0.56 | CO45: 0.55333333 | CQ45: 0.30986667
D46: 0 | G46: 0 | J46: 0 | M46: 0 | P46: 0 | S46: 0 | V46: 0 | Y46: 0 | AB46: 0 | AE46: 0 | AH46: 0 | AK46: 0 | AN46: 0 | AQ46: 0 | AT46: 0 | AW46: 0 | AZ46: 0 | BC46: 0 | BF46: 0 | BI46: 0 | BL46: 0 | BO46: 0 | BR46: 0 | BU46: 0 | BX46: 0 | CA46: 0 | CD46: 0 | CG46: 0 | CJ46: 0 | CM46: 0
A47: Owner | D47: 0 | G47: 0 | J47: 0 | M47: 0 | P47: 0 | S47: 0 | V47: 0 | Y47: 0 | AB47: 0 | AE47: 0 | AH47: 0 | AK47: 0 | AN47: 0 | AQ47: 0 | AT47: 0 | AW47: 0 | AZ47: 0 | BC47: 0 | BF47: 0 | BI47: 0 | BL47: 0 | BO47: 0 | BR47: 0 | BU47: 0 | BX47: 0 | CA47: 0 | CD47: 0 | CG47: 0 | CJ47: 0 | CM47: 0
A48: Delays in site preparation | B48: 5 | C48: 2 | D48: 0.4 | E48: 5 | F48: 2 | G48: 0.4 | H48: 5 | I48: 2 | J48: 0.4 | K48: 3 | L48: 4 | M48: 0.48 | N48: 4 | O48: 2 | P48: 0.32 | Q48: 3 | R48: 2 | S48: 0.24 | T48: 2 | U48: 2 | V48: 0.16 | W48: 2 | X48: 2 | Y48: 0.16 | Z48: 5 | AA48: 3 | AB48: 0.6 | AC48: 1 | AD48: 1 | AE48: 0.04 | AF48: 3 | AG48: 4 | AH48: 0.48 | AI48: 1 | AJ48: 5 | AK48: 0.2 | AL48: 4 | AM48: 2 | AN48: 0.32 | AO48: 4 | AP48: 4 | AQ48: 0.64 | AR48: 1 | AS48: 5 | AT48: 0.2 | AU48: 1 | AV48: 5 | AW48: 0.2 | AX48: 1 | AY48: 5 | AZ48: 0.2 | BA48: 2 | BB48: 1 | BC48: 0.08 | BD48: 5 | BE48: 1 | BF48: 0.2 | BG48: 4 | BH48: 3 | BI48: 0.48 | BJ48: 4 | BK48: 3 | BL48: 0.48 | BM48: 5 | BN48: 3 | BO48: 0.6 | BP48: 5 | BQ48: 1 | BR48: 0.2 | BS48: 5 | BT48: 3 | BU48: 0.6 | BV48: 5 | BW48: 5 | BX48: 1 | BY48: 4 | BZ48: 3 | CA48: 0.48 | CB48: 4 | CC48: 1 | CD48: 0.16 | CE48: 4 | CF48: 2 | CG48: 0.32 | CH48: 5 | CI48: 4 | CJ48: 0.8 | CK48: 4 | CL48: 3 | CM48: 0.48 | CN48: 0.70666667 | CO48: 0.56666667 | CQ48: 0.40044444
A49: Delays in contractors claims settlements | B49: 4 | C49: 5 | D49: 0.8 | E49: 4 | F49: 2 | G49: 0.32 | H49: 5 | I49: 3 | J49: 0.6 | K49: 4 | L49: 2 | M49: 0.32 | N49: 4 | O49: 2 | P49: 0.32 | Q49: 1 | R49: 2 | S49: 0.08 | T49: 3 | U49: 3 | V49: 0.36 | W49: 5 | X49: 5 | Y49: 1 | Z49: 5 | AA49: 5 | AB49: 1 | AC49: 2 | AD49: 1 | AE49: 0.08 | AF49: 3 | AG49: 3 | AH49: 0.36 | AI49: 1 | AJ49: 5 | AK49: 0.2 | AL49: 1 | AM49: 1 | AN49: 0.04 | AO49: 3 | AP49: 3 | AQ49: 0.36 | AR49: 1 | AS49: 5 | AT49: 0.2 | AU49: 1 | AV49: 5 | AW49: 0.2 | AX49: 1 | AY49: 5 | AZ49: 0.2 | BA49: 1 | BB49: 1 | BC49: 0.04 | BD49: 5 | BE49: 2 | BF49: 0.4 | BG49: 5 | BH49: 3 | BI49: 0.6 | BJ49: 5 | BK49: 3 | BL49: 0.6 | BM49: 4 | BN49: 4 | BO49: 0.64 | BP49: 5 | BQ49: 1 | BR49: 0.2 | BS49: 4 | BT49: 4 | BU49: 0.64 | BV49: 3 | BW49: 3 | BX49: 0.36 | BY49: 5 | BZ49: 3 | CA49: 0.6 | CB49: 4 | CC49: 4 | CD49: 0.64 | CE49: 5 | CF49: 4 | CG49: 0.8 | CH49: 5 | CI49: 3 | CJ49: 0.6 | CK49: 5 | CL49: 3 | CM49: 0.6 | CN49: 0.69333333 | CO49: 0.63333333 | CQ49: 0.43911111
A50: Work suspension by the owner | B50: 5 | C50: 3 | D50: 0.6 | E50: 3 | F50: 2 | G50: 0.24 | H50: 4 | I50: 2 | J50: 0.32 | K50: 4 | L50: 5 | M50: 0.8 | N50: 3 | O50: 2 | P50: 0.24 | Q50: 2 | R50: 2 | S50: 0.16 | T50: 4 | U50: 1 | V50: 0.16 | W50: 3 | X50: 3 | Y50: 0.36 | Z50: 5 | AA50: 4 | AB50: 0.8 | AC50: 2 | AD50: 2 | AE50: 0.16 | AF50: 3 | AG50: 2 | AH50: 0.24 | AI50: 1 | AJ50: 5 | AK50: 0.2 | AL50: 3 | AM50: 3 | AN50: 0.36 | AO50: 2 | AP50: 2 | AQ50: 0.16 | AR50: 1 | AS50: 5 | AT50: 0.2 | AU50: 1 | AV50: 5 | AW50: 0.2 | AX50: 1 | AY50: 5 | AZ50: 0.2 | BA50: 1 | BB50: 1 | BC50: 0.04 | BD50: 5 | BE50: 3 | BF50: 0.6 | BG50: 5 | BH50: 2 | BI50: 0.4 | BJ50: 5 | BK50: 2 | BL50: 0.4 | BM50: 4 | BN50: 3 | BO50: 0.48 | BP50: 4 | BQ50: 3 | BR50: 0.48 | BS50: 3 | BT50: 4 | BU50: 0.48 | BV50: 4 | BW50: 4 | BX50: 0.64 | BY50: 5 | BZ50: 2 | CA50: 0.4 | CB50: 4 | CC50: 5 | CD50: 0.8 | CE50: 4 | CF50: 4 | CG50: 0.64 | CH50: 5 | CI50: 2 | CJ50: 0.4 | CK50: 5 | CL50: 2 | CM50: 0.4 | CN50: 0.67333333 | CO50: 0.6 | CQ50: 0.404
A51: Too many change orders from owner | B51: 3 | C51: 3 | D51: 0.36 | E51: 5 | F51: 4 | G51: 0.8 | H51: 4 | I51: 4 | J51: 0.64 | K51: 5 | L51: 5 | M51: 1 | N51: 4 | O51: 4 | P51: 0.64 | Q51: 5 | R51: 5 | S51: 1 | T51: 3 | U51: 1 | V51: 0.12 | W51: 5 | X51: 5 | Y51: 1 | Z51: 5 | AA51: 4 | AB51: 0.8 | AC51: 3 | AD51: 3 | AE51: 0.36 | AF51: 4 | AG51: 4 | AH51: 0.64 | AI51: 1 | AJ51: 5 | AK51: 0.2 | AL51: 5 | AM51: 5 | AN51: 1 | AO51: 4 | AP51: 4 | AQ51: 0.64 | AR51: 1 | AS51: 5 | AT51: 0.2 | AU51: 1 | AV51: 5 | AW51: 0.2 | AX51: 1 | AY51: 5 | AZ51: 0.2 | BA51: 4 | BB51: 2 | BC51: 0.32 | BD51: 5 | BE51: 4 | BF51: 0.8 | BG51: 5 | BH51: 5 | BI51: 1 | BJ51: 5 | BK51: 5 | BL51: 1 | BM51: 3 | BN51: 3 | BO51: 0.36 | BP51: 2 | BQ51: 3 | BR51: 0.24 | BS51: 3 | BT51: 3 | BU51: 0.36 | BV51: 5 | BW51: 5 | BX51: 1 | BY51: 5 | BZ51: 5 | CA51: 1 | CB51: 5 | CC51: 3 | CD51: 0.6 | CE51: 5 | CF51: 3 | CG51: 0.6 | CH51: 5 | CI51: 5 | CJ51: 1 | CK51: 5 | CL51: 5 | CM51: 1 | CN51: 0.77333333 | CO51: 0.81333333 | CQ51: 0.62897778
A52: Slow decision making from owner | B52: 3 | C52: 3 | D52: 0.36 | E52: 5 | F52: 5 | G52: 1 | H52: 4 | I52: 4 | J52: 0.64 | K52: 5 | L52: 4 | M52: 0.8 | N52: 4 | O52: 3 | P52: 0.48 | Q52: 4 | R52: 4 | S52: 0.64 | T52: 3 | U52: 1 | V52: 0.12 | W52: 4 | X52: 4 | Y52: 0.64 | Z52: 5 | AA52: 5 | AB52: 1 | AC52: 2 | AD52: 2 | AE52: 0.16 | AF52: 4 | AG52: 4 | AH52: 0.64 | AI52: 1 | AJ52: 4 | AK52: 0.16 | AL52: 5 | AM52: 5 | AN52: 1 | AO52: 3 | AP52: 4 | AQ52: 0.48 | AR52: 1 | AS52: 4 | AT52: 0.16 | AU52: 1 | AV52: 4 | AW52: 0.16 | AX52: 1 | AY52: 4 | AZ52: 0.16 | BA52: 4 | BB52: 4 | BC52: 0.64 | BD52: 5 | BE52: 2 | BF52: 0.4 | BG52: 5 | BH52: 4 | BI52: 0.8 | BJ52: 5 | BK52: 4 | BL52: 0.8 | BM52: 3 | BN52: 3 | BO52: 0.36 | BP52: 1 | BQ52: 1 | BR52: 0.04 | BS52: 3 | BT52: 3 | BU52: 0.36 | BV52: 3 | BW52: 3 | BX52: 0.36 | BY52: 5 | BZ52: 4 | CA52: 0.8 | CB52: 5 | CC52: 5 | CD52: 1 | CE52: 5 | CF52: 3 | CG52: 0.6 | CH52: 5 | CI52: 4 | CJ52: 0.8 | CK52: 5 | CL52: 4 | CM52: 0.8 | CN52: 0.72666667 | CO52: 0.72 | CQ52: 0.5232
A53: Inference by owner in the construction operation | B53: 3 | C53: 2 | D53: 0.24 | E53: 4 | F53: 2 | G53: 0.32 | H53: 3 | I53: 3 | J53: 0.36 | K53: 4 | L53: 1 | M53: 0.16 | N53: 3 | O53: 4 | P53: 0.48 | Q53: 4 | R53: 3 | S53: 0.48 | T53: 3 | U53: 1 | V53: 0.12 | W53: 3 | X53: 1 | Y53: 0.12 | Z53: 5 | AA53: 5 | AB53: 1 | AC53: 3 | AD53: 2 | AE53: 0.24 | AF53: 3 | AG53: 3 | AH53: 0.36 | AI53: 3 | AJ53: 1 | AK53: 0.12 | AL53: 3 | AM53: 3 | AN53: 0.36 | AO53: 4 | AP53: 3 | AQ53: 0.48 | AR53: 3 | AS53: 1 | AT53: 0.12 | AU53: 3 | AV53: 1 | AW53: 0.12 | AX53: 3 | AY53: 1 | AZ53: 0.12 | BA53: 1 | BB53: 1 | BC53: 0.04 | BD53: 5 | BE53: 2 | BF53: 0.4 | BG53: 4 | BH53: 2 | BI53: 0.32 | BJ53: 5 | BK53: 2 | BL53: 0.4 | BM53: 3 | BN53: 3 | BO53: 0.36 | BP53: 3 | BQ53: 4 | BR53: 0.48 | BS53: 5 | BT53: 2 | BU53: 0.4 | BV53: 3 | BW53: 3 | BX53: 0.36 | BY53: 5 | BZ53: 3 | CA53: 0.6 | CB53: 3 | CC53: 5 | CD53: 0.6 | CE53: 2 | CF53: 1 | CG53: 0.08 | CH53: 4 | CI53: 3 | CJ53: 0.48 | CK53: 4 | CL53: 2 | CM53: 0.32 | CN53: 0.69333333 | CO53: 0.46666667 | CQ53: 0.32355556
A54: Delay in progress payments by the owner | B54: 3 | C54: 2 | D54: 0.24 | E54: 5 | F54: 3 | G54: 0.6 | H54: 5 | I54: 5 | J54: 1 | K54: 5 | L54: 2 | M54: 0.4 | N54: 4 | O54: 3 | P54: 0.48 | Q54: 4 | R54: 1 | S54: 0.16 | T54: 2 | U54: 1 | V54: 0.08 | W54: 5 | X54: 5 | Y54: 1 | Z54: 5 | AA54: 4 | AB54: 0.8 | AC54: 4 | AD54: 3 | AE54: 0.48 | AF54: 5 | AG54: 4 | AH54: 0.8 | AI54: 1 | AJ54: 5 | AK54: 0.2 | AL54: 5 | AM54: 3 | AN54: 0.6 | AO54: 5 | AP54: 4 | AQ54: 0.8 | AR54: 1 | AS54: 5 | AT54: 0.2 | AU54: 1 | AV54: 5 | AW54: 0.2 | AX54: 1 | AY54: 5 | AZ54: 0.2 | BA54: 1 | BB54: 1 | BC54: 0.04 | BD54: 5 | BE54: 3 | BF54: 0.6 | BG54: 4 | BH54: 3 | BI54: 0.48 | BJ54: 4 | BK54: 3 | BL54: 0.48 | BM54: 3 | BN54: 3 | BO54: 0.36 | BP54: 5 | BQ54: 5 | BR54: 1 | BS54: 4 | BT54: 1 | BU54: 0.16 | BV54: 4 | BW54: 3 | BX54: 0.48 | BY54: 4 | BZ54: 3 | CA54: 0.48 | CB54: 3 | CC54: 2 | CD54: 0.24 | CE54: 3 | CF54: 6 | CG54: 0.72 | CH54: 3 | CI54: 2 | CJ54: 0.24 | CK54: 4 | CL54: 3 | CM54: 0.48 | CN54: 0.72 | CO54: 0.65333333 | CQ54: 0.4704
A55: Financial constraints faced by the owner | B55: 3 | C55: 2 | D55: 0.24 | E55: 4 | F55: 3 | G55: 0.48 | H55: 4 | I55: 4 | J55: 0.64 | K55: 5 | L55: 2 | M55: 0.4 | N55: 3 | O55: 3 | P55: 0.36 | Q55: 4 | R55: 1 | S55: 0.16 | T55: 3 | U55: 1 | V55: 0.12 | W55: 5 | X55: 5 | Y55: 1 | Z55: 5 | AA55: 5 | AB55: 1 | AC55: 4 | AD55: 4 | AE55: 0.64 | AF55: 5 | AG55: 4 | AH55: 0.8 | AI55: 3 | AJ55: 1 | AK55: 0.12 | AL55: 5 | AM55: 1 | AN55: 0.2 | AO55: 5 | AP55: 4 | AQ55: 0.8 | AR55: 3 | AS55: 1 | AT55: 0.12 | AU55: 3 | AV55: 1 | AW55: 0.12 | AX55: 3 | AY55: 1 | AZ55: 0.12 | BA55: 2 | BB55: 2 | BC55: 0.16 | BD55: 5 | BE55: 5 | BF55: 1 | BG55: 4 | BH55: 3 | BI55: 0.48 | BJ55: 4 | BK55: 3 | BL55: 0.48 | BM55: 3 | BN55: 3 | BO55: 0.36 | BP55: 5 | BQ55: 5 | BR55: 1 | BS55: 5 | BT55: 3 | BU55: 0.6 | BV55: 2 | BW55: 1 | BX55: 0.08 | BY55: 4 | BZ55: 3 | CA55: 0.48 | CB55: 3 | CC55: 2 | CD55: 0.24 | CE55: 3 | CF55: 3 | CG55: 0.36 | CH55: 2 | CI55: 3 | CJ55: 0.24 | CK55: 4 | CL55: 3 | CM55: 0.48 | CN55: 0.75333333 | CO55: 0.54666667 | CQ55: 0.41182222
A56: Insufficient coordination among the parties by the owner | B56: 3 | C56: 2 | D56: 0.24 | E56: 3 | F56: 1 | G56: 0.12 | H56: 4 | I56: 4 | J56: 0.64 | K56: 4 | L56: 2 | M56: 0.32 | N56: 3 | O56: 2 | P56: 0.24 | Q56: 3 | R56: 1 | S56: 0.12 | T56: 2 | U56: 1 | V56: 0.08 | W56: 3 | X56: 3 | Y56: 0.36 | Z56: 5 | AA56: 5 | AB56: 1 | AC56: 3 | AD56: 2 | AE56: 0.24 | AF56: 3 | AG56: 2 | AH56: 0.24 | AI56: 1 | AJ56: 5 | AK56: 0.2 | AL56: 3 | AM56: 3 | AN56: 0.36 | AO56: 2 | AP56: 2 | AQ56: 0.16 | AR56: 1 | AS56: 5 | AT56: 0.2 | AU56: 1 | AV56: 5 | AW56: 0.2 | AX56: 1 | AY56: 5 | AZ56: 0.2 | BA56: 1 | BB56: 1 | BC56: 0.04 | BD56: 5 | BE56: 3 | BF56: 0.6 | BG56: 5 | BH56: 3 | BI56: 0.6 | BJ56: 5 | BK56: 3 | BL56: 0.6 | BM56: 3 | BN56: 3 | BO56: 0.36 | BP56: 3 | BQ56: 2 | BR56: 0.24 | BS56: 2 | BT56: 1 | BU56: 0.08 | BV56: 5 | BW56: 2 | BX56: 0.4 | BY56: 5 | BZ56: 3 | CA56: 0.6 | CD56: 0 | CE56: 1 | CF56: 1 | CG56: 0.04 | CH56: 4 | CI56: 3 | CJ56: 0.48 | CK56: 5 | CL56: 3 | CM56: 0.6 | CN56: 0.6137931 | CO56: 0.53793103 | CQ56: 0.33017836
D57: 0 | G57: 0 | J57: 0 | M57: 0 | P57: 0 | S57: 0 | V57: 0 | Y57: 0 | AB57: 0 | AE57: 0 | AH57: 0 | AK57: 0 | AN57: 0 | AQ57: 0 | AT57: 0 | AW57: 0 | AZ57: 0 | BC57: 0 | BF57: 0 | BI57: 0 | BL57: 0 | BO57: 0 | BR57: 0 | BU57: 0 | BX57: 0 | CA57: 0 | CD57: 0 | CG57: 0 | CJ57: 0 | CM57: 0
A58: Consultant | D58: 0 | G58: 0 | J58: 0 | M58: 0 | P58: 0 | S58: 0 | V58: 0 | Y58: 0 | AB58: 0 | AE58: 0 | AH58: 0 | AK58: 0 | AN58: 0 | AQ58: 0 | AT58: 0 | AW58: 0 | AZ58: 0 | BC58: 0 | BF58: 0 | BI58: 0 | BL58: 0 | BO58: 0 | BR58: 0 | BU58: 0 | BX58: 0 | CA58: 0 | CD58: 0 | CG58: 0 | CJ58: 0 | CM58: 0
A59: Ambiguities and mistakes in specifications and drawings | B59: 1 | C59: 3 | D59: 0.12 | E59: 5 | F59: 4 | G59: 0.8 | H59: 5 | I59: 4 | J59: 0.8 | K59: 5 | L59: 3 | M59: 0.6 | N59: 4 | O59: 4 | P59: 0.64 | Q59: 5 | R59: 4 | S59: 0.8 | T59: 3 | U59: 1 | V59: 0.12 | W59: 3 | X59: 2 | Y59: 0.24 | Z59: 5 | AA59: 5 | AB59: 1 | AC59: 4 | AD59: 3 | AE59: 0.48 | AF59: 4 | AG59: 3 | AH59: 0.48 | AI59: 1 | AJ59: 4 | AK59: 0.16 | AL59: 4 | AM59: 3 | AN59: 0.48 | AO59: 4 | AP59: 3 | AQ59: 0.48 | AR59: 1 | AS59: 4 | AT59: 0.16 | AU59: 1 | AV59: 4 | AW59: 0.16 | AX59: 1 | AY59: 4 | AZ59: 0.16 | BA59: 2 | BB59: 2 | BC59: 0.16 | BD59: 5 | BE59: 4 | BF59: 0.8 | BG59: 5 | BH59: 5 | BI59: 1 | BJ59: 5 | BK59: 5 | BL59: 1 | BM59: 4 | BN59: 3 | BO59: 0.48 | BP59: 5 | BQ59: 5 | BR59: 1 | BS59: 3 | BT59: 4 | BU59: 0.48 | BV59: 5 | BW59: 4 | BX59: 0.8 | BY59: 5 | BZ59: 5 | CA59: 1 | CB59: 4 | CC59: 3 | CD59: 0.48 | CE59: 4 | CF59: 3 | CG59: 0.48 | CH59: 5 | CI59: 4 | CJ59: 0.8 | CK59: 5 | CL59: 5 | CM59: 1 | CN59: 0.75333333 | CO59: 0.73333333 | CQ59: 0.55244444
A60: Poor qualification of consultants engineers staff assigned to the project | B60: 2 | C60: 3 | D60: 0.24 | E60: 5 | F60: 4 | G60: 0.8 | H60: 5 | I60: 4 | J60: 0.8 | K60: 4 | L60: 4 | M60: 0.64 | N60: 4 | O60: 4 | P60: 0.64 | Q60: 4 | R60: 4 | S60: 0.64 | T60: 3 | U60: 2 | V60: 0.24 | W60: 2 | X60: 2 | Y60: 0.16 | Z60: 5 | AA60: 3 | AB60: 0.6 | AC60: 4 | AD60: 4 | AE60: 0.64 | AF60: 4 | AG60: 4 | AH60: 0.64 | AI60: 1 | AJ60: 4 | AK60: 0.16 | AL60: 4 | AM60: 3 | AN60: 0.48 | AO60: 5 | AP60: 4 | AQ60: 0.8 | AR60: 1 | AS60: 4 | AT60: 0.16 | AU60: 1 | AV60: 4 | AW60: 0.16 | AX60: 1 | AY60: 4 | AZ60: 0.16 | BA60: 4 | BB60: 1 | BC60: 0.16 | BD60: 5 | BE60: 3 | BF60: 0.6 | BG60: 5 | BH60: 4 | BI60: 0.8 | BJ60: 5 | BK60: 4 | BL60: 0.8 | BM60: 4 | BN60: 3 | BO60: 0.48 | BP60: 4 | BQ60: 2 | BR60: 0.32 | BS60: 3 | BT60: 5 | BU60: 0.6 | BV60: 5 | BW60: 4 | BX60: 0.8 | BY60: 5 | BZ60: 4 | CA60: 0.8 | CB60: 3 | CC60: 2 | CD60: 0.24 | CE60: 3 | CF60: 2 | CG60: 0.24 | CH60: 4 | CI60: 4 | CJ60: 0.64 | CK60: 5 | CL60: 4 | CM60: 0.8 | CN60: 0.73333333 | CO60: 0.68666667 | CQ60: 0.50355556
A61: Delay in the approval of contractor submissions by the engineer | B61: 3 | C61: 3 | D61: 0.36 | E61: 4 | F61: 2 | G61: 0.32 | H61: 5 | I61: 4 | J61: 0.8 | K61: 3 | L61: 1 | M61: 0.12 | N61: 4 | O61: 4 | P61: 0.64 | Q61: 4 | R61: 2 | S61: 0.32 | T61: 1 | U61: 1 | V61: 0.04 | W61: 4 | X61: 4 | Y61: 0.64 | Z61: 5 | AA61: 4 | AB61: 0.8 | AC61: 3 | AD61: 3 | AE61: 0.36 | AF61: 4 | AG61: 2 | AH61: 0.32 | AI61: 1 | AJ61: 4 | AK61: 0.16 | AL61: 4 | AM61: 2 | AN61: 0.32 | AO61: 3 | AP61: 2 | AQ61: 0.24 | AR61: 1 | AS61: 4 | AT61: 0.16 | AU61: 1 | AV61: 4 | AW61: 0.16 | AX61: 1 | AY61: 4 | AZ61: 0.16 | BA61: 1 | BB61: 1 | BC61: 0.04 | BD61: 5 | BE61: 3 | BF61: 0.6 | BG61: 5 | BH61: 5 | BI61: 1 | BJ61: 5 | BK61: 5 | BL61: 1 | BM61: 3 | BN61: 3 | BO61: 0.36 | BP61: 3 | BQ61: 1 | BR61: 0.12 | BS61: 3 | BT61: 1 | BU61: 0.12 | BV61: 5 | BW61: 2 | BX61: 0.4 | BY61: 5 | BZ61: 5 | CA61: 1 | CB61: 4 | CC61: 1 | CD61: 0.16 | CE61: 4 | CF61: 1 | CG61: 0.16 | CH61: 4 | CI61: 4 | CJ61: 0.64 | CK61: 5 | CL61: 5 | CM61: 1 | CN61: 0.68666667 | CO61: 0.58 | CQ61: 0.39826667
A62: Poor coordination by the consultants engineers with the parties involved | B62: 2 | C62: 3 | D62: 0.24 | E62: 4 | F62: 2 | G62: 0.32 | H62: 5 | I62: 4 | J62: 0.8 | K62: 3 | L62: 3 | M62: 0.36 | N62: 4 | O62: 4 | P62: 0.64 | Q62: 4 | R62: 2 | S62: 0.32 | T62: 3 | U62: 1 | V62: 0.12 | W62: 3 | X62: 3 | Y62: 0.36 | Z62: 5 | AA62: 5 | AB62: 1 | AC62: 3 | AD62: 2 | AE62: 0.24 | AF62: 4 | AG62: 3 | AH62: 0.48 | AI62: 1 | AJ62: 5 | AK62: 0.2 | AL62: 3 | AM62: 2 | AN62: 0.24 | AO62: 4 | AP62: 3 | AQ62: 0.48 | AR62: 1 | AS62: 5 | AT62: 0.2 | AU62: 1 | AV62: 5 | AW62: 0.2 | AX62: 1 | AY62: 5 | AZ62: 0.2 | BA62: 1 | BB62: 1 | BC62: 0.04 | BD62: 5 | BE62: 3 | BF62: 0.6 | BG62: 5 | BH62: 4 | BI62: 0.8 | BJ62: 5 | BK62: 4 | BL62: 0.8 | BM62: 4 | BN62: 3 | BO62: 0.48 | BP62: 1 | BQ62: 1 | BR62: 0.04 | BS62: 2 | BT62: 3 | BU62: 0.24 | BV62: 5 | BW62: 1 | BX62: 0.2 | BY62: 5 | BZ62: 4 | CA62: 0.8 | CB62: 4 | CC62: 3 | CD62: 0.48 | CE62: 5 | CF62: 5 | CG62: 1 | CH62: 4 | CI62: 2 | CJ62: 0.32 | CK62: 5 | CL62: 4 | CM62: 0.8 | CN62: 0.68 | CO62: 0.63333333 | CQ62: 0.43066667
A63: Slow response by the consultants engineers regarding testing and inspections | B63: 3 | C63: 2 | D63: 0.24 | E63: 3 | F63: 2 | G63: 0.24 | H63: 4 | I63: 4 | J63: 0.64 | K63: 4 | L63: 3 | M63: 0.48 | N63: 4 | O63: 3 | P63: 0.48 | Q63: 4 | R63: 3 | S63: 0.48 | T63: 2 | U63: 2 | V63: 0.16 | W63: 3 | X63: 3 | Y63: 0.36 | Z63: 5 | AA63: 4 | AB63: 0.8 | AC63: 2 | AD63: 2 | AE63: 0.16 | AF63: 4 | AG63: 2 | AH63: 0.32 | AI63: 1 | AJ63: 4 | AK63: 0.16 | AL63: 4 | AM63: 2 | AN63: 0.32 | AO63: 3 | AP63: 2 | AQ63: 0.24 | AR63: 1 | AS63: 5 | AT63: 0.2 | AU63: 1 | AV63: 4 | AW63: 0.16 | AX63: 1 | AY63: 4 | AZ63: 0.16 | BA63: 2 | BB63: 1 | BC63: 0.08 | BD63: 5 | BE63: 3 | BF63: 0.6 | BG63: 5 | BH63: 5 | BI63: 1 | BJ63: 5 | BK63: 5 | BL63: 1 | BM63: 4 | BN63: 3 | BO63: 0.48 | BP63: 1 | BQ63: 1 | BR63: 0.04 | BS63: 4 | BT63: 4 | BU63: 0.64 | BV63: 5 | BW63: 2 | BX63: 0.4 | BY63: 5 | BZ63: 5 | CA63: 1 | CB63: 3 | CC63: 1 | CD63: 0.12 | CE63: 1 | CF63: 1 | CG63: 0.04 | CH63: 4 | CI63: 4 | CJ63: 0.64 | CK63: 5 | CL63: 5 | CM63: 1 | CN63: 0.65333333 | CO63: 0.60666667 | CQ63: 0.39635556
A64: Slow response by the consultant’s engineers to contractor inquires | B64: 3 | C64: 4 | D64: 0.48 | E64: 5 | F64: 3 | G64: 0.6 | H64: 4 | I64: 4 | J64: 0.64 | K64: 3 | L64: 2 | M64: 0.24 | N64: 4 | O64: 3 | P64: 0.48 | Q64: 3 | R64: 3 | S64: 0.36 | T64: 3 | U64: 3 | V64: 0.36 | W64: 3 | X64: 3 | Y64: 0.36 | Z64: 5 | AA64: 5 | AB64: 1 | AC64: 3 | AD64: 4 | AE64: 0.48 | AF64: 4 | AG64: 3 | AH64: 0.48 | AI64: 1 | AJ64: 5 | AK64: 0.2 | AL64: 4 | AM64: 2 | AN64: 0.32 | AO64: 4 | AP64: 3 | AQ64: 0.48 | AR64: 1 | AS64: 5 | AT64: 0.2 | AU64: 1 | AV64: 5 | AW64: 0.2 | AX64: 1 | AY64: 5 | AZ64: 0.2 | BA64: 1 | BB64: 1 | BC64: 0.04 | BD64: 5 | BE64: 3 | BF64: 0.6 | BG64: 5 | BH64: 4 | BI64: 0.8 | BJ64: 5 | BK64: 4 | BL64: 0.8 | BM64: 4 | BN64: 3 | BO64: 0.48 | BP64: 1 | BQ64: 1 | BR64: 0.04 | BS64: 3 | BT64: 2 | BU64: 0.24 | BV64: 5 | BW64: 3 | BX64: 0.6 | BY64: 5 | BZ64: 4 | CA64: 0.8 | CB64: 3 | CC64: 5 | CD64: 0.6 | CE64: 3 | CF64: 2 | CG64: 0.24 | CH64: 3 | CI64: 3 | CJ64: 0.36 | CK64: 5 | CL64: 4 | CM64: 0.8 | CN64: 0.66666667 | CO64: 0.67333333 | CQ64: 0.44888889
D65: 0 | G65: 0 | J65: 0 | M65: 0 | P65: 0 | S65: 0 | V65: 0 | Y65: 0 | AB65: 0 | AE65: 0 | AH65: 0 | AK65: 0 | AN65: 0 | AQ65: 0 | AT65: 0 | AW65: 0 | AZ65: 0 | BC65: 0 | BF65: 0 | BI65: 0 | BL65: 0 | BO65: 0 | BR65: 0 | BU65: 0 | BX65: 0 | CA65: 0 | CD65: 0 | CG65: 0 | CJ65: 0 | CM65: 0
A66: Exogenous Factors ( EF ) | D66: 0 | G66: 0 | J66: 0 | M66: 0 | P66: 0 | S66: 0 | V66: 0 | Y66: 0 | AB66: 0 | AE66: 0 | AH66: 0 | AK66: 0 | AN66: 0 | AQ66: 0 | AT66: 0 | AW66: 0 | AZ66: 0 | BC66: 0 | BF66: 0 | BI66: 0 | BL66: 0 | BO66: 0 | BR66: 0 | BU66: 0 | BX66: 0 | CA66: 0 | CD66: 0 | CG66: 0 | CJ66: 0 | CM66: 0
A67: Severe weather condition on the job site | B67: 4 | C67: 2 | D67: 0.32 | E67: 5 | F67: 3 | G67: 0.6 | H67: 5 | I67: 4 | J67: 0.8 | K67: 2 | L67: 1 | M67: 0.08 | N67: 4 | O67: 2 | P67: 0.32 | Q67: 3 | R67: 5 | S67: 0.6 | T67: 2 | U67: 1 | V67: 0.08 | W67: 3 | X67: 3 | Y67: 0.36 | Z67: 5 | AA67: 4 | AB67: 0.8 | AC67: 5 | AD67: 5 | AE67: 1 | AF67: 3 | AG67: 2 | AH67: 0.24 | AI67: 2 | AJ67: 1 | AK67: 0.08 | AL67: 4 | AM67: 3 | AN67: 0.48 | AO67: 2 | AP67: 2 | AQ67: 0.16 | AR67: 2 | AS67: 1 | AT67: 0.08 | AU67: 2 | AV67: 1 | AW67: 0.08 | AX67: 2 | AY67: 1 | AZ67: 0.08 | BA67: 5 | BB67: 5 | BC67: 1 | BD67: 5 | BE67: 2 | BF67: 0.4 | BG67: 5 | BH67: 5 | BI67: 1 | BJ67: 5 | BK67: 5 | BL67: 1 | BM67: 3 | BN67: 3 | BO67: 0.36 | BP67: 3 | BQ67: 4 | BR67: 0.48 | BS67: 3 | BT67: 2 | BU67: 0.24 | BV67: 5 | BW67: 3 | BX67: 0.6 | BY67: 5 | BZ67: 5 | CA67: 1 | CB67: 3 | CC67: 5 | CD67: 0.6 | CE67: 3 | CF67: 5 | CG67: 0.6 | CH67: 5 | CI67: 5 | CJ67: 1 | CK67: 5 | CL67: 5 | CM67: 1 | CN67: 0.73333333 | CO67: 0.63333333 | CQ67: 0.46444444
A68: Difficulties in obtaining work permits | B68: 2 | C68: 2 | D68: 0.16 | E68: 4 | F68: 3 | G68: 0.48 | H68: 4 | I68: 4 | J68: 0.64 | K68: 3 | L68: 2 | M68: 0.24 | N68: 4 | O68: 2 | P68: 0.32 | Q68: 3 | R68: 2 | S68: 0.24 | T68: 2 | U68: 2 | V68: 0.16 | W68: 2 | X68: 2 | Y68: 0.16 | Z68: 5 | AA68: 4 | AB68: 0.8 | AC68: 4 | AD68: 4 | AE68: 0.64 | AF68: 3 | AG68: 2 | AH68: 0.24 | AI68: 2 | AJ68: 1 | AK68: 0.08 | AL68: 4 | AM68: 2 | AN68: 0.32 | AO68: 3 | AP68: 2 | AQ68: 0.24 | AR68: 5 | AS68: 1 | AT68: 0.2 | AU68: 5 | AV68: 1 | AW68: 0.2 | AX68: 5 | AY68: 1 | AZ68: 0.2 | BA68: 2 | BB68: 1 | BC68: 0.08 | BD68: 5 | BE68: 3 | BF68: 0.6 | BG68: 5 | BH68: 2 | BI68: 0.4 | BJ68: 5 | BK68: 2 | BL68: 0.4 | BM68: 3 | BN68: 3 | BO68: 0.36 | BP68: 4 | BQ68: 2 | BR68: 0.32 | BS68: 1 | BT68: 1 | BU68: 0.04 | BV68: 5 | BW68: 2 | BX68: 0.4 | BY68: 5 | BZ68: 3 | CA68: 0.6 | CB68: 3 | CC68: 4 | CD68: 0.48 | CE68: 2 | CF68: 3 | CG68: 0.24 | CH68: 5 | CI68: 2 | CJ68: 0.4 | CK68: 5 | CL68: 2 | CM68: 0.4 | CN68: 0.73333333 | CO68: 0.44666667 | CQ68: 0.32755556
A69: Unforeseen site conditions | B69: 4 | C69: 2 | D69: 0.32 | E69: 3 | F69: 2 | G69: 0.24 | H69: 4 | I69: 4 | J69: 0.64 | K69: 2 | L69: 2 | M69: 0.16 | N69: 3 | O69: 2 | P69: 0.24 | Q69: 4 | R69: 2 | S69: 0.32 | T69: 3 | U69: 1 | V69: 0.12 | W69: 2 | X69: 2 | Y69: 0.16 | Z69: 5 | AA69: 4 | AB69: 0.8 | AC69: 4 | AD69: 3 | AE69: 0.48 | AF69: 4 | AG69: 2 | AH69: 0.32 | AI69: 2 | AJ69: 1 | AK69: 0.08 | AL69: 3 | AM69: 2 | AN69: 0.24 | AO69: 2 | AP69: 2 | AQ69: 0.16 | AR69: 2 | AS69: 1 | AT69: 0.08 | AU69: 2 | AV69: 1 | AW69: 0.08 | AX69: 2 | AY69: 1 | AZ69: 0.08 | BA69: 1 | BB69: 1 | BC69: 0.04 | BD69: 5 | BE69: 4 | BF69: 0.8 | BG69: 4 | BH69: 2 | BI69: 0.32 | BJ69: 4 | BK69: 2 | BL69: 0.32 | BM69: 3 | BN69: 3 | BO69: 0.36 | BP69: 5 | BQ69: 3 | BR69: 0.6 | BS69: 1 | BT69: 1 | BU69: 0.04 | BV69: 1 | BW69: 2 | BX69: 0.08 | BY69: 4 | BZ69: 2 | CA69: 0.32 | CB69: 3 | CC69: 2 | CD69: 0.24 | CE69: 3 | CF69: 2 | CG69: 0.24 | CH69: 4 | CI69: 2 | CJ69: 0.32 | CK69: 4 | CL69: 3 | CM69: 0.48 | CN69: 0.62 | CO69: 0.42 | CQ69: 0.2604
G70: 0 | J70: 0 | M70: 0 | P70: 0 | S70: 0 | V70: 0 | Y70: 0 | AB70: 0 | AE70: 0 | AH70: 0 | AK70: 0 | AN70: 0 | AQ70: 0 | AT70: 0 | AW70: 0 | AZ70: 0 | BC70: 0 | BF70: 0 | BI70: 0 | BL70: 0 | BO70: 0 | BR70: 0 | BU70: 0 | BX70: 0 | CA70: 0 | CD70: 0 | CG70: 0 | CJ70: 0 | CM70: 0
A71: Cost Overrun variables | B71: Importance | C71: Frequency | E71: Importance | F71: Frequency | H71: Importance | I71: Frequency | K71: Importance | L71: Frequency | N71: Importance | O71: Frequency | Q71: Importance | R71: Frequency | T71: Importance | U71: Frequency | W71: Importance | X71: Frequency | Z71: Importance | AA71: Frequency | AC71: Importance | AD71: Frequency | AF71: Importance | AG71: Frequency | AI71: Importance | AJ71: Frequency | AL71: Importance | AM71: Frequency | AO71: Importance | AP71: Frequency | AR71: Importance | AS71: Frequency | AU71: Importance | AV71: Frequency | AX71: Importance | AY71: Frequency | BA71: Importance | BB71: Frequency | BD71: Importance | BE71: Frequency | BG71: Importance | BH71: Frequency | BJ71: Importance | BK71: Frequency | BM71: Importance | BN71: Frequency | BP71: Importance | BQ71: Frequency | BS71: Importance | BT71: Frequency | BV71: Importance | BW71: Frequency | BY71: Importance | BZ71: Frequency | CB71: Importance | CC71: Frequency | CE71: Importance | CF71: Frequency | CH71: Importance | CI71: Frequency | CK71: Importance | CL71: Frequency
A72: Unpredictable weather conditions | B72: 3 | C72: 2 | D72: 0.24 | E72: 4 | F72: 3 | G72: 0.48 | H72: 5 | I72: 4 | J72: 0.8 | K72: 1 | L72: 1 | M72: 0.04 | N72: 4 | O72: 2 | P72: 0.32 | Q72: 1 | R72: 1 | S72: 0.04 | T72: 3 | U72: 2 | V72: 0.24 | W72: 1 | X72: 1 | Y72: 0.04 | Z72: 3 | AA72: 3 | AB72: 0.36 | AC72: 4 | AD72: 4 | AE72: 0.64 | AF72: 3 | AG72: 2 | AH72: 0.24 | AI72: 2 | AJ72: 1 | AK72: 0.08 | AL72: 4 | AM72: 2 | AN72: 0.32 | AO72: 1 | AP72: 1 | AQ72: 0.04 | AR72: 2 | AS72: 1 | AT72: 0.08 | AU72: 2 | AV72: 1 | AW72: 0.08 | AX72: 2 | AY72: 1 | AZ72: 0.08 | BA72: 1 | BB72: 1 | BC72: 0.04 | BD72: 5 | BE72: 2 | BF72: 0.4 | BG72: 4 | BH72: 3 | BI72: 0.48 | BJ72: 4 | BK72: 3 | BL72: 0.48 | BM72: 2 | BN72: 3 | BO72: 0.24 | BP72: 5 | BQ72: 4 | BR72: 0.8 | BS72: 2 | BT72: 3 | BU72: 0.24 | BV72: 1 | BW72: 2 | BX72: 0.08 | BY72: 4 | BZ72: 5 | CA72: 0.8 | CB72: 5 | CC72: 3 | CD72: 0.6 | CE72: 5 | CF72: 3 | CG72: 0.6 | CH72: 5 | CI72: 2 | CJ72: 0.4 | CK72: 4 | CL72: 3 | CM72: 0.48 | CN72: 0.61333333 | CO72: 0.46 | CQ72: 0.28213333
A73: Material cost increase by inflation | B73: 3 | C73: 5 | D73: 0.6 | E73: 4 | F73: 3 | G73: 0.48 | H73: 5 | I73: 3 | J73: 0.6 | K73: 3 | L73: 2 | M73: 0.24 | N73: 4 | O73: 4 | P73: 0.64 | Q73: 5 | R73: 4 | S73: 0.8 | T73: 3 | U73: 2 | V73: 0.24 | W73: 3 | X73: 3 | Y73: 0.36 | Z73: 5 | AA73: 5 | AB73: 1 | AC73: 4 | AD73: 4 | AE73: 0.64 | AF73: 4 | AG73: 3 | AH73: 0.48 | AI73: 1 | AJ73: 3 | AK73: 0.12 | AL73: 3 | AM73: 2 | AN73: 0.24 | AO73: 4 | AP73: 3 | AQ73: 0.48 | AR73: 1 | AS73: 3 | AT73: 0.12 | AU73: 1 | AV73: 3 | AW73: 0.12 | AX73: 1 | AY73: 3 | AZ73: 0.12 | BA73: 1 | BB73: 4 | BC73: 0.16 | BD73: 5 | BE73: 5 | BF73: 1 | BG73: 5 | BH73: 5 | BI73: 1 | BJ73: 5 | BK73: 5 | BL73: 1 | BM73: 3 | BN73: 3 | BO73: 0.36 | BP73: 4 | BQ73: 3 | BR73: 0.48 | BS73: 3 | BT73: 3 | BU73: 0.36 | BV73: 5 | BW73: 4 | BX73: 0.8 | BY73: 5 | BZ73: 5 | CA73: 1 | CB73: 4 | CC73: 2 | CD73: 0.32 | CE73: 4 | CF73: 1 | CG73: 0.16 | CH73: 3 | CI73: 4 | CJ73: 0.48 | CK73: 5 | CL73: 5 | CM73: 1 | CN73: 0.70666667 | CO73: 0.69333333 | CQ73: 0.48995556
A74: Inaccurate quantity takeoff | B74: 2 | C74: 3 | D74: 0.24 | E74: 5 | F74: 5 | G74: 1 | H74: 5 | I74: 5 | J74: 1 | K74: 3 | L74: 2 | M74: 0.24 | N74: 4 | O74: 4 | P74: 0.64 | Q74: 5 | R74: 4 | S74: 0.8 | T74: 3 | U74: 2 | V74: 0.24 | W74: 3 | X74: 3 | Y74: 0.36 | Z74: 5 | AA74: 3 | AB74: 0.6 | AC74: 4 | AD74: 3 | AE74: 0.48 | AF74: 5 | AG74: 4 | AH74: 0.8 | AI74: 1 | AJ74: 3 | AK74: 0.12 | AL74: 4 | AM74: 2 | AN74: 0.32 | AO74: 3 | AP74: 2 | AQ74: 0.24 | AR74: 1 | AS74: 3 | AT74: 0.12 | AU74: 1 | AV74: 3 | AW74: 0.12 | AX74: 1 | AY74: 3 | AZ74: 0.12 | BA74: 4 | BB74: 1 | BC74: 0.16 | BD74: 5 | BE74: 3 | BF74: 0.6 | BG74: 4 | BH74: 3 | BI74: 0.48 | BJ74: 4 | BK74: 3 | BL74: 0.48 | BM74: 3 | BN74: 3 | BO74: 0.36 | BP74: 2 | BQ74: 2 | BR74: 0.16 | BS74: 4 | BT74: 5 | BU74: 0.8 | BV74: 5 | BW74: 5 | BX74: 1 | BY74: 4 | BZ74: 3 | CA74: 0.48 | CB74: 3 | CC74: 1 | CD74: 0.12 | CE74: 3 | CF74: 1 | CG74: 0.12 | CH74: 2 | CI74: 1 | CJ74: 0.08 | CK74: 4 | CL74: 3 | CM74: 0.48 | CN74: 0.68 | CO74: 0.58666667 | CQ74: 0.39893333
A75: Lack of experience of local regulations | B75: 4 | C75: 4 | D75: 0.64 | E75: 4 | F75: 2 | G75: 0.32 | H75: 4 | I75: 4 | J75: 0.64 | K75: 4 | L75: 2 | M75: 0.32 | N75: 4 | O75: 3 | P75: 0.48 | Q75: 3 | R75: 3 | S75: 0.36 | T75: 2 | U75: 1 | V75: 0.08 | W75: 3 | X75: 3 | Y75: 0.36 | Z75: 5 | AA75: 3 | AB75: 0.6 | AC75: 3 | AD75: 2 | AE75: 0.24 | AF75: 3 | AG75: 2 | AH75: 0.24 | AI75: 1 | AJ75: 3 | AK75: 0.12 | AL75: 3 | AM75: 2 | AN75: 0.24 | AO75: 3 | AP75: 2 | AQ75: 0.24 | AR75: 1 | AS75: 3 | AT75: 0.12 | AU75: 1 | AV75: 3 | AW75: 0.12 | AX75: 1 | AY75: 3 | AZ75: 0.12 | BA75: 3 | BB75: 1 | BC75: 0.12 | BD75: 5 | BE75: 4 | BF75: 0.8 | BG75: 5 | BH75: 2 | BI75: 0.4 | BJ75: 5 | BK75: 2 | BL75: 0.4 | BM75: 3 | BN75: 3 | BO75: 0.36 | BP75: 1 | BQ75: 1 | BR75: 0.04 | BS75: 5 | BT75: 4 | BU75: 0.8 | BV75: 1 | BW75: 1 | BX75: 0.04 | BY75: 5 | BZ75: 2 | CA75: 0.4 | CB75: 3 | CC75: 5 | CD75: 0.6 | CE75: 1 | CF75: 2 | CG75: 0.08 | CH75: 4 | CI75: 5 | CJ75: 0.8 | CK75: 5 | CL75: 2 | CM75: 0.4 | CN75: 0.63333333 | CO75: 0.52666667 | CQ75: 0.33355556
A76: Lack of experience of project location | B76: 4 | C76: 2 | D76: 0.32 | E76: 4 | F76: 2 | G76: 0.32 | H76: 4 | I76: 4 | J76: 0.64 | K76: 4 | L76: 2 | M76: 0.32 | N76: 4 | O76: 3 | P76: 0.48 | Q76: 1 | R76: 1 | S76: 0.04 | T76: 3 | U76: 1 | V76: 0.12 | W76: 3 | X76: 3 | Y76: 0.36 | Z76: 5 | AA76: 4 | AB76: 0.8 | AC76: 2 | AD76: 2 | AE76: 0.16 | AF76: 4 | AG76: 4 | AH76: 0.64 | AI76: 1 | AJ76: 4 | AK76: 0.16 | AL76: 4 | AM76: 2 | AN76: 0.32 | AO76: 4 | AP76: 2 | AQ76: 0.32 | AR76: 1 | AS76: 4 | AT76: 0.16 | AU76: 1 | AV76: 4 | AW76: 0.16 | AX76: 1 | AY76: 4 | AZ76: 0.16 | BA76: 2 | BB76: 2 | BC76: 0.16 | BD76: 4 | BE76: 3 | BF76: 0.48 | BG76: 4 | BH76: 3 | BI76: 0.48 | BJ76: 4 | BK76: 3 | BL76: 0.48 | BM76: 3 | BN76: 3 | BO76: 0.36 | BP76: 4 | BQ76: 4 | BR76: 0.64 | BS76: 4 | BT76: 2 | BU76: 0.32 | BV76: 5 | BW76: 3 | BX76: 0.6 | BY76: 4 | BZ76: 3 | CA76: 0.48 | CB76: 4 | CC76: 5 | CD76: 0.8 | CE76: 1 | CF76: 3 | CG76: 0.12 | CH76: 5 | CI76: 5 | CJ76: 1 | CK76: 4 | CL76: 3 | CM76: 0.48 | CN76: 0.65333333 | CO76: 0.6 | CQ76: 0.392
A77: Lack of experience of project type | B77: 2 | C77: 3 | D77: 0.24 | E77: 3 | F77: 1 | G77: 0.12 | H77: 4 | I77: 4 | J77: 0.64 | K77: 4 | L77: 2 | M77: 0.32 | N77: 4 | O77: 2 | P77: 0.32 | Q77: 1 | R77: 3 | S77: 0.12 | T77: 3 | U77: 1 | V77: 0.12 | W77: 3 | X77: 3 | Y77: 0.36 | Z77: 5 | AA77: 5 | AB77: 1 | AC77: 2 | AD77: 2 | AE77: 0.16 | AF77: 3 | AG77: 5 | AH77: 0.6 | AI77: 1 | AJ77: 3 | AK77: 0.12 | AL77: 2 | AM77: 2 | AN77: 0.16 | AO77: 3 | AP77: 3 | AQ77: 0.36 | AR77: 1 | AS77: 3 | AT77: 0.12 | AU77: 1 | AV77: 3 | AW77: 0.12 | AX77: 1 | AY77: 3 | AZ77: 0.12 | BA77: 1 | BB77: 1 | BC77: 0.04 | BD77: 5 | BE77: 2 | BF77: 0.4 | BG77: 5 | BH77: 2 | BI77: 0.4 | BJ77: 5 | BK77: 2 | BL77: 0.4 | BM77: 3 | BN77: 3 | BO77: 0.36 | BP77: 3 | BQ77: 2 | BR77: 0.24 | BS77: 1 | BT77: 3 | BU77: 0.12 | BV77: 5 | BW77: 2 | BX77: 0.4 | BY77: 5 | BZ77: 2 | CA77: 0.4 | CB77: 4 | CC77: 3 | CD77: 0.48 | CE77: 4 | CF77: 5 | CG77: 0.8 | CH77: 5 | CI77: 5 | CJ77: 1 | CK77: 5 | CL77: 2 | CM77: 0.4 | CN77: 0.62666667 | CO77: 0.54666667 | CQ77: 0.34257778
A78: Fuel cost increase | B78: 2 | C78: 3 | D78: 0.24 | E78: 4 | F78: 3 | G78: 0.48 | H78: 4 | I78: 4 | J78: 0.64 | K78: 1 | L78: 1 | M78: 0.04 | N78: 4 | O78: 4 | P78: 0.64 | Q78: 5 | R78: 5 | S78: 1 | T78: 2 | U78: 2 | V78: 0.16 | W78: 2 | X78: 2 | Y78: 0.16 | Z78: 4 | AA78: 4 | AB78: 0.64 | AC78: 3 | AD78: 3 | AE78: 0.36 | AF78: 4 | AG78: 3 | AH78: 0.48 | AI78: 2 | AJ78: 1 | AK78: 0.08 | AL78: 1 | AM78: 1 | AN78: 0.04 | AO78: 2 | AP78: 1 | AQ78: 0.08 | AR78: 2 | AS78: 1 | AT78: 0.08 | AU78: 2 | AV78: 1 | AW78: 0.08 | AX78: 2 | AY78: 1 | AZ78: 0.08 | BA78: 1 | BB78: 4 | BC78: 0.16 | BD78: 5 | BE78: 5 | BF78: 1 | BG78: 5 | BH78: 5 | BI78: 1 | BJ78: 5 | BK78: 5 | BL78: 1 | BM78: 4 | BN78: 4 | BO78: 0.64 | BP78: 5 | BQ78: 5 | BR78: 1 | BS78: 5 | BT78: 5 | BU78: 1 | BV78: 5 | BW78: 4 | BX78: 0.8 | BY78: 5 | BZ78: 5 | CA78: 1 | CB78: 4 | CC78: 2 | CD78: 0.32 | CE78: 5 | CF78: 5 | CG78: 1 | CH78: 3 | CI78: 5 | CJ78: 0.6 | CK78: 5 | CL78: 5 | CM78: 1 | CN78: 0.68666667 | CO78: 0.66 | CQ78: 0.4532
A79: Design changes | B79: 3 | C79: 2 | D79: 0.24 | E79: 4 | F79: 4 | G79: 0.64 | H79: 5 | I79: 3 | J79: 0.6 | K79: 3 | L79: 1 | M79: 0.12 | N79: 4 | O79: 4 | P79: 0.64 | Q79: 5 | R79: 5 | S79: 1 | T79: 2 | U79: 2 | V79: 0.16 | W79: 3 | X79: 3 | Y79: 0.36 | Z79: 5 | AA79: 4 | AB79: 0.8 | AC79: 3 | AD79: 3 | AE79: 0.36 | AF79: 4 | AG79: 3 | AH79: 0.48 | AI79: 1 | AJ79: 3 | AK79: 0.12 | AL79: 4 | AM79: 4 | AN79: 0.64 | AO79: 3 | AP79: 1 | AQ79: 0.12 | AR79: 1 | AS79: 3 | AT79: 0.12 | AU79: 1 | AV79: 3 | AW79: 0.12 | AX79: 1 | AY79: 3 | AZ79: 0.12 | BA79: 4 | BB79: 3 | BC79: 0.48 | BD79: 5 | BE79: 4 | BF79: 0.8 | BG79: 5 | BH79: 4 | BI79: 0.8 | BJ79: 5 | BK79: 4 | BL79: 0.8 | BM79: 4 | BN79: 4 | BO79: 0.64 | BP79: 4 | BQ79: 3 | BR79: 0.48 | BS79: 4 | BT79: 5 | BU79: 0.8 | BV79: 3 | BW79: 2 | BX79: 0.24 | BY79: 5 | BZ79: 4 | CA79: 0.8 | CB79: 3 | CC79: 1 | CD79: 0.12 | CE79: 3 | CF79: 1 | CG79: 0.12 | CH79: 4 | CI79: 1 | CJ79: 0.16 | CK79: 5 | CL79: 4 | CM79: 0.8 | CN79: 0.70666667 | CO79: 0.60666667 | CQ79: 0.42871111
A80: Equipment shortage | B80: 2 | C80: 1 | D80: 0.08 | E80: 4 | F80: 3 | G80: 0.48 | H80: 5 | I80: 3 | J80: 0.6 | K80: 1 | L80: 1 | M80: 0.04 | N80: 4 | O80: 3 | P80: 0.48 | Q80: 1 | R80: 4 | S80: 0.16 | T80: 4 | U80: 2 | V80: 0.32 | W80: 2 | X80: 2 | Y80: 0.16 | Z80: 5 | AA80: 5 | AB80: 1 | AC80: 3 | AD80: 3 | AE80: 0.36 | AF80: 4 | AG80: 4 | AH80: 0.64 | AI80: 2 | AJ80: 1 | AK80: 0.08 | AL80: 2 | AM80: 2 | AN80: 0.16 | AO80: 1 | AP80: 1 | AQ80: 0.04 | AR80: 2 | AS80: 1 | AT80: 0.08 | AU80: 2 | AV80: 1 | AW80: 0.08 | AX80: 2 | AY80: 1 | AZ80: 0.08 | BA80: 1 | BB80: 1 | BC80: 0.04 | BD80: 4 | BE80: 2 | BF80: 0.32 | BG80: 4 | BH80: 1 | BI80: 0.16 | BJ80: 4 | BK80: 1 | BL80: 0.16 | BM80: 4 | BN80: 4 | BO80: 0.64 | BP80: 1 | BQ80: 1 | BR80: 0.04 | BS80: 1 | BT80: 1 | BU80: 0.04 | BV80: 4 | BW80: 1 | BX80: 0.16 | BY80: 4 | BZ80: 1 | CA80: 0.16 | CB80: 3 | CC80: 3 | CD80: 0.36 | CE80: 3 | CF80: 1 | CG80: 0.12 | CH80: 3 | CI80: 3 | CJ80: 0.36 | CK80: 4 | CL80: 1 | CM80: 0.16 | CN80: 0.57333333 | CO80: 0.39333333 | CQ80: 0.22551111

Sheet Freq DATA
B5: Delay Variables | C5: Frequency | D5: Frequency | E5: Frequency | F5: Frequency | G5: Frequency | H5: Frequency | I5: Frequency | J5: Frequency | K5: Frequency | L5: Frequency | M5: Frequency | N5: Frequency | O5: Frequency | P5: Frequency | Q5: Frequency | R5: Frequency | S5: Frequency | T5: Frequency | U5: Frequency | V5: Frequency | W5: Frequency | X5: Frequency | Y5: Frequency | Z5: Frequency | AA5: Frequency | AB5: Frequency | AC5: Frequency | AD5: Frequency | AE5: Frequency | AF5: Frequency
B6: Labor ( L )
B7: Shortage of manpower | C7: 4 | D7: 2 | E7: 2 | F7: 2 | G7: 2 | H7: 4 | I7: 2 | J7: 3 | K7: 5 | L7: 3 | M7: 3 | N7: 2 | O7: 2 | P7: 2 | Q7: 2 | R7: 2 | S7: 2 | T7: 1 | U7: 1 | V7: 3 | W7: 3 | X7: 4 | Y7: 3 | Z7: 3 | AA7: 1 | AB7: 3 | AC7: 3 | AD7: 3 | AE7: 4 | AF7: 3
B8: Presence of unskilled labors | C8: 3 | D8: 3 | E8: 2 | F8: 2 | G8: 3 | H8: 4 | I8: 3 | J8: 5 | K8: 3 | L8: 2 | M8: 2 | N8: 2 | O8: 3 | P8: 2 | Q8: 2 | R8: 2 | S8: 2 | T8: 2 | U8: 3 | V8: 4 | W8: 4 | X8: 4 | Y8: 5 | Z8: 4 | AA8: 2 | AB8: 4 | AC8: 2 | AD8: 5 | AE8: 3 | AF8: 5
B10: Materials ( M )
B11: Shortage of materials | C11: 2 | D11: 1 | E11: 1 | F11: 5 | G11: 3 | H11: 4 | I11: 2 | J11: 1 | K11: 5 | L11: 5 | M11: 2 | N11: 1 | O11: 2 | P11: 4 | Q11: 1 | R11: 1 | S11: 1 | T11: 1 | U11: 1 | V11: 1 | W11: 1 | X11: 4 | Y11: 3 | Z11: 1 | AA11: 1 | AB11: 2 | AC11: 5 | AD11: 2 | AE11: 5 | AF11: 2
B12: Delay in materials delivery | C12: 3 | D12: 3 | E12: 2 | F12: 3 | G12: 3 | H12: 4 | I12: 3 | J12: 1 | K12: 5 | L12: 4 | M12: 2 | N12: 3 | O12: 2 | P12: 3 | Q12: 3 | R12: 3 | S12: 3 | T12: 1 | U12: 3 | V12: 1 | W12: 1 | X12: 4 | Y12: 5 | Z12: 2 | AA12: 4 | AB12: 2 | AC12: 4 | AD12: 1 | AE12: 1 | AF12: 1
B13: Materials price regulations | C13: 1 | D13: 2 | E13: 3 | F13: 2 | G13: 3 | H13: 3 | I13: 3 | J13: 3 | K13: 4 | L13: 3 | M13: 3 | N13: 1 | O13: 1 | P13: 2 | Q13: 1 | R13: 1 | S13: 1 | T13: 1 | U13: 4 | V13: 3 | W13: 3 | X13: 4 | Y13: 3 | Z13: 3 | AA13: 1 | AB13: 3 | AC13: 2 | AD13: 0 | AE13: 3 | AF13: 3
B14: Modification in material specifications | C14: 2 | D14: 2 | E14: 3 | F14: 5 | G14: 3 | H14: 4 | I14: 3 | J14: 3 | K14: 2 | L14: 3 | M14: 4 | N14: 1 | O14: 1 | P14: 5 | Q14: 1 | R14: 1 | S14: 1 | T14: 1 | U14: 2 | V14: 5 | W14: 5 | X14: 4 | Y14: 3 | Z14: 3 | AA14: 1 | AB14: 5 | AC14: 1 | AD14: 0 | AE14: 4 | AF14: 4
B17: Shortage of equipment | C17: 3 | D17: 3 | E17: 4 | F17: 4 | G17: 3 | H17: 2 | I17: 2 | J17: 1 | K17: 5 | L17: 5 | M17: 2 | N17: 1 | O17: 1 | P17: 5 | Q17: 1 | R17: 1 | S17: 1 | T17: 1 | U17: 3 | V17: 1 | W17: 1 | X17: 4 | Y17: 3 | Z17: 1 | AA17: 2 | AB17: 1 | AC17: 4 | AD17: 1 | AE17: 3 | AF17: 1
B18: Failure of equipment | C18: 4 | D18: 3 | E18: 4 | F18: 4 | G18: 3 | H18: 2 | I18: 3 | J18: 1 | K18: 5 | L18: 4 | M18: 2 | N18: 1 | O18: 1 | P18: 2 | Q18: 1 | R18: 1 | S18: 1 | T18: 1 | U18: 3 | V18: 1 | W18: 1 | X18: 4 | Y18: 3 | Z18: 1 | AA18: 1 | AB18: 1 | AC18: 3 | AD18: 1 | AE18: 2 | AF18: 1
B20: Internal Enviroment ( IE )
B21: Contractor
B22: Shortage of technical professional in the contractors organization | C22: 2 | D22: 2 | E22: 2 | F22: 3 | G22: 4 | H22: 4 | I22: 2 | J22: 2 | K22: 4 | L22: 3 | M22: 3 | N22: 5 | O22: 2 | P22: 3 | Q22: 5 | R22: 5 | S22: 5 | T22: 1 | U22: 3 | V22: 3 | W22: 3 | X22: 4 | Y22: 3 | Z22: 2 | AA22: 3 | AB22: 3 | AC22: 2 | AD22: 4 | AE22: 3 | AF22: 2
B23: Insufficient coordination among the parties by the contractor | C23: 3 | D23: 2 | E23: 4 | F23: 2 | G23: 4 | H23: 3 | I23: 2 | J23: 2 | K23: 5 | L23: 3 | M23: 3 | N23: 5 | O23: 2 | P23: 3 | Q23: 5 | R23: 5 | S23: 5 | T23: 1 | U23: 3 | V23: 3 | W23: 3 | X23: 4 | Y23: 3 | Z23: 3 | AA23: 2 | AB23: 5 | AC23: 1 | AD23: 1 | AE23: 5 | AF23: 1
B24: Delay in mobilization | C24: 2 | D24: 2 | E24: 2 | F24: 5 | G24: 2 | H24: 2 | I24: 2 | J24: 1 | K24: 4 | L24: 3 | M24: 5 | N24: 5 | O24: 1 | P24: 5 | Q24: 5 | R24: 5 | S24: 5 | T24: 1 | U24: 3 | V24: 3 | W24: 3 | X24: 4 | Y24: 5 | Z24: 2 | AA24: 1 | AB24: 3 | AC24: 4 | AD24: 1 | AE24: 3 | AF24: 3
B25: Safety rules and regulations are not followed within the contractors regulations | C25: 2 | D25: 1 | E25: 2 | F25: 1 | G25: 3 | H25: 1 | I25: 2 | J25: 1 | K25: 4 | L25: 3 | M25: 1 | N25: 5 | O25: 1 | P25: 1 | Q25: 5 | R25: 5 | S25: 5 | T25: 1 | U25: 3 | V25: 2 | W25: 2 | X25: 4 | Y25: 4 | Z25: 3 | AA25: 1 | AB25: 2 | AC25: 2 | AD25: 2 | AE25: 2 | AF25: 2
B26: Incompetent technical staff assigned to the project | C26: 2 | D26: 1 | E26: 2 | F26: 1 | G26: 3 | H26: 3 | I26: 2 | J26: 1 | K26: 5 | L26: 1 | M26: 2 | N26: 1 | O26: 2 | P26: 2 | Q26: 1 | R26: 1 | S26: 1 | T26: 2 | U26: 4 | V26: 4 | W26: 4 | X26: 4 | Y26: 2 | Z26: 2 | AA26: 3 | AB26: 4 | AC26: 3 | AD26: 1 | AE26: 4 | AF26: 4
B27: Improper technical study by the contractor during the bedding stage | C27: 2 | D27: 4 | E27: 3 | F27: 4 | G27: 2 | H27: 1 | I27: 2 | J27: 2 | K27: 4 | L27: 3 | M27: 5 | N27: 1 | O27: 5 | P27: 5 | Q27: 1 | R27: 1 | S27: 1 | T27: 3 | U27: 3 | V27: 4 | W27: 4 | X27: 3 | Y27: 3 | Z27: 4 | AA27: 2 | AB27: 4 | AC27: 5 | AD27: 2 | AE27: 5 | AF27: 4
B28: Poor planning on scheduling of the project by the contractor | C28: 2 | D28: 3 | E28: 3 | F28: 5 | G28: 2 | H28: 5 | I28: 3 | J28: 5 | K28: 5 | L28: 3 | M28: 4 | N28: 5 | O28: 5 | P28: 4 | Q28: 5 | R28: 5 | S28: 5 | T28: 2 | U28: 5 | V28: 3 | W28: 3 | X28: 3 | Y28: 5 | Z28: 3 | AA28: 2 | AB28: 3 | AC28: 5 | AD28: 4 | AE28: 4 | AF28: 3
B29: Improper handling of the project progress by the contractor | C29: 2 | D29: 2 | E29: 3 | F29: 3 | G29: 3 | H29: 4 | I29: 3 | J29: 3 | K29: 5 | L29: 2 | M29: 4 | N29: 1 | O29: 3 | P29: 4 | Q29: 1 | R29: 1 | S29: 1 | T29: 1 | U29: 3 | V29: 3 | W29: 3 | X29: 3 | Y29: 5 | Z29: 2 | AA29: 2 | AB29: 3 | AC29: 2 | AD29: 2 | AE29: 3 | AF29: 3
B30: Ineffective quality control by the contractor | C30: 2 | D30: 3 | E30: 2 | F30: 4 | G30: 2 | H30: 4 | I30: 2 | J30: 1 | K30: 4 | L30: 4 | M30: 4 | N30: 1 | O30: 2 | P30: 4 | Q30: 1 | R30: 1 | S30: 1 | T30: 2 | U30: 4 | V30: 2 | W30: 2 | X30: 3 | Y30: 1 | Z30: 1 | AA30: 3 | AB30: 2 | AC30: 1 | AD30: 1 | AE30: 3 | AF30: 2
B31: Financial difficulties faced by the contractor | C31: 2 | D31: 3 | E31: 5 | F31: 1 | G31: 4 | H31: 3 | I31: 2 | J31: 2 | K31: 4 | L31: 4 | M31: 5 | N31: 1 | O31: 2 | P31: 5 | Q31: 3 | R31: 3 | S31: 3 | T31: 5 | U31: 2 | V31: 3 | W31: 3 | X31: 3 | Y31: 2 | Z31: 2 | AA31: 2 | AB31: 3 | AC31: 0 | AD31: 3 | AE31: 3 | AF31: 3
B32: Delays by the contractor payments to subcontractors | C32: 2 | D32: 3 | E32: 5 | F32: 3 | G32: 4 | H32: 3 | I32: 3 | J32: 2 | K32: 4 | L32: 4 | M32: 4 | N32: 3 | O32: 1 | P32: 4 | Q32: 3 | R32: 3 | S32: 3 | T32: 1 | U32: 1 | V32: 3 | W32: 3 | X32: 4 | Y32: 1 | Z32: 3 | AA32: 3 | AB32: 3 | AC32: 0 | AD32: 1 | AE32: 3 | AF32: 3
B34: Owner
B35: Delays in site preparation | C35: 2 | D35: 2 | E35: 2 | F35: 4 | G35: 2 | H35: 2 | I35: 2 | J35: 2 | K35: 3 | L35: 1 | M35: 4 | N35: 5 | O35: 2 | P35: 4 | Q35: 5 | R35: 5 | S35: 5 | T35: 1 | U35: 1 | V35: 3 | W35: 3 | X35: 3 | Y35: 1 | Z35: 3 | AA35: 5 | AB35: 3 | AC35: 1 | AD35: 2 | AE35: 4 | AF35: 3
B36: Delays in contractors claims settlements | C36: 5 | D36: 2 | E36: 3 | F36: 2 | G36: 2 | H36: 2 | I36: 3 | J36: 5 | K36: 5 | L36: 1 | M36: 3 | N36: 5 | O36: 1 | P36: 3 | Q36: 5 | R36: 5 | S36: 5 | T36: 1 | U36: 2 | V36: 3 | W36: 3 | X36: 4 | Y36: 1 | Z36: 4 | AA36: 3 | AB36: 3 | AC36: 4 | AD36: 4 | AE36: 3 | AF36: 3
B37: Work suspension by the owner | C37: 3 | D37: 2 | E37: 2 | F37: 5 | G37: 2 | H37: 2 | I37: 1 | J37: 3 | K37: 4 | L37: 2 | M37: 2 | N37: 5 | O37: 3 | P37: 2 | Q37: 5 | R37: 5 | S37: 5 | T37: 1 | U37: 3 | V37: 2 | W37: 2 | X37: 3 | Y37: 3 | Z37: 4 | AA37: 4 | AB37: 2 | AC37: 5 | AD37: 4 | AE37: 2 | AF37: 2
B38: Too many change orders from owner | C38: 3 | D38: 4 | E38: 4 | F38: 5 | G38: 4 | H38: 5 | I38: 1 | J38: 5 | K38: 4 | L38: 3 | M38: 4 | N38: 5 | O38: 5 | P38: 4 | Q38: 5 | R38: 5 | S38: 5 | T38: 2 | U38: 4 | V38: 5 | W38: 5 | X38: 3 | Y38: 3 | Z38: 3 | AA38: 5 | AB38: 5 | AC38: 3 | AD38: 3 | AE38: 5 | AF38: 5
B39: Slow decision making from owner | C39: 3 | D39: 5 | E39: 4 | F39: 4 | G39: 3 | H39: 4 | I39: 1 | J39: 4 | K39: 5 | L39: 2 | M39: 4 | N39: 4 | O39: 5 | P39: 4 | Q39: 4 | R39: 4 | S39: 4 | T39: 4 | U39: 2 | V39: 4 | W39: 4 | X39: 3 | Y39: 1 | Z39: 3 | AA39: 3 | AB39: 4 | AC39: 5 | AD39: 3 | AE39: 4 | AF39: 4
B40: Inference by owner in the construction operation | C40: 2 | D40: 2 | E40: 3 | F40: 1 | G40: 4 | H40: 3 | I40: 1 | J40: 1 | K40: 5 | L40: 2 | M40: 3 | N40: 1 | O40: 3 | P40: 3 | Q40: 1 | R40: 1 | S40: 1 | T40: 1 | U40: 2 | V40: 2 | W40: 2 | X40: 3 | Y40: 4 | Z40: 2 | AA40: 3 | AB40: 3 | AC40: 5 | AD40: 1 | AE40: 3 | AF40: 2
B41: Delay in progress payments by the owner | C41: 2 | D41: 3 | E41: 5 | F41: 2 | G41: 3 | H41: 1 | I41: 1 | J41: 5 | K41: 4 | L41: 3 | M41: 4 | N41: 5 | O41: 3 | P41: 4 | Q41: 5 | R41: 5 | S41: 5 | T41: 1 | U41: 3 | V41: 3 | W41: 3 | X41: 3 | Y41: 5 | Z41: 1 | AA41: 3 | AB41: 3 | AC41: 2 | AD41: 6 | AE41: 2 | AF41: 3
B42: Financial constraints faced by the owner | C42: 2 | D42: 3 | E42: 4 | F42: 2 | G42: 3 | H42: 1 | I42: 1 | J42: 5 | K42: 5 | L42: 4 | M42: 4 | N42: 1 | O42: 1 | P42: 4 | Q42: 1 | R42: 1 | S42: 1 | T42: 2 | U42: 5 | V42: 3 | W42: 3 | X42: 3 | Y42: 5 | Z42: 3 | AA42: 1 | AB42: 3 | AC42: 2 | AD42: 3 | AE42: 3 | AF42: 3
B43: Insufficient coordination among the parties by the owner | C43: 2 | D43: 1 | E43: 4 | F43: 2 | G43: 2 | H43: 1 | I43: 1 | J43: 3 | K43: 5 | L43: 2 | M43: 2 | N43: 5 | O43: 3 | P43: 2 | Q43: 5 | R43: 5 | S43: 5 | T43: 1 | U43: 3 | V43: 3 | W43: 3 | X43: 3 | Y43: 2 | Z43: 1 | AA43: 2 | AB43: 3 | AD43: 1 | AE43: 3 | AF43: 3
B45: Consultant
B46: Ambiguities and mistakes in specifications and drawings | C46: 3 | D46: 4 | E46: 4 | F46: 3 | G46: 4 | H46: 4 | I46: 1 | J46: 2 | K46: 5 | L46: 3 | M46: 3 | N46: 4 | O46: 3 | P46: 3 | Q46: 4 | R46: 4 | S46: 4 | T46: 2 | U46: 4 | V46: 5 | W46: 5 | X46: 3 | Y46: 5 | Z46: 4 | AA46: 4 | AB46: 5 | AC46: 3 | AD46: 3 | AE46: 4 | AF46: 5
B47: Poor qualification of consultants engineers staff assigned to the project | C47: 3 | D47: 4 | E47: 4 | F47: 4 | G47: 4 | H47: 4 | I47: 2 | J47: 2 | K47: 3 | L47: 4 | M47: 4 | N47: 4 | O47: 3 | P47: 4 | Q47: 4 | R47: 4 | S47: 4 | T47: 1 | U47: 3 | V47: 4 | W47: 4 | X47: 3 | Y47: 2 | Z47: 5 | AA47: 4 | AB47: 4 | AC47: 2 | AD47: 2 | AE47: 4 | AF47: 4
B48: Delay in the approval of contractor submissions by the engineer | C48: 3 | D48: 2 | E48: 4 | F48: 1 | G48: 4 | H48: 2 | I48: 1 | J48: 4 | K48: 4 | L48: 3 | M48: 2 | N48: 4 | O48: 2 | P48: 2 | Q48: 4 | R48: 4 | S48: 4 | T48: 1 | U48: 3 | V48: 5 | W48: 5 | X48: 3 | Y48: 1 | Z48: 1 | AA48: 2 | AB48: 5 | AC48: 1 | AD48: 1 | AE48: 4 | AF48: 5
B49: Poor coordination by the consultants engineers with the parties involved | C49: 3 | D49: 2 | E49: 4 | F49: 3 | G49: 4 | H49: 2 | I49: 1 | J49: 3 | K49: 5 | L49: 2 | M49: 3 | N49: 5 | O49: 2 | P49: 3 | Q49: 5 | R49: 5 | S49: 5 | T49: 1 | U49: 3 | V49: 4 | W49: 4 | X49: 3 | Y49: 1 | Z49: 3 | AA49: 1 | AB49: 4 | AC49: 3 | AD49: 5 | AE49: 2 | AF49: 4
B50: Slow response by the consultants engineers regarding testing and inspections | C50: 2 | D50: 2 | E50: 4 | F50: 3 | G50: 3 | H50: 3 | I50: 2 | J50: 3 | K50: 4 | L50: 2 | M50: 2 | N50: 4 | O50: 2 | P50: 2 | Q50: 5 | R50: 4 | S50: 4 | T50: 1 | U50: 3 | V50: 5 | W50: 5 | X50: 3 | Y50: 1 | Z50: 4 | AA50: 2 | AB50: 5 | AC50: 1 | AD50: 1 | AE50: 4 | AF50: 5
B51: Slow response by the consultant’s engineers to contractor inquires | C51: 4 | D51: 3 | E51: 4 | F51: 2 | G51: 3 | H51: 3 | I51: 3 | J51: 3 | K51: 5 | L51: 4 | M51: 3 | N51: 5 | O51: 2 | P51: 3 | Q51: 5 | R51: 5 | S51: 5 | T51: 1 | U51: 3 | V51: 4 | W51: 4 | X51: 3 | Y51: 1 | Z51: 2 | AA51: 3 | AB51: 4 | AC51: 5 | AD51: 2 | AE51: 3 | AF51: 4
B53: Exogenous Factors ( EF )
B54: Severe weather condition on the job site | C54: 2 | D54: 3 | E54: 4 | F54: 1 | G54: 2 | H54: 5 | I54: 1 | J54: 3 | K54: 4 | L54: 5 | M54: 2 | N54: 1 | O54: 3 | P54: 2 | Q54: 1 | R54: 1 | S54: 1 | T54: 5 | U54: 2 | V54: 5 | W54: 5 | X54: 3 | Y54: 4 | Z54: 2 | AA54: 3 | AB54: 5 | AC54: 5 | AD54: 5 | AE54: 5 | AF54: 5
B55: Difficulties in obtaining work permits | C55: 2 | D55: 3 | E55: 4 | F55: 2 | G55: 2 | H55: 2 | I55: 2 | J55: 2 | K55: 4 | L55: 4 | M55: 2 | N55: 1 | O55: 2 | P55: 2 | Q55: 1 | R55: 1 | S55: 1 | T55: 1 | U55: 3 | V55: 2 | W55: 2 | X55: 3 | Y55: 2 | Z55: 1 | AA55: 2 | AB55: 3 | AC55: 4 | AD55: 3 | AE55: 2 | AF55: 2
B56: Unforeseen site conditions | C56: 2 | D56: 2 | E56: 4 | F56: 2 | G56: 2 | H56: 2 | I56: 1 | J56: 2 | K56: 4 | L56: 3 | M56: 2 | N56: 1 | O56: 2 | P56: 2 | Q56: 1 | R56: 1 | S56: 1 | T56: 1 | U56: 4 | V56: 2 | W56: 2 | X56: 3 | Y56: 3 | Z56: 1 | AA56: 2 | AB56: 2 | AC56: 2 | AD56: 2 | AE56: 2 | AF56: 3
B58: Cost Overrun variables | C58: Frequency | D58: Frequency | E58: Frequency | F58: Frequency | G58: Frequency | H58: Frequency | I58: Frequency | J58: Frequency | K58: Frequency | L58: Frequency | M58: Frequency | N58: Frequency | O58: Frequency | P58: Frequency | Q58: Frequency | R58: Frequency | S58: Frequency | T58: Frequency | U58: Frequency | V58: Frequency | W58: Frequency | X58: Frequency | Y58: Frequency | Z58: Frequency | AA58: Frequency | AB58: Frequency | AC58: Frequency | AD58: Frequency | AE58: Frequency | AF58: Frequency
B59: Unpredictable weather conditions | C59: 2 | D59: 3 | E59: 4 | F59: 1 | G59: 2 | H59: 1 | I59: 2 | J59: 1 | K59: 3 | L59: 4 | M59: 2 | N59: 1 | O59: 2 | P59: 1 | Q59: 1 | R59: 1 | S59: 1 | T59: 1 | U59: 2 | V59: 3 | W59: 3 | X59: 3 | Y59: 4 | Z59: 3 | AA59: 2 | AB59: 5 | AC59: 3 | AD59: 3 | AE59: 2 | AF59: 3
B60: Material cost increase by inflation | C60: 5 | D60: 3 | E60: 3 | F60: 2 | G60: 4 | H60: 4 | I60: 2 | J60: 3 | K60: 5 | L60: 4 | M60: 3 | N60: 3 | O60: 2 | P60: 3 | Q60: 3 | R60: 3 | S60: 3 | T60: 4 | U60: 5 | V60: 5 | W60: 5 | X60: 3 | Y60: 3 | Z60: 3 | AA60: 4 | AB60: 5 | AC60: 2 | AD60: 1 | AE60: 4 | AF60: 5
B61: Inaccurate quantity takeoff | C61: 3 | D61: 5 | E61: 5 | F61: 2 | G61: 4 | H61: 4 | I61: 2 | J61: 3 | K61: 3 | L61: 3 | M61: 4 | N61: 3 | O61: 2 | P61: 2 | Q61: 3 | R61: 3 | S61: 3 | T61: 1 | U61: 3 | V61: 3 | W61: 3 | X61: 3 | Y61: 2 | Z61: 5 | AA61: 5 | AB61: 3 | AC61: 1 | AD61: 1 | AE61: 1 | AF61: 3
B62: Lack of experience of local regulations | C62: 4 | D62: 2 | E62: 4 | F62: 2 | G62: 3 | H62: 3 | I62: 1 | J62: 3 | K62: 3 | L62: 2 | M62: 2 | N62: 3 | O62: 2 | P62: 2 | Q62: 3 | R62: 3 | S62: 3 | T62: 1 | U62: 4 | V62: 2 | W62: 2 | X62: 3 | Y62: 1 | Z62: 4 | AA62: 1 | AB62: 2 | AC62: 5 | AD62: 2 | AE62: 5 | AF62: 2
B63: Lack of experience of project location | C63: 2 | D63: 2 | E63: 4 | F63: 2 | G63: 3 | H63: 1 | I63: 1 | J63: 3 | K63: 4 | L63: 2 | M63: 4 | N63: 4 | O63: 2 | P63: 2 | Q63: 4 | R63: 4 | S63: 4 | T63: 2 | U63: 3 | V63: 3 | W63: 3 | X63: 3 | Y63: 4 | Z63: 2 | AA63: 3 | AB63: 3 | AC63: 5 | AD63: 3 | AE63: 5 | AF63: 3
B64: Lack of experience of project type | C64: 3 | D64: 1 | E64: 4 | F64: 2 | G64: 2 | H64: 3 | I64: 1 | J64: 3 | K64: 5 | L64: 2 | M64: 5 | N64: 3 | O64: 2 | P64: 3 | Q64: 3 | R64: 3 | S64: 3 | T64: 1 | U64: 2 | V64: 2 | W64: 2 | X64: 3 | Y64: 2 | Z64: 3 | AA64: 2 | AB64: 2 | AC64: 3 | AD64: 5 | AE64: 5 | AF64: 2
B65: Fuel cost increase | C65: 3 | D65: 3 | E65: 4 | F65: 1 | G65: 4 | H65: 5 | I65: 2 | J65: 2 | K65: 4 | L65: 3 | M65: 3 | N65: 1 | O65: 1 | P65: 1 | Q65: 1 | R65: 1 | S65: 1 | T65: 4 | U65: 5 | V65: 5 | W65: 5 | X65: 4 | Y65: 5 | Z65: 5 | AA65: 4 | AB65: 5 | AC65: 2 | AD65: 5 | AE65: 5 | AF65: 5
B66: Design changes | C66: 2 | D66: 4 | E66: 3 | F66: 1 | G66: 4 | H66: 5 | I66: 2 | J66: 3 | K66: 4 | L66: 3 | M66: 3 | N66: 3 | O66: 4 | P66: 1 | Q66: 3 | R66: 3 | S66: 3 | T66: 3 | U66: 4 | V66: 4 | W66: 4 | X66: 4 | Y66: 3 | Z66: 5 | AA66: 2 | AB66: 4 | AC66: 1 | AD66: 1 | AE66: 1 | AF66: 4
B67: Equipment shortage | C67: 1 | D67: 3 | E67: 3 | F67: 1 | G67: 3 | H67: 4 | I67: 2 | J67: 2 | K67: 5 | L67: 3 | M67: 4 | N67: 1 | O67: 2 | P67: 1 | Q67: 1 | R67: 1 | S67: 1 | T67: 1 | U67: 2 | V67: 1 | W67: 1 | X67: 4 | Y67: 1 | Z67: 1 | AA67: 1 | AB67: 1 | AC67: 3 | AD67: 1 | AE67: 3 | AF67: 1

Sheet Freq Index DELAY
B1: Shortage of manpower | C1: Presence of unskilled labors | D1: Shortage of materials | E1: Delay in materials delivery | F1: Materials price regulations | G1: Modification in material specifications | H1: Shortage of equipment | I1: Failure of equipment | J1: Shortage of technical professional in the contractors organization | K1: Insufficient coordination among the parties by the contractor | L1: Delay in mobilization | M1: Safety rules and regulations are not followed within the contractors regulations | N1: Incompetent technical staff assigned to the project | O1: Improper technical study by the contractor during the bedding stage | P1: Poor planning on scheduling of the project by the contractor | Q1: Improper handling of the project progress by the contractor | R1: Ineffective quality control by the contractor | S1: Financial difficulties faced by the contractor | T1: Delays by the contractor payments to subcontractors | U1: Delays in site preparation | V1: Delays in contractors claims settlements | W1: Work suspension by the owner | X1: Too many change orders from owner | Y1: Slow decision making from owner | Z1: Inference by owner in the construction operation | AA1: Delay in progress payments by the owner | AB1: Financial constraints faced by the owner | AC1: Insufficient coordination among the parties by the owner | AD1: Ambiguities and mistakes in specifications and drawings | AE1: Poor qualification of consultants engineers staff assigned to the project | AF1: Delay in the approval of contractor submissions by the engineer | AG1: Poor coordination by the consultants engineers with the parties involved | AH1: Slow response by the consultants engineers regarding testing and inspections | AI1: Slow response by the consultant’s engineers to contractor inquires | AJ1: Severe weather condition on the job site | AK1: Difficulties in obtaining work permits | AL1: Unforeseen site conditions
B2: 4 | C2: 3 | D2: 2 | E2: 3 | F2: 1 | G2: 2 | H2: 3 | I2: 4 | J2: 2 | K2: 3 | L2: 2 | M2: 2 | N2: 2 | O2: 2 | P2: 2 | Q2: 2 | R2: 2 | S2: 2 | T2: 2 | U2: 2 | V2: 5 | W2: 3 | X2: 3 | Y2: 3 | Z2: 2 | AA2: 2 | AB2: 2 | AC2: 2 | AD2: 3 | AE2: 3 | AF2: 3 | AG2: 3 | AH2: 2 | AI2: 4 | AJ2: 2 | AK2: 2 | AL2: 2
B3: 2 | C3: 3 | D3: 1 | E3: 3 | F3: 2 | G3: 2 | H3: 3 | I3: 3 | J3: 2 | K3: 2 | L3: 2 | M3: 1 | N3: 1 | O3: 4 | P3: 3 | Q3: 2 | R3: 3 | S3: 3 | T3: 3 | U3: 2 | V3: 2 | W3: 2 | X3: 4 | Y3: 5 | Z3: 2 | AA3: 3 | AB3: 3 | AC3: 1 | AD3: 4 | AE3: 4 | AF3: 2 | AG3: 2 | AH3: 2 | AI3: 3 | AJ3: 3 | AK3: 3 | AL3: 2
B4: 2 | C4: 2 | D4: 1 | E4: 2 | F4: 3 | G4: 3 | H4: 4 | I4: 4 | J4: 2 | K4: 4 | L4: 2 | M4: 2 | N4: 2 | O4: 3 | P4: 3 | Q4: 3 | R4: 2 | S4: 5 | T4: 5 | U4: 2 | V4: 3 | W4: 2 | X4: 4 | Y4: 4 | Z4: 3 | AA4: 5 | AB4: 4 | AC4: 4 | AD4: 4 | AE4: 4 | AF4: 4 | AG4: 4 | AH4: 4 | AI4: 4 | AJ4: 4 | AK4: 4 | AL4: 4
B5: 2 | C5: 2 | D5: 5 | E5: 3 | F5: 2 | G5: 5 | H5: 4 | I5: 4 | J5: 3 | K5: 2 | L5: 5 | M5: 1 | N5: 1 | O5: 4 | P5: 5 | Q5: 3 | R5: 4 | S5: 1 | T5: 3 | U5: 4 | V5: 2 | W5: 5 | X5: 5 | Y5: 4 | Z5: 1 | AA5: 2 | AB5: 2 | AC5: 2 | AD5: 3 | AE5: 4 | AF5: 1 | AG5: 3 | AH5: 3 | AI5: 2 | AJ5: 1 | AK5: 2 | AL5: 2
B6: 2 | C6: 3 | D6: 3 | E6: 3 | F6: 3 | G6: 3 | H6: 3 | I6: 3 | J6: 4 | K6: 4 | L6: 2 | M6: 3 | N6: 3 | O6: 2 | P6: 2 | Q6: 3 | R6: 2 | S6: 4 | T6: 4 | U6: 2 | V6: 2 | W6: 2 | X6: 4 | Y6: 3 | Z6: 4 | AA6: 3 | AB6: 3 | AC6: 2 | AD6: 4 | AE6: 4 | AF6: 4 | AG6: 4 | AH6: 3 | AI6: 3 | AJ6: 2 | AK6: 2 | AL6: 2
B7: 4 | C7: 4 | D7: 4 | E7: 4 | F7: 3 | G7: 4 | H7: 2 | I7: 2 | J7: 4 | K7: 3 | L7: 2 | M7: 1 | N7: 3 | O7: 1 | P7: 5 | Q7: 4 | R7: 4 | S7: 3 | T7: 3 | U7: 2 | V7: 2 | W7: 2 | X7: 5 | Y7: 4 | Z7: 3 | AA7: 1 | AB7: 1 | AC7: 1 | AD7: 4 | AE7: 4 | AF7: 2 | AG7: 2 | AH7: 3 | AI7: 3 | AJ7: 5 | AK7: 2 | AL7: 2
B8: 2 | C8: 3 | D8: 2 | E8: 3 | F8: 3 | G8: 3 | H8: 2 | I8: 3 | J8: 2 | K8: 2 | L8: 2 | M8: 2 | N8: 2 | O8: 2 | P8: 3 | Q8: 3 | R8: 2 | S8: 2 | T8: 3 | U8: 2 | V8: 3 | W8: 1 | X8: 1 | Y8: 1 | Z8: 1 | AA8: 1 | AB8: 1 | AC8: 1 | AD8: 1 | AE8: 2 | AF8: 1 | AG8: 1 | AH8: 2 | AI8: 3 | AJ8: 1 | AK8: 2 | AL8: 1
B9: 3 | C9: 5 | D9: 1 | E9: 1 | F9: 3 | G9: 3 | H9: 1 | I9: 1 | J9: 2 | K9: 2 | L9: 1 | M9: 1 | N9: 1 | O9: 2 | P9: 5 | Q9: 3 | R9: 1 | S9: 2 | T9: 2 | U9: 2 | V9: 5 | W9: 3 | X9: 5 | Y9: 4 | Z9: 1 | AA9: 5 | AB9: 5 | AC9: 3 | AD9: 2 | AE9: 2 | AF9: 4 | AG9: 3 | AH9: 3 | AI9: 3 | AJ9: 3 | AK9: 2 | AL9: 2
B10: 5 | C10: 3 | D10: 5 | E10: 5 | F10: 4 | G10: 2 | H10: 5 | I10: 5 | J10: 4 | K10: 5 | L10: 4 | M10: 4 | N10: 5 | O10: 4 | P10: 5 | Q10: 5 | R10: 4 | S10: 4 | T10: 4 | U10: 3 | V10: 5 | W10: 4 | X10: 4 | Y10: 5 | Z10: 5 | AA10: 4 | AB10: 5 | AC10: 5 | AD10: 5 | AE10: 3 | AF10: 4 | AG10: 5 | AH10: 4 | AI10: 5 | AJ10: 4 | AK10: 4 | AL10: 4
B11: 3 | C11: 2 | D11: 5 | E11: 4 | F11: 3 | G11: 3 | H11: 5 | I11: 4 | J11: 3 | K11: 3 | L11: 3 | M11: 3 | N11: 1 | O11: 3 | P11: 3 | Q11: 2 | R11: 4 | S11: 4 | T11: 4 | U11: 1 | V11: 1 | W11: 2 | X11: 3 | Y11: 2 | Z11: 2 | AA11: 3 | AB11: 4 | AC11: 2 | AD11: 3 | AE11: 4 | AF11: 3 | AG11: 2 | AH11: 2 | AI11: 4 | AJ11: 5 | AK11: 4 | AL11: 3
B12: 3 | C12: 2 | D12: 2 | E12: 2 | F12: 3 | G12: 4 | H12: 2 | I12: 2 | J12: 3 | K12: 3 | L12: 5 | M12: 1 | N12: 2 | O12: 5 | P12: 4 | Q12: 4 | R12: 4 | S12: 5 | T12: 4 | U12: 4 | V12: 3 | W12: 2 | X12: 4 | Y12: 4 | Z12: 3 | AA12: 4 | AB12: 4 | AC12: 2 | AD12: 3 | AE12: 4 | AF12: 2 | AG12: 3 | AH12: 2 | AI12: 3 | AJ12: 2 | AK12: 2 | AL12: 2
B13: 2 | C13: 2 | D13: 1 | E13: 3 | F13: 1 | G13: 1 | H13: 1 | I13: 1 | J13: 5 | K13: 5 | L13: 5 | M13: 5 | N13: 1 | O13: 1 | P13: 5 | Q13: 1 | R13: 1 | S13: 1 | T13: 3 | U13: 5 | V13: 5 | W13: 5 | X13: 5 | Y13: 4 | Z13: 1 | AA13: 5 | AB13: 1 | AC13: 5 | AD13: 4 | AE13: 4 | AF13: 4 | AG13: 5 | AH13: 4 | AI13: 5 | AJ13: 1 | AK13: 1 | AL13: 1
... B27: 3 | C27: 4 | D27: 2 | E27: 2 | F27: 3 | G27: 5 | H27: 1 | I27: 1 | J27: 3 | K27: 5 | L27: 3 | M27: 2 | N27: 4 | O27: 4 | P27: 3 | Q27: 3 | R27: 2 | S27: 3 | T27: 3 | U27: 3 | V27: 3 | W27: 2 | X27: 5 | Y27: 4 | Z27: 3 | AA27: 3 | AB27: 3 | AC27: 3 | AD27: 5 | AE27: 4 | AF27: 5 | AG27: 4 | AH27: 5 | AI27: 4 | AJ27: 5 | AK27: 3 | AL27: 2
B28: 3 | C28: 2 | D28: 5 | E28: 4 | F28: 2 | G28: 1 | H28: 4 | I28: 3 | J28: 2 | K28: 1 | L28: 4 | M28: 2 | N28: 3 | O28: 5 | P28: 5 | Q28: 2 | R28: 1 | S28: 0 | T28: 0 | U28: 1 | V28: 4 | W28: 5 | X28: 3 | Y28: 5 | Z28: 5 | AA28: 2 | AB28: 2 | AD28: 3 | AE28: 2 | AF28: 1 | AG28: 3 | AH28: 1 | AI28: 5 | AJ28: 5 | AK28: 4 | AL28: 2
B29: 3 | C29: 5 | D29: 2 | E29: 1 | F29: 0 | G29: 0 | H29: 1 | I29: 1 | J29: 4 | K29: 1 | L29: 1 | M29: 2 | N29: 1 | O29: 2 | P29: 4 | Q29: 2 | R29: 1 | S29: 3 | T29: 1 | U29: 2 | V29: 4 | W29: 4 | X29: 3 | Y29: 3 | Z29: 1 | AA29: 6 | AB29: 3 | AC29: 1 | AD29: 3 | AE29: 2 | AF29: 1 | AG29: 5 | AH29: 1 | AI29: 2 | AJ29: 5 | AK29: 3 | AL29: 2
B30: 4 | C30: 3 | D30: 5 | E30: 1 | F30: 3 | G30: 4 | H30: 3 | I30: 2 | J30: 3 | K30: 5 | L30: 3 | M30: 2 | N30: 4 | O30: 5 | P30: 4 | Q30: 3 | R30: 3 | S30: 3 | T30: 3 | U30: 4 | V30: 3 | W30: 2 | X30: 5 | Y30: 4 | Z30: 3 | AA30: 2 | AB30: 3 | AC30: 3 | AD30: 4 | AE30: 4 | AF30: 4 | AG30: 2 | AH30: 4 | AI30: 3 | AJ30: 5 | AK30: 2 | AL30: 2
B31: 3 | C31: 5 | D31: 2 | E31: 1 | F31: 3 | G31: 4 | H31: 1 | I31: 1 | J31: 2 | K31: 1 | L31: 3 | M31: 2 | N31: 4 | O31: 4 | P31: 3 | Q31: 3 | R31: 2 | S31: 3 | T31: 3 | U31: 3 | V31: 3 | W31: 2 | X31: 5 | Y31: 4 | Z31: 2 | AA31: 3 | AB31: 3 | AC31: 3 | AD31: 5 | AE31: 4 | AF31: 5 | AG31: 4 | AH31: 5 | AI31: 4 | AJ31: 5 | AK31: 2 | AL31: 3
A33: ES | B33: =COUNTIF(B2:B31,"=5") -> 1 | C33: =COUNTIF(C2:C31,"=5") -> 4 | D33: =COUNTIF(D2:D31,"=5") -> 5 | E33: =COUNTIF(E2:E31,"=5") -> 2 | F33: =COUNTIF(F2:F31,"=5") -> 0 | G33: =COUNTIF(G2:G31,"=5") -> 5 | H33: =COUNTIF(H2:H31,"=5") -> 3 | I33: =COUNTIF(I2:I31,"=5") -> 1 | ... AL33: =COUNTIF(AL2:AL31,"=5") -> 0
A34: VS | B34: =COUNTIF(B2:B31,"=4") -> 4 | C34: =COUNTIF(C2:C31,"=4") -> 6 | D34: =COUNTIF(D2:D31,"=4") -> 3 | E34: =COUNTIF(E2:E31,"=4") -> 5 | F34: =COUNTIF(F2:F31,"=4") -> 3 | G34: =COUNTIF(G2:G31,"=4") -> 5 | H34: =COUNTIF(H2:H31,"=4") -> 4 | I34: =COUNTIF(I2:I31,"=4") -> 5 | ... AL34: =COUNTIF(AL2:AL31,"=4") -> 3
A35: MS | B35: =COUNTIF(B2:B31,"=3") -> 11 | C35: =COUNTIF(C2:C31,"=3") -> 8 | D35: =COUNTIF(D2:D31,"=3") -> 2 | E35: =COUNTIF(E2:E31,"=3") -> 11 | F35: =COUNTIF(F2:F31,"=3") -> 14 | G35: =COUNTIF(G2:G31,"=3") -> 7 | H35: =COUNTIF(H2:H31,"=3") -> 6 | I35: =COUNTIF(I2:I31,"=3") -> 6 | ... AL35: =COUNTIF(AL2:AL31,"=3") -> 4
A36: SS | B36: =COUNTIF(B2:B31,"=2") -> 11 | C36: =COUNTIF(C2:C31,"=2") -> 12 | D36: =COUNTIF(D2:D31,"=2") -> 7 | E36: =COUNTIF(E2:E31,"=2") -> 5 | F36: =COUNTIF(F2:F31,"=2") -> 4 | G36: =COUNTIF(G2:G31,"=2") -> 4 | H36: =COUNTIF(H2:H31,"=2") -> 4 | I36: =COUNTIF(I2:I31,"=2") -> 4 | ... AL36: =COUNTIF(AL2:AL31,"=2") -> 16
A37: NS | B37: =COUNTIF(B2:B31,"=1") -> 3 | C37: =COUNTIF(C2:C31,"=1") -> 0 | D37: =COUNTIF(D2:D31,"=1") -> 13 | E37: =COUNTIF(E2:E31,"=1") -> 7 | F37: =COUNTIF(F2:F31,"=1") -> 8 | G37: =COUNTIF(G2:G31,"=1") -> 8 | H37: =COUNTIF(H2:H31,"=1") -> 13 | I37: =COUNTIF(I2:I31,"=1") -> 14 | ... AL37: =COUNTIF(AL2:AL31,"=1") -> 7
A39: FRE.I | B39: =(B33*4+B34*3+B35*2+B36*1+B37*0)/(4*30) -> 0.40833333 | C39: =(C33*4+C34*3+C35*2+C36*1+C37*0)/(4*30) -> 0.51666667 | D39: =(D33*4+D34*3+D35*2+D36*1+D37*0)/(4*30) -> 0.33333333 | E39: =(E33*4+E34*3+E35*2+E36*1+E37*0)/(4*30) -> 0.41666667 | F39: =(F33*4+F34*3+F35*2+F36*1+F37*0)/(4*30) -> 0.34166667 | G39: =(G33*4+G34*3+G35*2+G36*1+G37*0)/(4*30) -> 0.44166667 | H39: =(H33*4+H34*3+H35*2+H36*1+H37*0)/(4*30) -> 0.33333333 | I39: =(I33*4+I34*3+I35*2+I36*1+I37*0)/(4*30) -> 0.29166667 | ... AL39: =(AL33*4+AL34*3+AL35*2+AL36*1+AL37*0)/(4*30) -> 0.275

Sheet Freq Index COST
B1: Unpredictable weather conditions | C1: Material cost increase by inflation | D1: Inaccurate quantity takeoff | E1: Lack of experience of local regulations | F1: Lack of experience of project location | G1: Lack of experience of project type | H1: Fuel cost increase | I1: Design changes | J1: Equipment shortage
B2: 2 | C2: 5 | D2: 3 | E2: 4 | F2: 2 | G2: 3 | H2: 3 | I2: 2 | J2: 1
B3: 3 | C3: 3 | D3: 5 | E3: 2 | F3: 2 | G3: 1 | H3: 3 | I3: 4 | J3: 3
B4: 4 | C4: 3 | D4: 5 | E4: 4 | F4: 4 | G4: 4 | H4: 4 | I4: 3 | J4: 3
B5: 1 | C5: 2 | D5: 2 | E5: 2 | F5: 2 | G5: 2 | H5: 1 | I5: 1 | J5: 1
B6: 2 | C6: 4 | D6: 4 | E6: 3 | F6: 3 | G6: 2 | H6: 4 | I6: 4 | J6: 3
B7: 1 | C7: 4 | D7: 4 | E7: 3 | F7: 1 | G7: 3 | H7: 5 | I7: 5 | J7: 4
B8: 2 | C8: 2 | D8: 2 | E8: 1 | F8: 1 | G8: 1 | H8: 2 | I8: 2 | J8: 2
B9: 1 | C9: 3 | D9: 3 | E9: 3 | F9: 3 | G9: 3 | H9: 2 | I9: 3 | J9: 2
B10: 3 | C10: 5 | D10: 3 | E10: 3 | F10: 4 | G10: 5 | H10: 4 | I10: 4 | J10: 5
B11: 4 | C11: 4 | D11: 3 | E11: 2 | F11: 2 | G11: 2 | H11: 3 | I11: 3 | J11: 3
B12: 2 | C12: 3 | D12: 4 | E12: 2 | F12: 4 | G12: 5 | H12: 3 | I12: 3 | J12: 4
B13: 1 | C13: 3 | D13: 3 | E13: 3 | F13: 4 | G13: 3 | H13: 1 | I13: 3 | J13: 1
... B31: 3 | C31: 5 | D31: 3 | E31: 2 | F31: 3 | G31: 2 | H31: 5 | I31: 4 | J31: 1
A33: ES | B33: =COUNTIF(B2:B31,"=5") -> 1 | C33: =COUNTIF(C2:C31,"=5") -> 7 | D33: =COUNTIF(D2:D31,"=5") -> 4 | E33: =COUNTIF(E2:E31,"=5") -> 2 | F33: =COUNTIF(F2:F31,"=5") -> 2 | G33: =COUNTIF(G2:G31,"=5") -> 4 | H33: =COUNTIF(H2:H31,"=5") -> 10 | I33: =COUNTIF(I2:I31,"=5") -> 2 | J33: =COUNTIF(J2:J31,"=5") -> 1
A34: VS | B34: =COUNTIF(B2:B31,"=4") -> 3 | C34: =COUNTIF(C2:C31,"=4") -> 6 | D34: =COUNTIF(D2:D31,"=4") -> 3 | E34: =COUNTIF(E2:E31,"=4") -> 4 | F34: =COUNTIF(F2:F31,"=4") -> 8 | G34: =COUNTIF(G2:G31,"=4") -> 1 | H34: =COUNTIF(H2:H31,"=4") -> 6 | I34: =COUNTIF(I2:I31,"=4") -> 10 | J34: =COUNTIF(J2:J31,"=4") -> 3
A35: MS | B35: =COUNTIF(B2:B31,"=3") -> 9 | C35: =COUNTIF(C2:C31,"=3") -> 12 | D35: =COUNTIF(D2:D31,"=3") -> 14 | E35: =COUNTIF(E2:E31,"=3") -> 9 | F35: =COUNTIF(F2:F31,"=3") -> 10 | G35: =COUNTIF(G2:G31,"=3") -> 11 | H35: =COUNTIF(H2:H31,"=3") -> 4 | I35: =COUNTIF(I2:I31,"=3") -> 10 | J35: =COUNTIF(J2:J31,"=3") -> 6
A36: SS | B36: =COUNTIF(B2:B31,"=2") -> 8 | C36: =COUNTIF(C2:C31,"=2") -> 4 | D36: =COUNTIF(D2:D31,"=2") -> 5 | E36: =COUNTIF(E2:E31,"=2") -> 11 | F36: =COUNTIF(F2:F31,"=2") -> 8 | G36: =COUNTIF(G2:G31,"=2") -> 11 | H36: =COUNTIF(H2:H31,"=2") -> 3 | I36: =COUNTIF(I2:I31,"=2") -> 3 | J36: =COUNTIF(J2:J31,"=2") -> 4
A37: NS | B37: =COUNTIF(B2:B31,"=1") -> 9 | C37: =COUNTIF(C2:C31,"=1") -> 1 | D37: =COUNTIF(D2:D31,"=1") -> 4 | E37: =COUNTIF(E2:E31,"=1") -> 4 | F37: =COUNTIF(F2:F31,"=1") -> 2 | G37: =COUNTIF(G2:G31,"=1") -> 3 | H37: =COUNTIF(H2:H31,"=1") -> 7 | I37: =COUNTIF(I2:I31,"=1") -> 5 | J37: =COUNTIF(J2:J31,"=1") -> 16
A39: FRE.I | B39: =(B33*4+B34*3+B35*2+B36*1+B37*0)/(4*30) -> 0.325 | C39: =(C33*4+C34*3+C35*2+C36*1+C37*0)/(4*30) -> 0.61666667 | D39: =(D33*4+D34*3+D35*2+D36*1+D37*0)/(4*30) -> 0.48333333 | E39: =(E33*4+E34*3+E35*2+E36*1+E37*0)/(4*30) -> 0.40833333 | F39: =(F33*4+F34*3+F35*2+F36*1+F37*0)/(4*30) -> 0.5 | G39: =(G33*4+G34*3+G35*2+G36*1+G37*0)/(4*30) -> 0.43333333 | H39: =(H33*4+H34*3+H35*2+H36*1+H37*0)/(4*30) -> 0.575 | I39: =(I33*4+I34*3+I35*2+I36*1+I37*0)/(4*30) -> 0.50833333 | J39: =(J33*4+J34*3+J35*2+J36*1+J37*0)/(4*30) -> 0.24166667

Sheet IMP DATA
A1: Shortage of manpower | B1: 4 | C1: 5 | D1: 5 | E1: 3 | F1: 5 | G1: 5 | H1: 5 | I1: 3 | J1: 5 | K1: 3 | L1: 4 | M1: 1 | N1: 5 | O1: 3 | P1: 1 | Q1: 1 | R1: 1 | S1: 1 | T1: 5 | U1: 5 | V1: 5 | W1: 4 | X1: 3 | Y1: 5 | Z1: 1 | AA1: 5 | AB1: 4 | AC1: 4 | AD1: 5 | AE1: 5
A2: Presence of unskilled labors | B2: 3 | C2: 5 | D2: 5 | E2: 2 | F2: 5 | G2: 5 | H2: 3 | I2: 5 | J2: 5 | K2: 2 | L2: 4 | M2: 1 | N2: 5 | O2: 2 | P2: 1 | Q2: 1 | R2: 1 | S2: 4 | T2: 5 | U2: 5 | V2: 5 | W2: 4 | X2: 4 | Y2: 4 | Z2: 2 | AA2: 5 | AB2: 5 | AC2: 5 | AD2: 4 | AE2: 5
A4: Materials ( M )
A5: Shortage of materials | B5: 2 | C5: 5 | D5: 5 | E5: 5 | F5: 4 | G5: 5 | H5: 5 | I5: 1 | J5: 5 | K5: 5 | L5: 4 | M5: 3 | N5: 4 | O5: 5 | P5: 3 | Q5: 3 | R5: 3 | S5: 1 | T5: 4 | U5: 5 | V5: 2 | W5: 5 | X5: 5 | Y5: 2 | Z5: 1 | AA5: 5 | AB5: 3 | AC5: 5 | AD5: 2 | AE5: 5
A6: Delay in materials delivery | B6: 1 | C6: 4 | D6: 3 | E6: 4 | F6: 4 | G6: 5 | H6: 4 | I6: 1 | J6: 5 | K6: 4 | L6: 3 | M6: 1 | N6: 4 | O6: 4 | P6: 1 | Q6: 1 | R6: 1 | S6: 1 | T6: 4 | U6: 5 | V6: 5 | W6: 5 | X6: 3 | Y6: 5 | Z6: 2 | AA6: 5 | AB6: 3 | AC6: 2 | AD6: 4 | AE6: 5
A7: Materials price regulations | B7: 3 | C7: 2 | D7: 4 | E7: 3 | F7: 3 | G7: 5 | H7: 3 | I7: 3 | J7: 3 | K7: 3 | L7: 4 | M7: 3 | N7: 1 | O7: 4 | P7: 3 | Q7: 3 | R7: 3 | S7: 1 | T7: 5 | U7: 4 | V7: 4 | W7: 4 | X7: 4 | Y7: 4 | Z7: 1 | AA7: 4 | AB7: 3 | AC7: 2 | AD7: 3 | AE7: 4
A8: Modification in material specifications | B8: 2 | C8: 2 | D8: 3 | E8: 5 | F8: 3 | G8: 4 | H8: 3 | I8: 3 | J8: 3 | K8: 3 | L8: 5 | M8: 4 | N8: 1 | O8: 5 | P8: 4 | Q8: 4 | R8: 4 | S8: 1 | T8: 5 | U8: 5 | V8: 5 | W8: 4 | X8: 2 | Y8: 4 | Z8: 1 | AA8: 5 | AB8: 3 | AC8: 0 | AD8: 5 | AE8: 5
A11: Shortage of equipment | B11: 4 | C11: 4 | D11: 5 | E11: 5 | F11: 4 | G11: 4 | H11: 4 | I11: 1 | J11: 5 | K11: 5 | L11: 3 | M11: 5 | N11: 1 | O11: 5 | P11: 5 | Q11: 5 | R11: 5 | S11: 1 | T11: 5 | U11: 5 | V11: 5 | W11: 4 | X11: 3 | Y11: 5 | Z11: 1 | AA11: 5 | AB11: 3 | AC11: 1 | AD11: 4 | AE11: 5
A12: Failure of equipment | B12: 2 | C12: 4 | D12: 5 | E12: 4 | F12: 4 | G12: 4 | H12: 3 | I12: 1 | J12: 5 | K12: 4 | L12: 3 | M12: 5 | N12: 1 | O12: 4 | P12: 5 | Q12: 5 | R12: 5 | S12: 1 | T12: 5 | U12: 5 | V12: 5 | W12: 3 | X12: 3 | Y12: 1 | Z12: 1 | AA12: 5 | AB12: 3 | AC12: 1 | AD12: 5 | AE12: 5
A14: Internal Enviroment ( IE )
A15: Contractor
A16: Shortage of technical professional in the contractors organization | B16: 2 | C16: 5 | D16: 4 | E16: 5 | F16: 4 | G16: 4 | H16: 3 | I16: 2 | J16: 5 | K16: 3 | L16: 4 | M16: 1 | N16: 5 | O16: 5 | P16: 1 | Q16: 1 | R16: 1 | S16: 1 | T16: 5 | U16: 5 | V16: 5 | W16: 4 | X16: 5 | Y16: 5 | Z16: 5 | AA16: 5 | AB16: 4 | AC16: 4 | AD16: 4 | AE16: 5
A17: Insufficient coordination among the parties by the contractor | B17: 3 | C17: 4 | D17: 4 | E17: 4 | F17: 4 | G17: 4 | H17: 3 | I17: 2 | J17: 5 | K17: 4 | L17: 3 | M17: 1 | N17: 3 | O17: 4 | P17: 1 | Q17: 1 | R17: 1 | S17: 1 | T17: 4 | U17: 5 | V17: 5 | W17: 3 | X17: 2 | Y17: 4 | Z17: 3 | AA17: 5 | AB17: 5 | AC17: 3 | AD17: 5 | AE17: 5
A18: Delay in mobilization | B18: 4 | C18: 4 | D18: 4 | E18: 5 | F18: 4 | G18: 4 | H18: 3 | I18: 1 | J18: 5 | K18: 4 | L18: 3 | M18: 1 | N18: 2 | O18: 4 | P18: 1 | Q18: 1 | R18: 1 | S18: 1 | T18: 5 | U18: 5 | V18: 5 | W18: 4 | X18: 4 | Y18: 4 | Z18: 1 | AA18: 5 | AB18: 5 | AC18: 3 | AD18: 4 | AE18: 5
A19: Safety rules and regulations are not followed within the contractors regulations | B19: 3 | C19: 3 | D19: 4 | E19: 4 | F19: 4 | G19: 1 | H19: 3 | I19: 1 | J19: 4 | K19: 4 | L19: 3 | M19: 1 | N19: 1 | O19: 4 | P19: 1 | Q19: 1 | R19: 1 | S19: 1 | T19: 4 | U19: 4 | V19: 4 | W19: 4 | X19: 3 | Y19: 5 | Z19: 1 | AA19: 4 | AB19: 4 | AC19: 2 | AD19: 5 | AE19: 4
A20: Incompetent technical staff assigned to the project | B20: 2 | C20: 4 | D20: 4 | E20: 3 | F20: 4 | G20: 3 | H20: 2 | I20: 1 | J20: 5 | K20: 2 | L20: 4 | M20: 4 | N20: 4 | O20: 3 | P20: 4 | Q20: 4 | R20: 4 | S20: 4 | T20: 4 | U20: 5 | V20: 5 | W20: 4 | X20: 4 | Y20: 4 | Z20: 3 | AA20: 5 | AB20: 3 | AC20: 3 | AD20: 5 | AE20: 5
A21: Improper technical study by the contractor during the bedding stage | B21: 3 | C21: 5 | D21: 4 | E21: 4 | F21: 4 | G21: 5 | H21: 2 | I21: 2 | J21: 5 | K21: 3 | L21: 3 | M21: 5 | N21: 5 | O21: 5 | P21: 5 | Q21: 5 | R21: 5 | S21: 3 | T21: 4 | U21: 4 | V21: 4 | W21: 4 | X21: 4 | Y21: 3 | Z21: 2 | AA21: 4 | AB21: 3 | AC21: 2 | AD21: 3 | AE21: 5
A22: Poor planning on scheduling of the project by the contractor | B22: 4 | C22: 4 | D22: 5 | E22: 5 | F22: 4 | G22: 4 | H22: 3 | I22: 5 | J22: 5 | K22: 3 | L22: 4 | M22: 1 | N22: 5 | O22: 3 | P22: 1 | Q22: 1 | R22: 1 | S22: 2 | T22: 5 | U22: 5 | V22: 5 | W22: 4 | X22: 5 | Y22: 2 | Z22: 2 | AA22: 5 | AB22: 3 | AC22: 5 | AD22: 4 | AE22: 5
A23: Improper handling of the project progress by the contractor | B23: 2 | C23: 4 | D23: 4 | E23: 4 | F23: 4 | G23: 4 | H23: 3 | I23: 3 | J23: 5 | K23: 4 | L23: 3 | M23: 3 | N23: 4 | O23: 4 | P23: 3 | Q23: 3 | R23: 3 | S23: 1 | T23: 4 | U23: 5 | V23: 5 | W23: 4 | X23: 5 | Y23: 3 | Z23: 2 | AA23: 5 | AB23: 4 | AC23: 5 | AD23: 5 | AE23: 5
A24: Ineffective quality control by the contractor | B24: 2 | C24: 4 | D24: 4 | E24: 5 | F24: 4 | G24: 4 | H24: 2 | I24: 1 | J24: 5 | K24: 4 | L24: 4 | M24: 3 | N24: 3 | O24: 3 | P24: 3 | Q24: 3 | R24: 3 | S24: 3 | T24: 5 | U24: 5 | V24: 5 | W24: 4 | X24: 2 | Y24: 3 | Z24: 3 | AA24: 5 | AB24: 4 | AC24: 4 | AD24: 5 | AE24: 5
A25: Financial difficulties faced by the contractor | B25: 2 | C25: 4 | D25: 5 | E25: 3 | F25: 4 | G25: 5 | H25: 5 | I25: 2 | J25: 5 | K25: 4 | L25: 5 | M25: 3 | N25: 5 | O25: 4 | P25: 1 | Q25: 1 | R25: 1 | S25: 3 | T25: 5 | U25: 5 | V25: 5 | W25: 4 | X25: 3 | Y25: 3 | Z25: 2 | AA25: 5 | AB25: 0 | AC25: 4 | AD25: 4 | AE25: 5
A26: Delays by the contractor payments to subcontractors | B26: 3 | C26: 3 | D26: 5 | E26: 5 | F26: 4 | G26: 3 | H26: 3 | I26: 2 | J26: 5 | K26: 3 | L26: 5 | M26: 1 | N26: 1 | O26: 4 | P26: 1 | Q26: 1 | R26: 1 | S26: 1 | T26: 5 | U26: 3 | V26: 3 | W26: 4 | X26: 3 | Y26: 2 | Z26: 3 | AA26: 3 | AB26: 0 | AC26: 1 | AD26: 3 | AE26: 3
A28: Owner
A29: Delays in site preparation | B29: 5 | C29: 5 | D29: 5 | E29: 3 | F29: 4 | G29: 3 | H29: 2 | I29: 2 | J29: 5 | K29: 1 | L29: 3 | M29: 1 | N29: 4 | O29: 4 | P29: 1 | Q29: 1 | R29: 1 | S29: 2 | T29: 5 | U29: 4 | V29: 4 | W29: 5 | X29: 5 | Y29: 5 | Z29: 5 | AA29: 4 | AB29: 4 | AC29: 4 | AD29: 5 | AE29: 4
A30: Delays in contractors claims settlements | B30: 4 | C30: 4 | D30: 5 | E30: 4 | F30: 4 | G30: 1 | H30: 3 | I30: 5 | J30: 5 | K30: 2 | L30: 3 | M30: 1 | N30: 1 | O30: 3 | P30: 1 | Q30: 1 | R30: 1 | S30: 1 | T30: 5 | U30: 5 | V30: 5 | W30: 4 | X30: 5 | Y30: 4 | Z30: 3 | AA30: 5 | AB30: 4 | AC30: 5 | AD30: 5 | AE30: 5
A31: Work suspension by the owner | B31: 5 | C31: 3 | D31: 4 | E31: 4 | F31: 3 | G31: 2 | H31: 4 | I31: 3 | J31: 5 | K31: 2 | L31: 3 | M31: 1 | N31: 3 | O31: 2 | P31: 1 | Q31: 1 | R31: 1 | S31: 1 | T31: 5 | U31: 5 | V31: 5 | W31: 4 | X31: 4 | Y31: 3 | Z31: 4 | AA31: 5 | AB31: 4 | AC31: 4 | AD31: 5 | AE31: 5
A32: Too many change orders from owner | B32: 3 | C32: 5 | D32: 4 | E32: 5 | F32: 4 | G32: 5 | H32: 3 | I32: 5 | J32: 5 | K32: 3 | L32: 4 | M32: 1 | N32: 5 | O32: 4 | P32: 1 | Q32: 1 | R32: 1 | S32: 4 | T32: 5 | U32: 5 | V32: 5 | W32: 3 | X32: 2 | Y32: 3 | Z32: 5 | AA32: 5 | AB32: 5 | AC32: 5 | AD32: 5 | AE32: 5
A33: Slow decision making from owner | B33: 3 | C33: 5 | D33: 4 | E33: 5 | F33: 4 | G33: 4 | H33: 3 | I33: 4 | J33: 5 | K33: 2 | L33: 4 | M33: 1 | N33: 5 | O33: 3 | P33: 1 | Q33: 1 | R33: 1 | S33: 4 | T33: 5 | U33: 5 | V33: 5 | W33: 3 | X33: 1 | Y33: 3 | Z33: 3 | AA33: 5 | AB33: 5 | AC33: 5 | AD33: 5 | AE33: 5
A34: Inference by owner in the construction operation | B34: 3 | C34: 4 | D34: 3 | E34: 4 | F34: 3 | G34: 4 | H34: 3 | I34: 3 | J34: 5 | K34: 3 | L34: 3 | M34: 3 | N34: 3 | O34: 4 | P34: 3 | Q34: 3 | R34: 3 | S34: 1 | T34: 5 | U34: 4 | V34: 5 | W34: 3 | X34: 3 | Y34: 5 | Z34: 3 | AA34: 5 | AB34: 3 | AC34: 2 | AD34: 4 | AE34: 4
A35: Delay in progress payments by the owner | B35: 3 | C35: 5 | D35: 5 | E35: 5 | F35: 4 | G35: 4 | H35: 2 | I35: 5 | J35: 5 | K35: 4 | L35: 5 | M35: 1 | N35: 5 | O35: 5 | P35: 1 | Q35: 1 | R35: 1 | S35: 1 | T35: 5 | U35: 4 | V35: 4 | W35: 3 | X35: 5 | Y35: 4 | Z35: 4 | AA35: 4 | AB35: 3 | AC35: 3 | AD35: 3 | AE35: 4
A36: Financial constraints faced by the owner | B36: 3 | C36: 4 | D36: 4 | E36: 5 | F36: 3 | G36: 4 | H36: 3 | I36: 5 | J36: 5 | K36: 4 | L36: 5 | M36: 3 | N36: 5 | O36: 5 | P36: 3 | Q36: 3 | R36: 3 | S36: 2 | T36: 5 | U36: 4 | V36: 4 | W36: 3 | X36: 5 | Y36: 5 | Z36: 2 | AA36: 4 | AB36: 3 | AC36: 3 | AD36: 2 | AE36: 4
A37: Insufficient coordination among the parties by the owner | B37: 3 | C37: 3 | D37: 4 | E37: 4 | F37: 3 | G37: 3 | H37: 2 | I37: 3 | J37: 5 | K37: 3 | L37: 3 | M37: 1 | N37: 3 | O37: 2 | P37: 1 | Q37: 1 | R37: 1 | S37: 1 | T37: 5 | U37: 5 | V37: 5 | W37: 3 | X37: 3 | Y37: 2 | Z37: 5 | AA37: 5 | AB37: 0 | AC37: 1 | AD37: 4 | AE37: 5
A39: Consultant
A40: Ambiguities and mistakes in specifications and drawings | B40: 1 | C40: 5 | D40: 5 | E40: 5 | F40: 4 | G40: 5 | H40: 3 | I40: 3 | J40: 5 | K40: 4 | L40: 4 | M40: 1 | N40: 4 | O40: 4 | P40: 1 | Q40: 1 | R40: 1 | S40: 2 | T40: 5 | U40: 5 | V40: 5 | W40: 4 | X40: 5 | Y40: 3 | Z40: 5 | AA40: 5 | AB40: 4 | AC40: 4 | AD40: 5 | AE40: 5
A41: Poor qualification of consultants engineers staff assigned to the project | B41: 2 | C41: 5 | D41: 5 | E41: 4 | F41: 4 | G41: 4 | H41: 3 | I41: 2 | J41: 5 | K41: 4 | L41: 4 | M41: 1 | N41: 4 | O41: 5 | P41: 1 | Q41: 1 | R41: 1 | S41: 4 | T41: 5 | U41: 5 | V41: 5 | W41: 4 | X41: 4 | Y41: 3 | Z41: 5 | AA41: 5 | AB41: 3 | AC41: 3 | AD41: 4 | AE41: 5
A42: Delay in the approval of contractor submissions by the engineer | B42: 3 | C42: 4 | D42: 5 | E42: 3 | F42: 4 | G42: 4 | H42: 1 | I42: 4 | J42: 5 | K42: 3 | L42: 4 | M42: 1 | N42: 4 | O42: 3 | P42: 1 | Q42: 1 | R42: 1 | S42: 1 | T42: 5 | U42: 5 | V42: 5 | W42: 3 | X42: 3 | Y42: 3 | Z42: 5 | AA42: 5 | AB42: 4 | AC42: 4 | AD42: 4 | AE42: 5
A43: Poor coordination by the consultants engineers with the parties involved | B43: 2 | C43: 4 | D43: 5 | E43: 3 | F43: 4 | G43: 4 | H43: 3 | I43: 3 | J43: 5 | K43: 3 | L43: 4 | M43: 1 | N43: 3 | O43: 4 | P43: 1 | Q43: 1 | R43: 1 | S43: 1 | T43: 5 | U43: 5 | V43: 5 | W43: 4 | X43: 1 | Y43: 2 | Z43: 5 | AA43: 5 | AB43: 4 | AC43: 5 | AD43: 4 | AE43: 5
A44: Slow response by the consultants engineers regarding testing and inspections | B44: 3 | C44: 3 | D44: 4 | E44: 4 | F44: 4 | G44: 4 | H44: 2 | I44: 3 | J44: 5 | K44: 2 | L44: 4 | M44: 1 | N44: 4 | O44: 3 | P44: 1 | Q44: 1 | R44: 1 | S44: 2 | T44: 5 | U44: 5 | V44: 5 | W44: 4 | X44: 1 | Y44: 4 | Z44: 5 | AA44: 5 | AB44: 3 | AC44: 1 | AD44: 4 | AE44: 5
A45: Slow response by the consultant’s engineers to contractor inquires | B45: 3 | C45: 5 | D45: 4 | E45: 3 | F45: 4 | G45: 3 | H45: 3 | I45: 3 | J45: 5 | K45: 3 | L45: 4 | M45: 1 | N45: 4 | O45: 4 | P45: 1 | Q45: 1 | R45: 1 | S45: 1 | T45: 5 | U45: 5 | V45: 5 | W45: 4 | X45: 1 | Y45: 3 | Z45: 5 | AA45: 5 | AB45: 3 | AC45: 3 | AD45: 3 | AE45: 5
A47: Exogenous Factors ( EF )
A48: Severe weather condition on the job site | B48: 4 | C48: 5 | D48: 5 | E48: 2 | F48: 4 | G48: 3 | H48: 2 | I48: 3 | J48: 5 | K48: 5 | L48: 3 | M48: 2 | N48: 4 | O48: 2 | P48: 2 | Q48: 2 | R48: 2 | S48: 5 | T48: 5 | U48: 5 | V48: 5 | W48: 3 | X48: 3 | Y48: 3 | Z48: 5 | AA48: 5 | AB48: 3 | AC48: 3 | AD48: 5 | AE48: 5
A49: Difficulties in obtaining work permits | B49: 2 | C49: 4 | D49: 4 | E49: 3 | F49: 4 | G49: 3 | H49: 2 | I49: 2 | J49: 5 | K49: 4 | L49: 3 | M49: 2 | N49: 4 | O49: 3 | P49: 5 | Q49: 5 | R49: 5 | S49: 2 | T49: 5 | U49: 5 | V49: 5 | W49: 3 | X49: 4 | Y49: 1 | Z49: 5 | AA49: 5 | AB49: 3 | AC49: 2 | AD49: 5 | AE49: 5
A50: Unforeseen site conditions | B50: 4 | C50: 3 | D50: 4 | E50: 2 | F50: 3 | G50: 4 | H50: 3 | I50: 2 | J50: 5 | K50: 4 | L50: 4 | M50: 2 | N50: 3 | O50: 2 | P50: 2 | Q50: 2 | R50: 2 | S50: 1 | T50: 5 | U50: 4 | V50: 4 | W50: 3 | X50: 5 | Y50: 1 | Z50: 1 | AA50: 4 | AB50: 3 | AC50: 3 | AD50: 4 | AE50: 4
A53: Cost Overrun variables | B53: Importance | C53: Importance | D53: Importance | E53: Importance | F53: Importance | G53: Importance | H53: Importance | I53: Importance | J53: Importance | K53: Importance | L53: Importance | M53: Importance | N53: Importance | O53: Importance | P53: Importance | Q53: Importance | R53: Importance | S53: Importance | T53: Importance | U53: Importance | V53: Importance | W53: Importance | X53: Importance | Y53: Importance | Z53: Importance | AA53: Importance | AB53: Importance | AC53: Importance | AD53: Importance | AE53: Importance
A54: Unpredictable weather conditions | B54: 3 | C54: 4 | D54: 5 | E54: 1 | F54: 4 | G54: 1 | H54: 3 | I54: 1 | J54: 3 | K54: 4 | L54: 3 | M54: 2 | N54: 4 | O54: 1 | P54: 2 | Q54: 2 | R54: 2 | S54: 1 | T54: 5 | U54: 4 | V54: 4 | W54: 2 | X54: 5 | Y54: 2 | Z54: 1 | AA54: 4 | AB54: 5 | AC54: 5 | AD54: 5 | AE54: 4
A55: Material cost increase by inflation | B55: 3 | C55: 4 | D55: 5 | E55: 3 | F55: 4 | G55: 5 | H55: 3 | I55: 3 | J55: 5 | K55: 4 | L55: 4 | M55: 1 | N55: 3 | O55: 4 | P55: 1 | Q55: 1 | R55: 1 | S55: 1 | T55: 5 | U55: 5 | V55: 5 | W55: 3 | X55: 4 | Y55: 3 | Z55: 5 | AA55: 5 | AB55: 4 | AC55: 4 | AD55: 3 | AE55: 5
A56: Inaccurate quantity takeoff | B56: 2 | C56: 5 | D56: 5 | E56: 3 | F56: 4 | G56: 5 | H56: 3 | I56: 3 | J56: 5 | K56: 4 | L56: 5 | M56: 1 | N56: 4 | O56: 3 | P56: 1 | Q56: 1 | R56: 1 | S56: 4 | T56: 5 | U56: 4 | V56: 4 | W56: 3 | X56: 2 | Y56: 4 | Z56: 5 | AA56: 4 | AB56: 3 | AC56: 3 | AD56: 2 | AE56: 4
A57: Lack of experience of local regulations | B57: 4 | C57: 4 | D57: 4 | E57: 4 | F57: 4 | G57: 3 | H57: 2 | I57: 3 | J57: 5 | K57: 3 | L57: 3 | M57: 1 | N57: 3 | O57: 3 | P57: 1 | Q57: 1 | R57: 1 | S57: 3 | T57: 5 | U57: 5 | V57: 5 | W57: 3 | X57: 1 | Y57: 5 | Z57: 1 | AA57: 5 | AB57: 3 | AC57: 1 | AD57: 4 | AE57: 5
A58: Lack of experience of project location | B58: 4 | C58: 4 | D58: 4 | E58: 4 | F58: 4 | G58: 1 | H58: 3 | I58: 3 | J58: 5 | K58: 2 | L58: 4 | M58: 1 | N58: 4 | O58: 4 | P58: 1 | Q58: 1 | R58: 1 | S58: 2 | T58: 4 | U58: 4 | V58: 4 | W58: 3 | X58: 4 | Y58: 4 | Z58: 5 | AA58: 4 | AB58: 4 | AC58: 1 | AD58: 5 | AE58: 4
A59: Lack of experience of project type | B59: 2 | C59: 3 | D59: 4 | E59: 4 | F59: 4 | G59: 1 | H59: 3 | I59: 3 | J59: 5 | K59: 2 | L59: 3 | M59: 1 | N59: 2 | O59: 3 | P59: 1 | Q59: 1 | R59: 1 | S59: 1 | T59: 5 | U59: 5 | V59: 5 | W59: 3 | X59: 3 | Y59: 1 | Z59: 5 | AA59: 5 | AB59: 4 | AC59: 4 | AD59: 5 | AE59: 5
A60: Fuel cost increase | B60: 2 | C60: 4 | D60: 4 | E60: 1 | F60: 4 | G60: 5 | H60: 2 | I60: 2 | J60: 4 | K60: 3 | L60: 4 | M60: 2 | N60: 1 | O60: 2 | P60: 2 | Q60: 2 | R60: 2 | S60: 1 | T60: 5 | U60: 5 | V60: 5 | W60: 4 | X60: 5 | Y60: 5 | Z60: 5 | AA60: 5 | AB60: 4 | AC60: 5 | AD60: 3 | AE60: 5
A61: Design changes | B61: 3 | C61: 4 | D61: 5 | E61: 3 | F61: 4 | G61: 5 | H61: 2 | I61: 3 | J61: 5 | K61: 3 | L61: 4 | M61: 1 | N61: 4 | O61: 3 | P61: 1 | Q61: 1 | R61: 1 | S61: 4 | T61: 5 | U61: 5 | V61: 5 | W61: 4 | X61: 4 | Y61: 4 | Z61: 3 | AA61: 5 | AB61: 3 | AC61: 3 | AD61: 4 | AE61: 5
A62: Equipment shortage | B62: 2 | C62: 4 | D62: 5 | E62: 1 | F62: 4 | G62: 1 | H62: 4 | I62: 2 | J62: 5 | K62: 3 | L62: 4 | M62: 2 | N62: 2 | O62: 1 | P62: 2 | Q62: 2 | R62: 2 | S62: 1 | T62: 4 | U62: 4 | V62: 4 | W62: 4 | X62: 1 | Y62: 1 | Z62: 4 | AA62: 4 | AB62: 3 | AC62: 3 | AD62: 3 | AE62: 4

Sheet Impo Index DELAY
B1: Shortage of manpower | C1: Presence of unskilled labors | D1: Shortage of materials | E1: Delay in materials delivery | F1: Materials price regulations | G1: Modification in material specifications | H1: Shortage of equipment | I1: Failure of equipment | J1: Shortage of technical professional in the contractors organization | K1: Insufficient coordination among the parties by the contractor | L1: Delay in mobilization | M1: Safety rules and regulations are not followed within the contractors regulations | N1: Incompetent technical staff assigned to the project | O1: Improper technical study by the contractor during the bedding stage | P1: Poor planning on scheduling of the project by the contractor | Q1: Improper handling of the project progress by the contractor | R1: Ineffective quality control by the contractor | S1: Financial difficulties faced by the contractor | T1: Delays by the contractor payments to subcontractors | U1: Delays in site preparation | V1: Delays in contractors claims settlements | W1: Work suspension by the owner | X1: Too many change orders from owner | Y1: Slow decision making from owner | Z1: Inference by owner in the construction operation | AA1: Delay in progress payments by the owner | AB1: Financial constraints faced by the owner | AC1: Insufficient coordination among the parties by the owner | AD1: Ambiguities and mistakes in specifications and drawings | AE1: Poor qualification of consultants engineers staff assigned to the project | AF1: Delay in the approval of contractor submissions by the engineer | AG1: Poor coordination by the consultants engineers with the parties involved | AH1: Slow response by the consultants engineers regarding testing and inspections | AI1: Slow response by the consultant’s engineers to contractor inquires | AJ1: Severe weather condition on the job site | AK1: Difficulties in obtaining work permits | AL1: Unforeseen site conditions
B2: 4 | C2: 3 | D2: 2 | E2: 1 | F2: 3 | G2: 2 | H2: 4 | I2: 2 | J2: 2 | K2: 3 | L2: 4 | M2: 3 | N2: 2 | O2: 3 | P2: 4 | Q2: 2 | R2: 2 | S2: 2 | T2: 3 | U2: 5 | V2: 4 | W2: 5 | X2: 3 | Y2: 3 | Z2: 3 | AA2: 3 | AB2: 3 | AC2: 3 | AD2: 1 | AE2: 2 | AF2: 3 | AG2: 2 | AH2: 3 | AI2: 3 | AJ2: 4 | AK2: 2 | AL2: 4
B3: 5 | C3: 5 | D3: 5 | E3: 4 | F3: 2 | G3: 2 | H3: 4 | I3: 4 | J3: 5 | K3: 4 | L3: 4 | M3: 3 | N3: 4 | O3: 5 | P3: 4 | Q3: 4 | R3: 4 | S3: 4 | T3: 3 | U3: 5 | V3: 4 | W3: 3 | X3: 5 | Y3: 5 | Z3: 4 | AA3: 5 | AB3: 4 | AC3: 3 | AD3: 5 | AE3: 5 | AF3: 4 | AG3: 4 | AH3: 3 | AI3: 5 | AJ3: 5 | AK3: 4 | AL3: 3
B4: 5 | C4: 5 | D4: 5 | E4: 3 | F4: 4 | G4: 3 | H4: 5 | I4: 5 | J4: 4 | K4: 4 | L4: 4 | M4: 4 | N4: 4 | O4: 4 | P4: 5 | Q4: 4 | R4: 4 | S4: 5 | T4: 5 | U4: 5 | V4: 5 | W4: 4 | X4: 4 | Y4: 4 | Z4: 3 | AA4: 5 | AB4: 4 | AC4: 4 | AD4: 5 | AE4: 5 | AF4: 5 | AG4: 5 | AH4: 4 | AI4: 4 | AJ4: 5 | AK4: 4 | AL4: 4
B5: 3 | C5: 2 | D5: 5 | E5: 4 | F5: 3 | G5: 5 | H5: 5 | I5: 4 | J5: 5 | K5: 4 | L5: 5 | M5: 4 | N5: 3 | O5: 4 | P5: 5 | Q5: 4 | R5: 5 | S5: 3 | T5: 5 | U5: 3 | V5: 4 | W5: 4 | X5: 5 | Y5: 5 | Z5: 4 | AA5: 5 | AB5: 5 | AC5: 4 | AD5: 5 | AE5: 4 | AF5: 3 | AG5: 3 | AH5: 4 | AI5: 3 | AJ5: 2 | AK5: 3 | AL5: 2
B6: 5 | C6: 5 | D6: 4 | E6: 4 | F6: 3 | G6: 3 | H6: 4 | I6: 4 | J6: 4 | K6: 4 | L6: 4 | M6: 4 | N6: 4 | O6: 4 | P6: 4 | Q6: 4 | R6: 4 | S6: 4 | T6: 4 | U6: 4 | V6: 4 | W6: 3 | X6: 4 | Y6: 4 | Z6: 3 | AA6: 4 | AB6: 3 | AC6: 3 | AD6: 4 | AE6: 4 | AF6: 4 | AG6: 4 | AH6: 4 | AI6: 4 | AJ6: 4 | AK6: 4 | AL6: 3
B7: 5 | C7: 5 | D7: 5 | E7: 5 | F7: 5 | G7: 4 | H7: 4 | I7: 4 | J7: 4 | K7: 4 | L7: 4 | M7: 1 | N7: 3 | O7: 5 | P7: 4 | Q7: 4 | R7: 4 | S7: 5 | T7: 3 | U7: 3 | V7: 1 | W7: 2 | X7: 5 | Y7: 4 | Z7: 4 | AA7: 4 | AB7: 4 | AC7: 3 | AD7: 5 | AE7: 4 | AF7: 4 | AG7: 4 | AH7: 4 | AI7: 3 | AJ7: 3 | AK7: 3 | AL7: 4
B8: 5 | C8: 3 | D8: 5 | E8: 4 | F8: 3 | G8: 3 | H8: 4 | I8: 3 | J8: 3 | K8: 3 | L8: 3 | M8: 3 | N8: 2 | O8: 2 | P8: 3 | Q8: 3 | R8: 2 | S8: 5 | T8: 3 | U8: 2 | V8: 3 | W8: 4 | X8: 3 | Y8: 3 | Z8: 3 | AA8: 2 | AB8: 3 | AC8: 2 | AD8: 3 | AE8: 3 | AF8: 1 | AG8: 3 | AH8: 2 | AI8: 3 | AJ8: 2 | AK8: 2 | AL8: 3
B9: 3 | C9: 5 | D9: 1 | E9: 1 | F9: 3 | G9: 3 | H9: 1 | I9: 1 | J9: 2 | K9: 2 | L9: 1 | M9: 1 | N9: 1 | O9: 2 | P9: 5 | Q9: 3 | R9: 1 | S9: 2 | T9: 2 | U9: 2 | V9: 5 | W9: 3 | X9: 5 | Y9: 4 | Z9: 3 | AA9: 5 | AB9: 5 | AC9: 3 | AD9: 3 | AE9: 2 | AF9: 4 | AG9: 3 | AH9: 3 | AI9: 3 | AJ9: 3 | AK9: 2 | AL9: 2
B10: 5 | C10: 5 | D10: 5 | E10: 5 | F10: 3 | G10: 3 | H10: 5 | I10: 5 | J10: 5 | K10: 5 | L10: 5 | M10: 4 | N10: 5 | O10: 5 | P10: 5 | Q10: 5 | R10: 5 | S10: 5 | T10: 5 | U10: 5 | V10: 5 | W10: 5 | X10: 5 | Y10: 5 | Z10: 5 | AA10: 5 | AB10: 5 | AC10: 5 | AD10: 5 | AE10: 5 | AF10: 5 | AG10: 5 | AH10: 5 | AI10: 5 | AJ10: 5 | AK10: 5 | AL10: 5
B11: 3 | C11: 2 | D11: 5 | E11: 4 | F11: 3 | G11: 3 | H11: 5 | I11: 4 | J11: 3 | K11: 4 | L11: 4 | M11: 4 | N11: 2 | O11: 3 | P11: 3 | Q11: 4 | R11: 4 | S11: 4 | T11: 3 | U11: 1 | V11: 2 | W11: 2 | X11: 3 | Y11: 2 | Z11: 3 | AA11: 4 | AB11: 4 | AC11: 3 | AD11: 4 | AE11: 4 | AF11: 3 | AG11: 3 | AH11: 2 | AI11: 3 | AJ11: 5 | AK11: 4 | AL11: 4
B12: 4 | C12: 4 | D12: 4 | E12: 3 | F12: 4 | G12: 5 | H12: 3 | I12: 3 | J12: 4 | K12: 3 | L12: 3 | M12: 3 | N12: 4 | O12: 3 | P12: 4 | Q12: 3 | R12: 4 | S12: 5 | T12: 5 | U12: 3 | V12: 3 | W12: 3 | X12: 4 | Y12: 4 | Z12: 3 | AA12: 5 | AB12: 5 | AC12: 3 | AD12: 4 | AE12: 4 | AF12: 4 | AG12: 4 | AH12: 4 | AI12: 4 | AJ12: 3 | AK12: 3 | AL12: 4
B13: 1 | C13: 1 | D13: 3 | E13: 1 | F13: 3 | G13: 4 | H13: 5 | I13: 5 | J13: 1 | K13: 1 | L13: 1 | M13: 1 | N13: 4 | O13: 5 | P13: 1 | Q13: 3 | R13: 3 | S13: 3 | T13: 1 | U13: 1 | V13: 1 | W13: 1 | X13: 1 | Y13: 1 | Z13: 3 | AA13: 1 | AB13: 3 | AC13: 1 | AD13: 1 | AE13: 1 | AF13: 1 | AG13: 1 | AH13: 1 | AI13: 1 | AJ13: 2 | AK13: 2 | AL13: 2
... B31: 5 | C31: 5 | D31: 5 | E31: 5 | F31: 4 | G31: 5 | H31: 5 | I31: 5 | J31: 5 | K31: 5 | L31: 5 | M31: 4 | N31: 5 | O31: 5 | P31: 5 | Q31: 5 | R31: 5 | S31: 5 | T31: 3 | U31: 4 | V31: 5 | W31: 5 | X31: 5 | Y31: 5 | Z31: 4 | AA31: 4 | AB31: 4 | AC31: 5 | AD31: 5 | AE31: 5 | AF31: 5 | AG31: 5 | AH31: 5 | AI31: 5 | AJ31: 5 | AK31: 5 | AL31: 4
A33: ES | B33: =COUNTIF(B2:B31,"=5") -> 14 | C33: =COUNTIF(C2:C31,"=5") -> 14 | D33: =COUNTIF(D2:D31,"=5") -> 14 | E33: =COUNTIF(E2:E31,"=5") -> 8 | F33: =COUNTIF(F2:F31,"=5") -> 2 | G33: =COUNTIF(G2:G31,"=5") -> 9 | H33: =COUNTIF(H2:H31,"=5") -> 15 | I33: =COUNTIF(I2:I31,"=5") -> 12 | ... AL33: =COUNTIF(AL2:AL31,"=5") -> 3
A34: VS | B34: =COUNTIF(B2:B31,"=4") -> 5 | C34: =COUNTIF(C2:C31,"=4") -> 6 | D34: =COUNTIF(D2:D31,"=4") -> 4 | E34: =COUNTIF(E2:E31,"=4") -> 9 | F34: =COUNTIF(F2:F31,"=4") -> 10 | G34: =COUNTIF(G2:G31,"=4") -> 7 | H34: =COUNTIF(H2:H31,"=4") -> 7 | I34: =COUNTIF(I2:I31,"=4") -> 6 | ... AL34: =COUNTIF(AL2:AL31,"=4") -> 10
A35: MS | B35: =COUNTIF(B2:B31,"=3") -> 5 | C35: =COUNTIF(C2:C31,"=3") -> 2 | D35: =COUNTIF(D2:D31,"=3") -> 5 | E35: =COUNTIF(E2:E31,"=3") -> 4 | F35: =COUNTIF(F2:F31,"=3") -> 13 | G35: =COUNTIF(G2:G31,"=3") -> 7 | H35: =COUNTIF(H2:H31,"=3") -> 3 | I35: =COUNTIF(I2:I31,"=3") -> 5 | ... AL35: =COUNTIF(AL2:AL31,"=3") -> 7
A36: SS | B36: =COUNTIF(B2:B31,"=2") -> 0 | C36: =COUNTIF(C2:C31,"=2") -> 4 | D36: =COUNTIF(D2:D31,"=2") -> 4 | E36: =COUNTIF(E2:E31,"=2") -> 2 | F36: =COUNTIF(F2:F31,"=2") -> 2 | G36: =COUNTIF(G2:G31,"=2") -> 3 | H36: =COUNTIF(H2:H31,"=2") -> 0 | I36: =COUNTIF(I2:I31,"=2") -> 1 | ... AL36: =COUNTIF(AL2:AL31,"=2") -> 7
A37: NS | B37: =COUNTIF(B2:B31,"=1") -> 6 | C37: =COUNTIF(C2:C31,"=1") -> 4 | D37: =COUNTIF(D2:D31,"=1") -> 3 | E37: =COUNTIF(E2:E31,"=1") -> 7 | F37: =COUNTIF(F2:F31,"=1") -> 3 | G37: =COUNTIF(G2:G31,"=1") -> 3 | H37: =COUNTIF(H2:H31,"=1") -> 5 | I37: =COUNTIF(I2:I31,"=1") -> 6 | ... AL37: =COUNTIF(AL2:AL31,"=1") -> 3
A39: FRE.I | B39: =(B33*4+B34*3+B35*2+B36*1+B37*0)/(4*30) -> 0.675 | C39: =(C33*4+C34*3+C35*2+C36*1+C37*0)/(4*30) -> 0.68333333 | D39: =(D33*4+D34*3+D35*2+D36*1+D37*0)/(4*30) -> 0.68333333 | E39: =(E33*4+E34*3+E35*2+E36*1+E37*0)/(4*30) -> 0.575 | F39: =(F33*4+F34*3+F35*2+F36*1+F37*0)/(4*30) -> 0.55 | G39: =(G33*4+G34*3+G35*2+G36*1+G37*0)/(4*30) -> 0.61666667 | H39: =(H33*4+H34*3+H35*2+H36*1+H37*0)/(4*30) -> 0.725 | I39: =(I33*4+I34*3+I35*2+I36*1+I37*0)/(4*30) -> 0.64166667 | ... AL39: =(AL33*4+AL34*3+AL35*2+AL36*1+AL37*0)/(4*30) -> 0.525

Sheet Imp Index COST
B1: Unpredictable weather conditions | C1: Material cost increase by inflation | D1: Inaccurate quantity takeoff | E1: Lack of experience of local regulations | F1: Lack of experience of project location | G1: Lack of experience of project type | H1: Fuel cost increase | I1: Design changes | J1: Equipment shortage
B2: 3 | C2: 3 | D2: 2 | E2: 4 | F2: 4 | G2: 2 | H2: 2 | I2: 3 | J2: 2
B3: 4 | C3: 4 | D3: 5 | E3: 4 | F3: 4 | G3: 3 | H3: 4 | I3: 4 | J3: 4
B4: 5 | C4: 5 | D4: 5 | E4: 4 | F4: 4 | G4: 4 | H4: 4 | I4: 5 | J4: 5
B5: 1 | C5: 3 | D5: 3 | E5: 4 | F5: 4 | G5: 4 | H5: 1 | I5: 3 | J5: 1
B6: 4 | C6: 4 | D6: 4 | E6: 4 | F6: 4 | G6: 4 | H6: 4 | I6: 4 | J6: 4
B7: 1 | C7: 5 | D7: 5 | E7: 3 | F7: 1 | G7: 1 | H7: 5 | I7: 5 | J7: 1
B8: 3 | C8: 3 | D8: 3 | E8: 2 | F8: 3 | G8: 3 | H8: 2 | I8: 2 | J8: 4
B9: 1 | C9: 3 | D9: 3 | E9: 3 | F9: 3 | G9: 3 | H9: 2 | I9: 3 | J9: 2
B10: 3 | C10: 5 | D10: 5 | E10: 5 | F10: 5 | G10: 5 | H10: 4 | I10: 5 | J10: 5
B11: 4 | C11: 4 | D11: 4 | E11: 3 | F11: 2 | G11: 2 | H11: 3 | I11: 3 | J11: 3
B12: 3 | C12: 4 | D12: 5 | E12: 3 | F12: 4 | G12: 3 | H12: 4 | I12: 4 | J12: 4
B13: 2 | C13: 1 | D13: 1 | E13: 1 | F13: 1 | G13: 1 | H13: 2 | I13: 1 | J13: 2
... B31: 4 | C31: 5 | D31: 4 | E31: 5 | F31: 4 | G31: 5 | H31: 5 | I31: 5 | J31: 4
A33: ES | B33: =COUNTIF(B2:B31,"=5") -> 6 | C33: =COUNTIF(C2:C31,"=5") -> 9 | D33: =COUNTIF(D2:D31,"=5") -> 7 | E33: =COUNTIF(E2:E31,"=5") -> 7 | F33: =COUNTIF(F2:F31,"=5") -> 3 | G33: =COUNTIF(G2:G31,"=5") -> 8 | H33: =COUNTIF(H2:H31,"=5") -> 10 | I33: =COUNTIF(I2:I31,"=5") -> 8 | J33: =COUNTIF(J2:J31,"=5") -> 2
A34: VS | B34: =COUNTIF(B2:B31,"=4") -> 8 | C34: =COUNTIF(C2:C31,"=4") -> 8 | D34: =COUNTIF(D2:D31,"=4") -> 9 | E34: =COUNTIF(E2:E31,"=4") -> 6 | F34: =COUNTIF(F2:F31,"=4") -> 16 | G34: =COUNTIF(G2:G31,"=4") -> 5 | H34: =COUNTIF(H2:H31,"=4") -> 7 | I34: =COUNTIF(I2:I31,"=4") -> 9 | J34: =COUNTIF(J2:J31,"=4") -> 11
A35: MS | B35: =COUNTIF(B2:B31,"=3") -> 4 | C35: =COUNTIF(C2:C31,"=3") -> 8 | D35: =COUNTIF(D2:D31,"=3") -> 7 | E35: =COUNTIF(E2:E31,"=3") -> 9 | F35: =COUNTIF(F2:F31,"=3") -> 3 | G35: =COUNTIF(G2:G31,"=3") -> 7 | H35: =COUNTIF(H2:H31,"=3") -> 2 | I35: =COUNTIF(I2:I31,"=3") -> 8 | J35: =COUNTIF(J2:J31,"=3") -> 4
A36: SS | B36: =COUNTIF(B2:B31,"=2") -> 6 | C36: =COUNTIF(C2:C31,"=2") -> 0 | D36: =COUNTIF(D2:D31,"=2") -> 3 | E36: =COUNTIF(E2:E31,"=2") -> 1 | F36: =COUNTIF(F2:F31,"=2") -> 2 | G36: =COUNTIF(G2:G31,"=2") -> 3 | H36: =COUNTIF(H2:H31,"=2") -> 8 | I36: =COUNTIF(I2:I31,"=2") -> 1 | J36: =COUNTIF(J2:J31,"=2") -> 7
A37: NS | B37: =COUNTIF(B2:B31,"=1") -> 6 | C37: =COUNTIF(C2:C31,"=1") -> 5 | D37: =COUNTIF(D2:D31,"=1") -> 4 | E37: =COUNTIF(E2:E31,"=1") -> 7 | F37: =COUNTIF(F2:F31,"=1") -> 6 | G37: =COUNTIF(G2:G31,"=1") -> 7 | H37: =COUNTIF(H2:H31,"=1") -> 3 | I37: =COUNTIF(I2:I31,"=1") -> 4 | J37: =COUNTIF(J2:J31,"=1") -> 6
A39: FRE.I | B39: =(B33*4+B34*3+B35*2+B36*1+B37*0)/(4*30) -> 0.51666667 | C39: =(C33*4+C34*3+C35*2+C36*1+C37*0)/(4*30) -> 0.63333333 | D39: =(D33*4+D34*3+D35*2+D36*1+D37*0)/(4*30) -> 0.6 | E39: =(E33*4+E34*3+E35*2+E36*1+E37*0)/(4*30) -> 0.54166667 | F39: =(F33*4+F34*3+F35*2+F36*1+F37*0)/(4*30) -> 0.56666667 | G39: =(G33*4+G34*3+G35*2+G36*1+G37*0)/(4*30) -> 0.53333333 | H39: =(H33*4+H34*3+H35*2+H36*1+H37*0)/(4*30) -> 0.60833333 | I39: =(I33*4+I34*3+I35*2+I36*1+I37*0)/(4*30) -> 0.63333333 | J39: =(J33*4+J34*3+J35*2+J36*1+J37*0)/(4*30) -> 0.46666667

Sheet Delay IxF
A1: Shortage of manpower | B1: Presence of unskilled labors | C1: Shortage of materials | D1: Delay in materials delivery | E1: Materials price regulations | F1: Modification in material specifications | G1: Shortage of equipment | H1: Failure of equipment | I1: Shortage of technical professional in the contractors organization | J1: Insufficient coordination among the parties by the contractor | K1: Delay in mobilization | L1: Safety rules and regulations are not followed within the contractors regulations | M1: Incompetent technical staff assigned to the project | N1: Improper technical study by the contractor during the bedding stage | O1: Poor planning on scheduling of the project by the contractor | P1: Improper handling of the project progress by the contractor | Q1: Ineffective quality control by the contractor | R1: Financial difficulties faced by the contractor | S1: Delays by the contractor payments to subcontractors | T1: Delays in site preparation | U1: Delays in contractors claims settlements | V1: Work suspension by the owner | W1: Too many change orders from owner | X1: Slow decision making from owner | Y1: Inference by owner in the construction operation | Z1: Delay in progress payments by the owner | AA1: Financial constraints faced by the owner | AB1: Insufficient coordination among the parties by the owner | AC1: Ambiguities and mistakes in specifications and drawings | AD1: Poor qualification of consultants engineers staff assigned to the project | AE1: Delay in the approval of contractor submissions by the engineer | AF1: Poor coordination by the consultants engineers with the parties involved | AG1: Slow response by the consultants engineers regarding testing and inspections | AH1: Slow response by the consultant’s engineers to contractor inquires | AI1: Severe weather condition on the job site | AJ1: Difficulties in obtaining work permits | AK1: Unforeseen site conditions
A2: ='Freq Index DELAY'!B2*'Impo Index DELAY'!B2 -> 16 | B2: ='Freq Index DELAY'!C2*'Impo Index DELAY'!C2 -> 9 | C2: ='Freq Index DELAY'!D2*'Impo Index DELAY'!D2 -> 4 | D2: ='Freq Index DELAY'!E2*'Impo Index DELAY'!E2 -> 3 | E2: ='Freq Index DELAY'!F2*'Impo Index DELAY'!F2 -> 3 | F2: ='Freq Index DELAY'!G2*'Impo Index DELAY'!G2 -> 4 | G2: ='Freq Index DELAY'!H2*'Impo Index DELAY'!H2 -> 12 | H2: ='Freq Index DELAY'!I2*'Impo Index DELAY'!I2 -> 8 | ... AK2: ='Freq Index DELAY'!AL2*'Impo Index DELAY'!AL2 -> 8
A3: ='Freq Index DELAY'!B3*'Impo Index DELAY'!B3 -> 10 | B3: ='Freq Index DELAY'!C3*'Impo Index DELAY'!C3 -> 15 | C3: ='Freq Index DELAY'!D3*'Impo Index DELAY'!D3 -> 5 | D3: ='Freq Index DELAY'!E3*'Impo Index DELAY'!E3 -> 12 | E3: ='Freq Index DELAY'!F3*'Impo Index DELAY'!F3 -> 4 | F3: ='Freq Index DELAY'!G3*'Impo Index DELAY'!G3 -> 4 | G3: ='Freq Index DELAY'!H3*'Impo Index DELAY'!H3 -> 12 | H3: ='Freq Index DELAY'!I3*'Impo Index DELAY'!I3 -> 12 | ... AK3: ='Freq Index DELAY'!AL3*'Impo Index DELAY'!AL3 -> 6
A4: ='Freq Index DELAY'!B4*'Impo Index DELAY'!B4 -> 10 | B4: ='Freq Index DELAY'!C4*'Impo Index DELAY'!C4 -> 10 | C4: ='Freq Index DELAY'!D4*'Impo Index DELAY'!D4 -> 5 | D4: ='Freq Index DELAY'!E4*'Impo Index DELAY'!E4 -> 6 | E4: ='Freq Index DELAY'!F4*'Impo Index DELAY'!F4 -> 12 | F4: ='Freq Index DELAY'!G4*'Impo Index DELAY'!G4 -> 9 | G4: ='Freq Index DELAY'!H4*'Impo Index DELAY'!H4 -> 20 | H4: ='Freq Index DELAY'!I4*'Impo Index DELAY'!I4 -> 20 | ... AK4: ='Freq Index DELAY'!AL4*'Impo Index DELAY'!AL4 -> 16
A5: ='Freq Index DELAY'!B5*'Impo Index DELAY'!B5 -> 6 | B5: ='Freq Index DELAY'!C5*'Impo Index DELAY'!C5 -> 4 | C5: ='Freq Index DELAY'!D5*'Impo Index DELAY'!D5 -> 25 | D5: ='Freq Index DELAY'!E5*'Impo Index DELAY'!E5 -> 12 | E5: ='Freq Index DELAY'!F5*'Impo Index DELAY'!F5 -> 6 | F5: ='Freq Index DELAY'!G5*'Impo Index DELAY'!G5 -> 25 | G5: ='Freq Index DELAY'!H5*'Impo Index DELAY'!H5 -> 20 | H5: ='Freq Index DELAY'!I5*'Impo Index DELAY'!I5 -> 16 | ... AK5: ='Freq Index DELAY'!AL5*'Impo Index DELAY'!AL5 -> 4
A6: ='Freq Index DELAY'!B6*'Impo Index DELAY'!B6 -> 10 | B6: ='Freq Index DELAY'!C6*'Impo Index DELAY'!C6 -> 15 | C6: ='Freq Index DELAY'!D6*'Impo Index DELAY'!D6 -> 12 | D6: ='Freq Index DELAY'!E6*'Impo Index DELAY'!E6 -> 12 | E6: ='Freq Index DELAY'!F6*'Impo Index DELAY'!F6 -> 9 | F6: ='Freq Index DELAY'!G6*'Impo Index DELAY'!G6 -> 9 | G6: ='Freq Index DELAY'!H6*'Impo Index DELAY'!H6 -> 12 | H6: ='Freq Index DELAY'!I6*'Impo Index DELAY'!I6 -> 12 | ... AK6: ='Freq Index DELAY'!AL6*'Impo Index DELAY'!AL6 -> 6
A7: ='Freq Index DELAY'!B7*'Impo Index DELAY'!B7 -> 20 | B7: ='Freq Index DELAY'!C7*'Impo Index DELAY'!C7 -> 20 | C7: ='Freq Index DELAY'!D7*'Impo Index DELAY'!D7 -> 20 | D7: ='Freq Index DELAY'!E7*'Impo Index DELAY'!E7 -> 20 | E7: ='Freq Index DELAY'!F7*'Impo Index DELAY'!F7 -> 15 | F7: ='Freq Index DELAY'!G7*'Impo Index DELAY'!G7 -> 16 | G7: ='Freq Index DELAY'!H7*'Impo Index DELAY'!H7 -> 8 | H7: ='Freq Index DELAY'!I7*'Impo Index DELAY'!I7 -> 8 | ... AK7: ='Freq Index DELAY'!AL7*'Impo Index DELAY'!AL7 -> 8
A8: ='Freq Index DELAY'!B8*'Impo Index DELAY'!B8 -> 10 | B8: ='Freq Index DELAY'!C8*'Impo Index DELAY'!C8 -> 9 | C8: ='Freq Index DELAY'!D8*'Impo Index DELAY'!D8 -> 10 | D8: ='Freq Index DELAY'!E8*'Impo Index DELAY'!E8 -> 12 | E8: ='Freq Index DELAY'!F8*'Impo Index DELAY'!F8 -> 9 | F8: ='Freq Index DELAY'!G8*'Impo Index DELAY'!G8 -> 9 | G8: ='Freq Index DELAY'!H8*'Impo Index DELAY'!H8 -> 8 | H8: ='Freq Index DELAY'!I8*'Impo Index DELAY'!I8 -> 9 | ... AK8: ='Freq Index DELAY'!AL8*'Impo Index DELAY'!AL8 -> 3
A9: ='Freq Index DELAY'!B9*'Impo Index DELAY'!B9 -> 9 | B9: ='Freq Index DELAY'!C9*'Impo Index DELAY'!C9 -> 25 | C9: ='Freq Index DELAY'!D9*'Impo Index DELAY'!D9 -> 1 | D9: ='Freq Index DELAY'!E9*'Impo Index DELAY'!E9 -> 1 | E9: ='Freq Index DELAY'!F9*'Impo Index DELAY'!F9 -> 9 | F9: ='Freq Index DELAY'!G9*'Impo Index DELAY'!G9 -> 9 | G9: ='Freq Index DELAY'!H9*'Impo Index DELAY'!H9 -> 1 | H9: ='Freq Index DELAY'!I9*'Impo Index DELAY'!I9 -> 1 | ... AK9: ='Freq Index DELAY'!AL9*'Impo Index DELAY'!AL9 -> 4
A10: ='Freq Index DELAY'!B10*'Impo Index DELAY'!B10 -> 25 | B10: ='Freq Index DELAY'!C10*'Impo Index DELAY'!C10 -> 15 | C10: ='Freq Index DELAY'!D10*'Impo Index DELAY'!D10 -> 25 | D10: ='Freq Index DELAY'!E10*'Impo Index DELAY'!E10 -> 25 | E10: ='Freq Index DELAY'!F10*'Impo Index DELAY'!F10 -> 12 | F10: ='Freq Index DELAY'!G10*'Impo Index DELAY'!G10 -> 6 | G10: ='Freq Index DELAY'!H10*'Impo Index DELAY'!H10 -> 25 | H10: ='Freq Index DELAY'!I10*'Impo Index DELAY'!I10 -> 25 | ... AK10: ='Freq Index DELAY'!AL10*'Impo Index DELAY'!AL10 -> 20
A11: ='Freq Index DELAY'!B11*'Impo Index DELAY'!B11 -> 9 | B11: ='Freq Index DELAY'!C11*'Impo Index DELAY'!C11 -> 4 | C11: ='Freq Index DELAY'!D11*'Impo Index DELAY'!D11 -> 25 | D11: ='Freq Index DELAY'!E11*'Impo Index DELAY'!E11 -> 16 | E11: ='Freq Index DELAY'!F11*'Impo Index DELAY'!F11 -> 9 | F11: ='Freq Index DELAY'!G11*'Impo Index DELAY'!G11 -> 9 | G11: ='Freq Index DELAY'!H11*'Impo Index DELAY'!H11 -> 25 | H11: ='Freq Index DELAY'!I11*'Impo Index DELAY'!I11 -> 16 | ... AK11: ='Freq Index DELAY'!AL11*'Impo Index DELAY'!AL11 -> 12
A12: ='Freq Index DELAY'!B12*'Impo Index DELAY'!B12 -> 12 | B12: ='Freq Index DELAY'!C12*'Impo Index DELAY'!C12 -> 8 | C12: ='Freq Index DELAY'!D12*'Impo Index DELAY'!D12 -> 8 | D12: ='Freq Index DELAY'!E12*'Impo Index DELAY'!E12 -> 6 | E12: ='Freq Index DELAY'!F12*'Impo Index DELAY'!F12 -> 12 | F12: ='Freq Index DELAY'!G12*'Impo Index DELAY'!G12 -> 20 | G12: ='Freq Index DELAY'!H12*'Impo Index DELAY'!H12 -> 6 | H12: ='Freq Index DELAY'!I12*'Impo Index DELAY'!I12 -> 6 | ... AK12: ='Freq Index DELAY'!AL12*'Impo Index DELAY'!AL12 -> 8
A13: ='Freq Index DELAY'!B13*'Impo Index DELAY'!B13 -> 2 | B13: ='Freq Index DELAY'!C13*'Impo Index DELAY'!C13 -> 2 | C13: ='Freq Index DELAY'!D13*'Impo Index DELAY'!D13 -> 3 | D13: ='Freq Index DELAY'!E13*'Impo Index DELAY'!E13 -> 3 | E13: ='Freq Index DELAY'!F13*'Impo Index DELAY'!F13 -> 3 | F13: ='Freq Index DELAY'!G13*'Impo Index DELAY'!G13 -> 4 | G13: ='Freq Index DELAY'!H13*'Impo Index DELAY'!H13 -> 5 | H13: ='Freq Index DELAY'!I13*'Impo Index DELAY'!I13 -> 5 | ... AK13: ='Freq Index DELAY'!AL13*'Impo Index DELAY'!AL13 -> 2
... A31: ='Freq Index DELAY'!B31*'Impo Index DELAY'!B31 -> 15 | B31: ='Freq Index DELAY'!C31*'Impo Index DELAY'!C31 -> 25 | C31: ='Freq Index DELAY'!D31*'Impo Index DELAY'!D31 -> 10 | D31: ='Freq Index DELAY'!E31*'Impo Index DELAY'!E31 -> 5 | E31: ='Freq Index DELAY'!F31*'Impo Index DELAY'!F31 -> 12 | F31: ='Freq Index DELAY'!G31*'Impo Index DELAY'!G31 -> 20 | G31: ='Freq Index DELAY'!H31*'Impo Index DELAY'!H31 -> 5 | H31: ='Freq Index DELAY'!I31*'Impo Index DELAY'!I31 -> 5 | ... AK31: ='Freq Index DELAY'!AL31*'Impo Index DELAY'!AL31 -> 12

Sheet Sheet3
